Workbook
Name Agency: #REF!
Name allocationlist: #REF!
Name Boolean: #REF!
Name Boolean_2: #REF!
Name bulist: #REF!
Name bulist: #REF!
Name bulist: #REF!
Name bulist: [1]BU!$C$4:$J$106
Name bulist: [1]BU!$C$4:$J$106
Name cobdata: '[2]2025 COB Estimates'!$B$4:$Z$145
Name cobdata: '[1]2025 COB Estimates'!$B$4:$Z$145
Name cobdata: '2025 COB Estimates'!$B$4:$Z$145
Name cobratio: [3]breakdown!$BE$6:$BQ$25
Name COBTABLE: '2026 COB breakdown_new'!$A$6:$AL$104
Name COBTABLE: '2026 COB breakdown_new'!$A$6:$AL$104
Name contactlist: #REF!
Name contactlist: #REF!
Name contactlist: #REF!
Name contactlist: '[1]contact list'!$C$3:$H$124
Name contactlist: '[1]contact list'!$C$3:$H$124
Name coreratio: '[3]OP8 PIF1 Analysis'!$C$4
Name coreratio: '[3]OP8 PIF1 Analysis'!$C$4
Name coreratio: '[3]OP8 PIF1 Analysis'!$C$4
Name coreratio: '[3]OP8 PIF1 Analysis'!$C$4
Name coreratio: breakdown!$J$6:$Q$25
Name coreratio2: breakdown!$AC$6:$AJ$25
Name coreratio3: breakdown!$AV$6:$BC$25
Name coreratio4: breakdown!$BO$6:$BV$25
Name Countries_in_part1_PIF: #REF!
Name Countries_in_part1_PIF: #REF!
Name countryexp: '[4]PIMS report'!$A$1:$Z$100
Name countrygrant: 'country project'!$C$5:$F$103
Name countrylist: #REF!
Name countrylist: #REF!
Name countrylist: '[4]PIMS budget_OP8 PIF1'!$A$3:$K$101
Name countrylist: #REF!
Name countrylist: '[1]PIMS budget_OP8 PIF1'!$A$3:$K$101
Name countrylist: '[1]PIMS budget_OP8 PIF1'!$A$3:$K$101
Name countrylistpif1: #REF!
Name COUNTRYLISTPIF1: '[5]country list_PIF 1'!$A$2:$C$100
Name COUNTRYLISTPIF1: '[5]country list_PIF 1'!$A$2:$C$100
Name COUNTRYLISTPIF1: '[5]country list_PIF 1'!$A$2:$C$100
Name COUNTRYLISTPIF1: '[5]country list_PIF 1'!$A$2:$C$100
Name COUNTRYLISTPIF1: '[5]country list_PIF 1'!$A$2:$C$100
Name COUNTRYLISTPIF1: '[5]country list_PIF 1'!$A$2:$C$100
Name COUNTRYLISTPIF1: '[5]country list_PIF 1'!$A$2:$C$100
Name COUNTRYLISTPIF1: '[5]country list_PIF 1'!$A$2:$C$100
Name COUNTRYLISTPIF1: '[5]country list_PIF 1'!$A$2:$C$100
Name COUNTRYLISTPIF1: '[5]country list_PIF 1'!$A$2:$C$100
Name COUNTRYLISTPIF1: '[5]country list_PIF 1'!$A$2:$C$100
Name COUNTRYLISTPIF1: '[5]country list_PIF 1'!$A$2:$C$100
Name COUNTRYLISTPIF1: '[5]country list_PIF 1'!$A$2:$C$100
Name COUNTRYLISTPIF1: '[5]country list_PIF 1'!$A$2:$C$100
Name COUNTRYLISTPIF1: '[5]country list_PIF 1'!$A$2:$C$100
Name COUNTRYLISTPIF1: '[5]country list_PIF 1'!$A$2:$C$100
Name COUNTRYLISTPIF1: '[5]country list_PIF 1'!$A$2:$C$100
Name COUNTRYLISTPIF1: '[5]country list_PIF 1'!$A$2:$C$100
Name COUNTRYLISTPIF1: '[5]country list_PIF 1'!$A$2:$C$100
Name COUNTRYLISTPIF1: '[5]country list_PIF 1'!$A$2:$C$100
Name COUNTRYLISTPIF1: '[5]country list_PIF 1'!$A$2:$C$100

Sheet global & 99 COs
A3: Quantum Outcome (GEF Component) | B3: Quantum Activity (GEF Output) | C3: Quantum UNDP(UNDP, IP) | D3: Quantum Fund ID | E3: Quantum Donor ID | F3: Output | G3: Expenditure Category GEF | H3: Quantum Budgetary Account Code | I3: Quantum Budget Account Description | J3: Amount Year 2025 | K3: Amount Year 2026 | L3: Amount Year 2027 | M3: Amount Year 2028 | N3: Total (USD) | O3: See Budget Note: (reference as number, not as letter)
A4: Component 1: Strategic Planning and Multi-Stakeholder Governance | B4: Outcome 1.1. Enabling environment strengthened for effective community-driven integrated approaches_CORE | C4: UNDP | D4: 62000 | E4: 10003 | F4: Outcome 1.1_CORE | G4: International Consultants | H4: 71200 | I4: International Consultants | J4: =global!J4+'4 RPA COs'!M4+'95 COs'!J8 -> 9336 | K4: =global!K4+'4 RPA COs'!N4+'95 COs'!K8 -> 9336 | L4: =global!L4+'4 RPA COs'!O4+'95 COs'!L8 -> 9336 | M4: =global!M4+'4 RPA COs'!P4+'95 COs'!M8 -> 9337 | N4: =SUM(J4:M4) -> 37345
F5: Outcome 1.1_CORE | G5: Local Consultants | H5: 71300 | I5: Local Consultants | J5: =global!J5+'4 RPA COs'!M5+'95 COs'!J9 -> 36956 | K5: =global!K5+'4 RPA COs'!N5+'95 COs'!K9 -> 37541 | L5: =global!L5+'4 RPA COs'!O5+'95 COs'!L9 -> 37523 | M5: =global!M5+'4 RPA COs'!P5+'95 COs'!M9 -> 37524 | N5: =SUM(J5:M5) -> 149544
F6: Outcome 1.1_CORE | G6: Contractual Services | H6: 71400 | I6: Contractual Services - Individ | J6: =global!J6+'4 RPA COs'!M6+'95 COs'!J10 -> 567651 | K6: =global!K6+'4 RPA COs'!N6+'95 COs'!K10 -> 576648 | L6: =global!L6+'4 RPA COs'!O6+'95 COs'!L10 -> 576384 | M6: =global!M6+'4 RPA COs'!P6+'95 COs'!M10 -> 576381 | N6: =SUM(J6:M6) -> 2297064
F7: Outcome 1.1_CORE | G7: Travel | H7: 71600 | I7: Travel | J7: =global!J7+'4 RPA COs'!M7+'95 COs'!J11 -> 60385 | K7: =global!K7+'4 RPA COs'!N7+'95 COs'!K11 -> 61342 | L7: =global!L7+'4 RPA COs'!O7+'95 COs'!L11 -> 61315 | M7: =global!M7+'4 RPA COs'!P7+'95 COs'!M11 -> 61312 | N7: =SUM(J7:M7) -> 244354
F8: Outcome 1.1_CORE | G8: Office Supplies | H8: 72500 | I8: Supplies | J8: =global!J8+'4 RPA COs'!M8+'95 COs'!J12 -> 2334 | K8: =global!K8+'4 RPA COs'!N8+'95 COs'!K12 -> 2370 | L8: =global!L8+'4 RPA COs'!O8+'95 COs'!L12 -> 2370 | M8: =global!M8+'4 RPA COs'!P8+'95 COs'!M12 -> 2368 | N8: =SUM(J8:M8) -> 9442
F9: Outcome 1.1_CORE | G9: Trainings, Workshops, Meetings | H9: 75700 | I9: Training, Workshops and Confer | J9: =global!J9+'4 RPA COs'!M9+'95 COs'!J13 -> 11812 | K9: =global!K9+'4 RPA COs'!N9+'95 COs'!K13 -> 12001 | L9: =global!L9+'4 RPA COs'!O9+'95 COs'!L13 -> 11995 | M9: =global!M9+'4 RPA COs'!P9+'95 COs'!M13 -> 11991 | N9: =SUM(J9:M9) -> 47799
F10: Outcome 1.1_CORE | G10: Salaries and Benefits | H10: 61200 | I10: Salaries Costs - GS Staff | J10: =global!J10+'4 RPA COs'!M10+'95 COs'!J14 -> 76136 | K10: =global!K10+'4 RPA COs'!N10+'95 COs'!K14 -> 76136 | L10: =global!L10+'4 RPA COs'!O10+'95 COs'!L14 -> 76136 | M10: =global!M10+'4 RPA COs'!P10+'95 COs'!M14 -> 76135 | N10: =SUM(J10:M10) -> 304543
F11: Outcome 1.1_CORE | G11: Salaries and Benefits | H11: 61300 | I11: Salary & Post Adj Cst-IP Staff | J11: =global!J11+'4 RPA COs'!M11+'95 COs'!J15 -> 139206 | K11: =global!K11+'4 RPA COs'!N11+'95 COs'!K15 -> 139206 | L11: =global!L11+'4 RPA COs'!O11+'95 COs'!L15 -> 139206 | M11: =global!M11+'4 RPA COs'!P11+'95 COs'!M15 -> 139205 | N11: =SUM(J11:M11) -> 556823
C12: Total UNDP | J12: =SUM(J4:J11) -> 903816 | K12: =SUM(K4:K11) -> 914580 | L12: =SUM(L4:L11) -> 914265 | M12: =SUM(M4:M11) -> 914253 | N12: =SUM(N4:N11) -> 3646914
B13: Total Outcome 1.1. Enabling environment strengthened for effective community-driven integrated approaches_CORE | J13: =J12 -> 903816 | K13: =K12 -> 914580 | L13: =L12 -> 914265 | M13: =M12 -> 914253 | N13: =N12 -> 3646914
B14: Outcome 1.1. Enabling environment strengthened for effective community-driven integrated approaches_STAR | C14: UNDP | D14: 62000 | E14: 10003 | F14: Outcome 1.1_STAR | G14: International Consultants | H14: 71200 | I14: International Consultants | J14: =global!J14+'4 RPA COs'!M14+'95 COs'!J18 -> 9688 | K14: =global!K14+'4 RPA COs'!N14+'95 COs'!K18 -> 9688 | L14: =global!L14+'4 RPA COs'!O14+'95 COs'!L18 -> 9688 | M14: =global!M14+'4 RPA COs'!P14+'95 COs'!M18 -> 9688 | N14: =SUM(J14:M14) -> 38752
F15: Outcome 1.1_STAR | G15: Local Consultants | H15: 71300 | I15: Local Consultants | J15: =global!J15+'4 RPA COs'!M15+'95 COs'!J19 -> 27525 | K15: =global!K15+'4 RPA COs'!N15+'95 COs'!K19 -> 42853 | L15: =global!L15+'4 RPA COs'!O15+'95 COs'!L19 -> 42401 | M15: =global!M15+'4 RPA COs'!P15+'95 COs'!M19 -> 42399 | N15: =SUM(J15:M15) -> 155178
F16: Outcome 1.1_STAR | G16: Contractual Services | H16: 71400 | I16: Contractual Services - Individ | J16: =global!J16+'4 RPA COs'!M16+'95 COs'!J20 -> 451472 | K16: =global!K16+'4 RPA COs'!N16+'95 COs'!K20 -> 647901 | L16: =global!L16+'4 RPA COs'!O16+'95 COs'!L20 -> 642124 | M16: =global!M16+'4 RPA COs'!P16+'95 COs'!M20 -> 642120 | N16: =SUM(J16:M16) -> 2383617
F17: Outcome 1.1_STAR | G17: Travel | H17: 71600 | I17: Travel | J17: =global!J17+'4 RPA COs'!M17+'95 COs'!J21 -> 44975 | K17: =global!K17+'4 RPA COs'!N17+'95 COs'!K21 -> 70019 | L17: =global!L17+'4 RPA COs'!O17+'95 COs'!L21 -> 69283 | M17: =global!M17+'4 RPA COs'!P17+'95 COs'!M21 -> 69284 | N17: =SUM(J17:M17) -> 253561
F18: Outcome 1.1_STAR | G18: Office Supplies | H18: 72500 | I18: Supplies | J18: =global!J18+'4 RPA COs'!M18+'95 COs'!J22 -> 1738 | K18: =global!K18+'4 RPA COs'!N18+'95 COs'!K22 -> 2705 | L18: =global!L18+'4 RPA COs'!O18+'95 COs'!L22 -> 2678 | M18: =global!M18+'4 RPA COs'!P18+'95 COs'!M22 -> 2676 | N18: =SUM(J18:M18) -> 9797
F19: Outcome 1.1_STAR | G19: Trainings, Workshops, Meetings | H19: 75700 | I19: Training, Workshops and Confer | J19: =global!J19+'4 RPA COs'!M19+'95 COs'!J23 -> 8798 | K19: =global!K19+'4 RPA COs'!N19+'95 COs'!K23 -> 13697 | L19: =global!L19+'4 RPA COs'!O19+'95 COs'!L23 -> 13553 | M19: =global!M19+'4 RPA COs'!P19+'95 COs'!M23 -> 13552 | N19: =SUM(J19:M19) -> 49600
F20: Outcome 1.1_STAR | G20: Salaries and Benefits | H20: 61200 | I20: Salaries Costs - GS Staff | J20: =global!J20+'4 RPA COs'!M20+'95 COs'!J24 -> 79005 | K20: =global!K20+'4 RPA COs'!N20+'95 COs'!K24 -> 79005 | L20: =global!L20+'4 RPA COs'!O20+'95 COs'!L24 -> 79005 | M20: =global!M20+'4 RPA COs'!P20+'95 COs'!M24 -> 79004 | N20: =SUM(J20:M20) -> 316019
F21: Outcome 1.1_STAR | G21: Salaries and Benefits | H21: 61300 | I21: Salary & Post Adj Cst-IP Staff | J21: =global!J21+'4 RPA COs'!M21+'95 COs'!J25 -> 144452 | K21: =global!K21+'4 RPA COs'!N21+'95 COs'!K25 -> 144452 | L21: =global!L21+'4 RPA COs'!O21+'95 COs'!L25 -> 144452 | M21: =global!M21+'4 RPA COs'!P21+'95 COs'!M25 -> 144450 | N21: =SUM(J21:M21) -> 577806
C22: Total UNDP | J22: =SUM(J14:J21) -> 767653 | K22: =SUM(K14:K21) -> 1010320 | L22: =SUM(L14:L21) -> 1003184 | M22: =SUM(M14:M21) -> 1003173 | N22: =SUM(N14:N21) -> 3784330
B23: Total Outcome 1.1. Enabling environment strengthened for effective community-driven integrated approaches_STAR | J23: =J22 -> 767653 | K23: =K22 -> 1010320 | L23: =L22 -> 1003184 | M23: =M22 -> 1003173 | N23: =N22 -> 3784330
A24: Total Component 1 | J24: =J13+J23 -> 1671469 | K24: =K13+K23 -> 1924900 | L24: =L13+L23 -> 1917449 | M24: =M13+M23 -> 1917426 | N24: =N13+N23 -> 7431244
A25: Component 2: Demand-driven grants to CSOs/CBOs (Grants) | B25: Outcome 2.1. Landscape-seascape strategic objectives advanced through community-led grants._CORE | C25: UNDP | D25: 62000 | E25: 10003 | F25: Outcome 2.1_CORE | G25: International Consultants | H25: 71200 | I25: International Consultants | J25: =global!J25+'4 RPA COs'!M25+'95 COs'!J29 -> 8984 | K25: =global!K25+'4 RPA COs'!N25+'95 COs'!K29 -> 8984 | L25: =global!L25+'4 RPA COs'!O25+'95 COs'!L29 -> 8984 | M25: =global!M25+'4 RPA COs'!P25+'95 COs'!M29 -> 8985 | N25: =SUM(J25:M25) -> 35937
F26: Outcome 2.1_CORE | G26: Local Consultants | H26: 71300 | I26: Local Consultants | J26: =global!J26+'4 RPA COs'!M26+'95 COs'!J30 -> 35562 | K26: =global!K26+'4 RPA COs'!N26+'95 COs'!K30 -> 36126 | L26: =global!L26+'4 RPA COs'!O26+'95 COs'!L30 -> 36108 | M26: =global!M26+'4 RPA COs'!P26+'95 COs'!M30 -> 36112 | N26: =SUM(J26:M26) -> 143908
F27: Outcome 2.1_CORE | G27: Contractual Services | H27: 71400 | I27: Contractual Services - Individ | J27: =global!J27+'4 RPA COs'!M27+'95 COs'!J31 -> 544728 | K27: =global!K27+'4 RPA COs'!N27+'95 COs'!K31 -> 553362 | L27: =global!L27+'4 RPA COs'!O27+'95 COs'!L31 -> 553107 | M27: =global!M27+'4 RPA COs'!P27+'95 COs'!M31 -> 553107 | N27: =SUM(J27:M27) -> 2204304
F28: Outcome 2.1_CORE | G28: Travel | H28: 71600 | I28: Travel | J28: =global!J28+'4 RPA COs'!M28+'95 COs'!J32 -> 1548 | K28: =global!K28+'4 RPA COs'!N28+'95 COs'!K32 -> 101408.89 | L28: =global!L28+'4 RPA COs'!O28+'95 COs'!L32 -> 1953 | M28: =global!M28+'4 RPA COs'!P28+'95 COs'!M32 -> 1956.11 | N28: =SUM(J28:M28) -> 106866
F29: Outcome 2.1_CORE | G29: Office Supplies | H29: 72500 | I29: Supplies | J29: =global!J29+'4 RPA COs'!M29+'95 COs'!J33 -> 2246 | K29: =global!K29+'4 RPA COs'!N29+'95 COs'!K33 -> 2282 | L29: =global!L29+'4 RPA COs'!O29+'95 COs'!L33 -> 2282 | M29: =global!M29+'4 RPA COs'!P29+'95 COs'!M33 -> 2277 | N29: =SUM(J29:M29) -> 9087
F30: Outcome 2.1_CORE | G30: Trainings, Workshops, Meetings | H30: 75700 | I30: Training, Workshops and Confer | J30: =global!J30+'4 RPA COs'!M30+'95 COs'!J34 -> 11367 | K30: =global!K30+'4 RPA COs'!N30+'95 COs'!K34 -> 11547 | L30: =global!L30+'4 RPA COs'!O30+'95 COs'!L34 -> 11541 | M30: =global!M30+'4 RPA COs'!P30+'95 COs'!M34 -> 11542 | N30: =SUM(J30:M30) -> 45997
F31: Outcome 2.1_CORE | G31: Salaries and Benefits | H31: 61200 | I31: Salaries Costs - GS Staff | J31: =global!J31+'4 RPA COs'!M31+'95 COs'!J35 -> 73266 | K31: =global!K31+'4 RPA COs'!N31+'95 COs'!K35 -> 73266 | L31: =global!L31+'4 RPA COs'!O31+'95 COs'!L35 -> 73266 | M31: =global!M31+'4 RPA COs'!P31+'95 COs'!M35 -> 73267 | N31: =SUM(J31:M31) -> 293065
F32: Outcome 2.1_CORE | G32: Salaries and Benefits | H32: 61300 | I32: Salary & Post Adj Cst-IP Staff | J32: =global!J32+'4 RPA COs'!M32+'95 COs'!J36 -> 133959 | K32: =global!K32+'4 RPA COs'!N32+'95 COs'!K36 -> 133959 | L32: =global!L32+'4 RPA COs'!O32+'95 COs'!L36 -> 133959 | M32: =global!M32+'4 RPA COs'!P32+'95 COs'!M36 -> 133959 | N32: =SUM(J32:M32) -> 535836
F33: Outcome 2.1_CORE | G33: Grants | H33: 72600 | I33: Grants | J33: =global!J33+'4 RPA COs'!M33+'95 COs'!J37 -> 4339772.7 | K33: =global!K33+'4 RPA COs'!N33+'95 COs'!K37 -> 18089999 | L33: =global!L33+'4 RPA COs'!O33+'95 COs'!L37 -> 15920112 | M33: =global!M33+'4 RPA COs'!P33+'95 COs'!M37 -> 6875115.8 | N33: =SUM(J33:M33) -> 45225000
C34: Total UNDP | J34: =SUM(J25:J33) -> 5151432.7 | K34: =SUM(K25:K33) -> 19010934 | L34: =SUM(L25:L33) -> 16741312 | M34: =SUM(M25:M33) -> 7696320.9 | N34: =SUM(N25:N33) -> 48600000
B35: Total Outcome 2.1. Landscape-seascape strategic objectives advanced through community-led grants._CORE | J35: =J34 -> 5151432.7 | K35: =K34 -> 19010934 | L35: =L34 -> 16741312 | M35: =M34 -> 7696320.9 | N35: =N34 -> 48600000
B36: Outcome 2.1. Landscape-seascape strategic objectives advanced through community-led grants._STAR | C36: UNDP | D36: 62000 | E36: 10003 | F36: Outcome 2.1_STAR | G36: International Consultants | H36: 71200 | I36: International Consultants | J36: =global!J36+'4 RPA COs'!M36+'95 COs'!J40 -> 9323 | K36: =global!K36+'4 RPA COs'!N36+'95 COs'!K40 -> 9323 | L36: =global!L36+'4 RPA COs'!O36+'95 COs'!L40 -> 9323 | M36: =global!M36+'4 RPA COs'!P36+'95 COs'!M40 -> 9322 | N36: =SUM(J36:M36) -> 37291
F37: Outcome 2.1_STAR | G37: Local Consultants | H37: 71300 | I37: Local Consultants | J37: =global!J37+'4 RPA COs'!M37+'95 COs'!J41 -> 26488 | K37: =global!K37+'4 RPA COs'!N37+'95 COs'!K41 -> 41238 | L37: =global!L37+'4 RPA COs'!O37+'95 COs'!L41 -> 40804 | M37: =global!M37+'4 RPA COs'!P37+'95 COs'!M41 -> 40801 | N37: =SUM(J37:M37) -> 149331
F38: Outcome 2.1_STAR | G38: Contractual Services | H38: 71400 | I38: Contractual Services - Individ | J38: =global!J38+'4 RPA COs'!M38+'95 COs'!J42 -> 433240 | K38: =global!K38+'4 RPA COs'!N38+'95 COs'!K42 -> 621737 | L38: =global!L38+'4 RPA COs'!O38+'95 COs'!L42 -> 616194 | M38: =global!M38+'4 RPA COs'!P38+'95 COs'!M42 -> 616191 | N38: =SUM(J38:M38) -> 2287362
F39: Outcome 2.1_STAR | G39: Travel | H39: 71600 | I39: Travel | J39: =global!J39+'4 RPA COs'!M39+'95 COs'!J43 -> 3956 | K39: =global!K39+'4 RPA COs'!N39+'95 COs'!K43 -> 77763.64 | L39: =global!L39+'4 RPA COs'!O39+'95 COs'!L43 -> 14587 | M39: =global!M39+'4 RPA COs'!P39+'95 COs'!M43 -> 14586.36 | N39: =SUM(J39:M39) -> 110893
F40: Outcome 2.1_STAR | G40: Office Supplies | H40: 72500 | I40: Supplies | J40: =global!J40+'4 RPA COs'!M40+'95 COs'!J44 -> 1672 | K40: =global!K40+'4 RPA COs'!N40+'95 COs'!K44 -> 2602 | L40: =global!L40+'4 RPA COs'!O40+'95 COs'!L44 -> 2576 | M40: =global!M40+'4 RPA COs'!P40+'95 COs'!M44 -> 2579 | N40: =SUM(J40:M40) -> 9429
F41: Outcome 2.1_STAR | G41: Trainings, Workshops, Meetings | H41: 75700 | I41: Training, Workshops and Confer | J41: =global!J41+'4 RPA COs'!M41+'95 COs'!J45 -> 8466 | K41: =global!K41+'4 RPA COs'!N41+'95 COs'!K45 -> 13180 | L41: =global!L41+'4 RPA COs'!O41+'95 COs'!L45 -> 13042 | M41: =global!M41+'4 RPA COs'!P41+'95 COs'!M45 -> 13042 | N41: =SUM(J41:M41) -> 47730
F42: Outcome 2.1_STAR | G42: Salaries and Benefits | H42: 61200 | I42: Salaries Costs - GS Staff | J42: =global!J42+'4 RPA COs'!M42+'95 COs'!J46 -> 76027 | K42: =global!K42+'4 RPA COs'!N42+'95 COs'!K46 -> 76027 | L42: =global!L42+'4 RPA COs'!O42+'95 COs'!L46 -> 76027 | M42: =global!M42+'4 RPA COs'!P42+'95 COs'!M46 -> 76027 | N42: =SUM(J42:M42) -> 304108
F43: Outcome 2.1_STAR | G43: Salaries and Benefits | H43: 61300 | I43: Salary & Post Adj Cst-IP Staff | J43: =global!J43+'4 RPA COs'!M43+'95 COs'!J47 -> 139007 | K43: =global!K43+'4 RPA COs'!N43+'95 COs'!K47 -> 139007 | L43: =global!L43+'4 RPA COs'!O43+'95 COs'!L47 -> 139007 | M43: =global!M43+'4 RPA COs'!P43+'95 COs'!M47 -> 139005.01 | N43: =SUM(J43:M43) -> 556026.01
F44: Outcome 2.1_STAR | G44: Grants | H44: 72600 | I44: Grants | J44: =global!J44+'4 RPA COs'!M44+'95 COs'!J48 -> 3659432.6 | K44: =global!K44+'4 RPA COs'!N44+'95 COs'!K48 -> 18771630 | L44: =global!L44+'4 RPA COs'!O44+'95 COs'!L48 -> 16941914 | M44: =global!M44+'4 RPA COs'!P44+'95 COs'!M48 -> 7556098.9 | N44: =SUM(J44:M44) -> 46929076
C45: Total UNDP | J45: =SUM(J36:J44) -> 4357611.6 | K45: =SUM(K36:K44) -> 19752508 | L45: =SUM(L36:L44) -> 17853474 | M45: =SUM(M36:M44) -> 8467652.3 | N45: =SUM(N36:N44) -> 50431246
B46: Total Outcome 2.1. Landscape-seascape strategic objectives advanced through community-led grants._STAR | J46: =J45 -> 4357611.6 | K46: =K45 -> 19752508 | L46: =L45 -> 17853474 | M46: =M45 -> 8467652.3 | N46: =N45 -> 50431246
A47: Total Component 2 | J47: =J35+J46 -> 9509044.3 | K47: =K35+K46 -> 38763442 | L47: =L35+L46 -> 34594787 | M47: =M35+M46 -> 16163973 | N47: =N35+N46 -> 99031246
A48: Component 3: Knowledge Management and Learning | B48: Outcome 3.1. Sustainability and impact of community-led collective action enhanced through knowledge management and learning approaches across landscapes-seascapes and regions._CORE | C48: UNDP | D48: 62000 | E48: 10003 | F48: Outcome 3.1_CORE | G48: International Consultants | H48: 71200 | I48: International Consultants | J48: =global!J48+'4 RPA COs'!M48+'95 COs'!J52 -> 4976 | K48: =global!K48+'4 RPA COs'!N48+'95 COs'!K52 -> 4976 | L48: =global!L48+'4 RPA COs'!O48+'95 COs'!L52 -> 4976 | M48: =global!M48+'4 RPA COs'!P48+'95 COs'!M52 -> 4976 | N48: =SUM(J48:M48) -> 19904
F49: Outcome 3.1_CORE | G49: Local Consultants | H49: 71300 | I49: Local Consultants | J49: =global!J49+'4 RPA COs'!M49+'95 COs'!J53 -> 19696 | K49: =global!K49+'4 RPA COs'!N49+'95 COs'!K53 -> 20008 | L49: =global!L49+'4 RPA COs'!O49+'95 COs'!L53 -> 19999 | M49: =global!M49+'4 RPA COs'!P49+'95 COs'!M53 -> 20000 | N49: =SUM(J49:M49) -> 79703
F50: Outcome 3.1_CORE | G50: Contractual Services | H50: 71400 | I50: Contractual Services - Individ | J50: =global!J50+'4 RPA COs'!M50+'95 COs'!J54 -> 296609 | K50: =global!K50+'4 RPA COs'!N50+'95 COs'!K54 -> 301310 | L50: =global!L50+'4 RPA COs'!O50+'95 COs'!L54 -> 301172 | M50: =global!M50+'4 RPA COs'!P50+'95 COs'!M54 -> 301172 | N50: =SUM(J50:M50) -> 1200263
F51: Outcome 3.1_CORE | G51: Travel | H51: 71600 | I51: Travel | J51: =global!J51+'4 RPA COs'!M51+'95 COs'!J55 -> 2474 | K51: =global!K51+'4 RPA COs'!N51+'95 COs'!K55 -> 221129.88 | L51: =global!L51+'4 RPA COs'!O51+'95 COs'!L55 -> 3350 | M51: =global!M51+'4 RPA COs'!P51+'95 COs'!M55 -> 3346.12 | N51: =SUM(J51:M51) -> 230300
F52: Outcome 3.1_CORE | G52: Office Supplies | H52: 72500 | I52: Supplies | J52: =global!J52+'4 RPA COs'!M52+'95 COs'!J56 -> 1244 | K52: =global!K52+'4 RPA COs'!N52+'95 COs'!K56 -> 1262 | L52: =global!L52+'4 RPA COs'!O52+'95 COs'!L56 -> 1262 | M52: =global!M52+'4 RPA COs'!P52+'95 COs'!M56 -> 1265 | N52: =SUM(J52:M52) -> 5033
F53: Outcome 3.1_CORE | G53: Travel | H53: 74500 | I53: Miscellaneous Expenses | J53: =global!J53+'4 RPA COs'!M53+'95 COs'!J57 -> 1295 | K53: =global!K53+'4 RPA COs'!N53+'95 COs'!K57 -> 1316 | L53: =global!L53+'4 RPA COs'!O53+'95 COs'!L57 -> 1316 | M53: =global!M53+'4 RPA COs'!P53+'95 COs'!M57 -> 1312 | N53: =SUM(J53:M53) -> 5239
F54: Outcome 3.1_CORE | G54: Trainings, Workshops, Meetings | H54: 75700 | I54: Training, Workshops and Confer | J54: =global!J54+'4 RPA COs'!M54+'95 COs'!J58 -> 6295 | K54: =global!K54+'4 RPA COs'!N54+'95 COs'!K58 -> 6394 | L54: =global!L54+'4 RPA COs'!O54+'95 COs'!L58 -> 6391 | M54: =global!M54+'4 RPA COs'!P54+'95 COs'!M58 -> 6395 | N54: =SUM(J54:M54) -> 25475
F55: Outcome 3.1_CORE | G55: Salaries and Benefits | H55: 61200 | I55: Salaries Costs - GS Staff | J55: =global!J55+'4 RPA COs'!M55+'95 COs'!J59 -> 40578 | K55: =global!K55+'4 RPA COs'!N55+'95 COs'!K59 -> 40578 | L55: =global!L55+'4 RPA COs'!O55+'95 COs'!L59 -> 40578 | M55: =global!M55+'4 RPA COs'!P55+'95 COs'!M59 -> 40578 | N55: =SUM(J55:M55) -> 162312
F56: Outcome 3.1_CORE | G56: Salaries and Benefits | H56: 61300 | I56: Salary & Post Adj Cst-IP Staff | J56: =global!J56+'4 RPA COs'!M56+'95 COs'!J60 -> 74193 | K56: =global!K56+'4 RPA COs'!N56+'95 COs'!K60 -> 74193 | L56: =global!L56+'4 RPA COs'!O56+'95 COs'!L60 -> 74193 | M56: =global!M56+'4 RPA COs'!P56+'95 COs'!M60 -> 74192 | N56: =SUM(J56:M56) -> 296771
C57: Total UNDP | J57: =SUM(J48:J56) -> 447360 | K57: =SUM(K48:K56) -> 671166.88 | L57: =SUM(L48:L56) -> 453237 | M57: =SUM(M48:M56) -> 453236.12 | N57: =SUM(N48:N56) -> 2025000
B58: Total Outcome 3.1. Sustainability and impact of community-led collective action enhanced through knowledge management and learning approaches across landscapes-seascapes and regions._CORE | J58: =J57 -> 447360 | K58: =K57 -> 671166.88 | L58: =L57 -> 453237 | M58: =M57 -> 453236.12 | N58: =N57 -> 2025000
B59: Outcome 3.1. Sustainability and impact of community-led collective action enhanced through knowledge management and learning approaches across landscapes-seascapes and regions._STAR | C59: UNDP | D59: 62000 | E59: 10003 | F59: Outcome 3.1_STAR | G59: International Consultants | H59: 71200 | I59: International Consultants | J59: =global!J59+'4 RPA COs'!M59+'95 COs'!J63 -> 5164 | K59: =global!K59+'4 RPA COs'!N59+'95 COs'!K63 -> 5164 | L59: =global!L59+'4 RPA COs'!O59+'95 COs'!L63 -> 5164 | M59: =global!M59+'4 RPA COs'!P59+'95 COs'!M63 -> 5163 | N59: =SUM(J59:M59) -> 20655
F60: Outcome 3.1_STAR | G60: Local Consultants | H60: 71300 | I60: Local Consultants | J60: =global!J60+'4 RPA COs'!M60+'95 COs'!J64 -> 14670 | K60: =global!K60+'4 RPA COs'!N60+'95 COs'!K64 -> 22839 | L60: =global!L60+'4 RPA COs'!O60+'95 COs'!L64 -> 22598 | M60: =global!M60+'4 RPA COs'!P60+'95 COs'!M64 -> 22599 | N60: =SUM(J60:M60) -> 82706
F61: Outcome 3.1_STAR | G61: Contractual Services | H61: 71400 | I61: Contractual Services - Individ | J61: =global!J61+'4 RPA COs'!M61+'95 COs'!J65 -> 235903 | K61: =global!K61+'4 RPA COs'!N61+'95 COs'!K65 -> 338540 | L61: =global!L61+'4 RPA COs'!O61+'95 COs'!L65 -> 335523 | M61: =global!M61+'4 RPA COs'!P61+'95 COs'!M65 -> 335523 | N61: =SUM(J61:M61) -> 1245489
F62: Outcome 3.1_STAR | G62: Travel | H62: 71600 | I62: Travel | J62: =global!J62+'4 RPA COs'!M62+'95 COs'!J66 -> 9379 | K62: =global!K62+'4 RPA COs'!N62+'95 COs'!K66 -> 165021.74 | L62: =global!L62+'4 RPA COs'!O62+'95 COs'!L66 -> 32288 | M62: =global!M62+'4 RPA COs'!P62+'95 COs'!M66 -> 32289.26 | N62: =SUM(J62:M62) -> 238978
F63: Outcome 3.1_STAR | G63: Office Supplies | H63: 72500 | I63: Supplies | J63: =global!J63+'4 RPA COs'!M63+'95 COs'!J67 -> 927 | K63: =global!K63+'4 RPA COs'!N63+'95 COs'!K67 -> 1442 | L63: =global!L63+'4 RPA COs'!O63+'95 COs'!L67 -> 1426 | M63: =global!M63+'4 RPA COs'!P63+'95 COs'!M67 -> 1427 | N63: =SUM(J63:M63) -> 5222
F64: Outcome 3.1_STAR | G64: Travel | H64: 74500 | I64: Miscellaneous Expenses | J64: =global!J64+'4 RPA COs'!M64+'95 COs'!J68 -> 964 | K64: =global!K64+'4 RPA COs'!N64+'95 COs'!K68 -> 1500 | L64: =global!L64+'4 RPA COs'!O64+'95 COs'!L68 -> 1485 | M64: =global!M64+'4 RPA COs'!P64+'95 COs'!M68 -> 1488 | N64: =SUM(J64:M64) -> 5437
F65: Outcome 3.1_STAR | G65: Trainings, Workshops, Meetings | H65: 75700 | I65: Training, Workshops and Confer | J65: =global!J65+'4 RPA COs'!M65+'95 COs'!J69 -> 4689 | K65: =global!K65+'4 RPA COs'!N65+'95 COs'!K69 -> 7300 | L65: =global!L65+'4 RPA COs'!O65+'95 COs'!L69 -> 7224 | M65: =global!M65+'4 RPA COs'!P65+'95 COs'!M69 -> 7222 | N65: =SUM(J65:M65) -> 26435
F66: Outcome 3.1_STAR | G66: Salaries and Benefits | H66: 61200 | I66: Salaries Costs - GS Staff | J66: =global!J66+'4 RPA COs'!M66+'95 COs'!J70 -> 42107 | K66: =global!K66+'4 RPA COs'!N66+'95 COs'!K70 -> 42107 | L66: =global!L66+'4 RPA COs'!O66+'95 COs'!L70 -> 42107 | M66: =global!M66+'4 RPA COs'!P66+'95 COs'!M70 -> 42107 | N66: =SUM(J66:M66) -> 168428
F67: Outcome 3.1_STAR | G67: Salaries and Benefits | H67: 61300 | I67: Salary & Post Adj Cst-IP Staff | J67: =global!J67+'4 RPA COs'!M67+'95 COs'!J71 -> 76988 | K67: =global!K67+'4 RPA COs'!N67+'95 COs'!K71 -> 76988 | L67: =global!L67+'4 RPA COs'!O67+'95 COs'!L71 -> 76988 | M67: =global!M67+'4 RPA COs'!P67+'95 COs'!M71 -> 76988 | N67: =SUM(J67:M67) -> 307952
C68: Total UNDP | J68: =SUM(J59:J67) -> 390791 | K68: =SUM(K59:K67) -> 660901.74 | L68: =SUM(L59:L67) -> 524803 | M68: =SUM(M59:M67) -> 524806.26 | N68: =SUM(N59:N67) -> 2101302
B69: Total Outcome 3.1. Sustainability and impact of community-led collective action enhanced through knowledge management and learning approaches across landscapes-seascapes and regions._STAR | J69: =J68 -> 390791 | K69: =K68 -> 660901.74 | L69: =L68 -> 524803 | M69: =M68 -> 524806.26 | N69: =N68 -> 2101302
A70: Total Component 3 | J70: =J58+J69 -> 838151 | K70: =K58+K69 -> 1332068.6 | L70: =L58+L69 -> 978040 | M70: =M58+M69 -> 978042.38 | N70: =N58+N69 -> 4126302
A71: Component 4: Monitoring & Evaluation | B71: Outcome 4.1. Scale, durability and impact of locally-led community action strengthend through monitoring, evaluation and evidence-based learning._CORE | C71: UNDP | D71: 62000 | E71: 10003 | F71: Outcome 4.1_CORE | G71: International Consultants | H71: 71200 | I71: International Consultants | J71: =global!J71+'4 RPA COs'!M71+'95 COs'!J75 -> 9045 | K71: =global!K71+'4 RPA COs'!N71+'95 COs'!K75 -> 9045 | L71: =global!L71+'4 RPA COs'!O71+'95 COs'!L75 -> 9045 | M71: =global!M71+'4 RPA COs'!P71+'95 COs'!M75 -> 9046 | N71: =SUM(J71:M71) -> 36181
F72: Outcome 4.1_CORE | G72: Local Consultants | H72: 71300 | I72: Local Consultants | J72: =global!J72+'4 RPA COs'!M72+'95 COs'!J76 -> 35669 | K72: =global!K72+'4 RPA COs'!N72+'95 COs'!K76 -> 36233 | L72: =global!L72+'4 RPA COs'!O72+'95 COs'!L76 -> 36218 | M72: =global!M72+'4 RPA COs'!P72+'95 COs'!M76 -> 36218 | N72: =SUM(J72:M72) -> 144338
F73: Outcome 4.1_CORE | G73: Contractual Services | H73: 71400 | I73: Contractual Services - Individ | J73: =global!J73+'4 RPA COs'!M73+'95 COs'!J77 -> 100621 | K73: =global!K73+'4 RPA COs'!N73+'95 COs'!K77 -> 102217 | L73: =global!L73+'4 RPA COs'!O73+'95 COs'!L77 -> 102169 | M73: =global!M73+'4 RPA COs'!P73+'95 COs'!M77 -> 102168 | N73: =SUM(J73:M73) -> 407175
F74: Outcome 4.1_CORE | G74: Travel | H74: 71600 | I74: Travel | J74: =global!J74+'4 RPA COs'!M74+'95 COs'!J78 -> 60936 | K74: =global!K74+'4 RPA COs'!N74+'95 COs'!K78 -> 348743.88 | L74: =global!L74+'4 RPA COs'!O74+'95 COs'!L78 -> 62973 | M74: =global!M74+'4 RPA COs'!P74+'95 COs'!M78 -> 62974.12 | N74: =SUM(J74:M74) -> 535627
F75: Outcome 4.1_CORE | G75: Other Operating Costs | H75: 72100 | I75: Contractual Services-Companies | J75: =global!J75+'4 RPA COs'!M75+'95 COs'!J79 -> 41015 | K75: =global!K75+'4 RPA COs'!N75+'95 COs'!K79 -> 41015 | L75: =global!L75+'4 RPA COs'!O75+'95 COs'!L79 -> 41015 | M75: =global!M75+'4 RPA COs'!P75+'95 COs'!M79 -> 41014 | N75: =SUM(J75:M75) -> 164059
F76: Outcome 4.1_CORE | G76: Office Supplies | H76: 72500 | I76: Supplies | J76: =global!J76+'4 RPA COs'!M76+'95 COs'!J80 -> 11261 | K76: =global!K76+'4 RPA COs'!N76+'95 COs'!K80 -> 11441 | L76: =global!L76+'4 RPA COs'!O76+'95 COs'!L80 -> 11435 | M76: =global!M76+'4 RPA COs'!P76+'95 COs'!M80 -> 11432 | N76: =SUM(J76:M76) -> 45569
F77: Outcome 4.1_CORE | G77: Travel | H77: 74500 | I77: Miscellaneous Expenses | J77: =global!J77+'4 RPA COs'!M77+'95 COs'!J81 -> 32519 | K77: =global!K77+'4 RPA COs'!N77+'95 COs'!K81 -> 200782.9 | L77: =global!L77+'4 RPA COs'!O77+'95 COs'!L81 -> 33662 | M77: =global!M77+'4 RPA COs'!P77+'95 COs'!M81 -> 33663.1 | N77: =SUM(J77:M77) -> 300627
F78: Outcome 4.1_CORE | G78: Trainings, Workshops, Meetings | H78: 75700 | I78: Training, Workshops and Confer | J78: =global!J78+'4 RPA COs'!M78+'95 COs'!J82 -> 19068 | K78: =global!K78+'4 RPA COs'!N78+'95 COs'!K82 -> 176693.13 | L78: =global!L78+'4 RPA COs'!O78+'95 COs'!L82 -> 19965 | M78: =global!M78+'4 RPA COs'!P78+'95 COs'!M82 -> 19962.87 | N78: =SUM(J78:M78) -> 235689
F79: Outcome 4.1_CORE | G79: Salaries and Benefits | H79: 61300 | I79: Salary & Post Adj Cst-IP Staff | J79: =global!J79+'4 RPA COs'!M79+'95 COs'!J83 -> 38934 | K79: =global!K79+'4 RPA COs'!N79+'95 COs'!K83 -> 38934 | L79: =global!L79+'4 RPA COs'!O79+'95 COs'!L83 -> 38934 | M79: =global!M79+'4 RPA COs'!P79+'95 COs'!M83 -> 38933 | N79: =SUM(J79:M79) -> 155735
C80: Total UNDP | J80: =SUM(J71:J79) -> 349068 | K80: =SUM(K71:K79) -> 965104.91 | L80: =SUM(L71:L79) -> 355416 | M80: =SUM(M71:M79) -> 355411.09 | N80: =SUM(N71:N79) -> 2025000
B81: Total Outcome 4.1. Scale, durability and impact of locally-led community action strengthend through monitoring, evaluation and evidence-based learning._CORE | J81: =J80 -> 349068 | K81: =K80 -> 965104.91 | L81: =L80 -> 355416 | M81: =M80 -> 355411.09 | N81: =N80 -> 2025000
B82: Outcome 4.1. Scale, durability and impact of locally-led community action strengthend through monitoring, evaluation and evidence-based learning._STAR | C82: UNDP | D82: 62000 | E82: 10003 | F82: Outcome 4.1_STAR | G82: International Consultants | H82: 71200 | I82: International Consultants | J82: =global!J82+'4 RPA COs'!M82+'95 COs'!J86 -> 9386 | K82: =global!K82+'4 RPA COs'!N82+'95 COs'!K86 -> 9386 | L82: =global!L82+'4 RPA COs'!O82+'95 COs'!L86 -> 9386 | M82: =global!M82+'4 RPA COs'!P82+'95 COs'!M86 -> 9386 | N82: =SUM(J82:M82) -> 37544
F83: Outcome 4.1_STAR | G83: Local Consultants | H83: 71300 | I83: Local Consultants | J83: =global!J83+'4 RPA COs'!M83+'95 COs'!J87 -> 26567 | K83: =global!K83+'4 RPA COs'!N83+'95 COs'!K87 -> 41361 | L83: =global!L83+'4 RPA COs'!O83+'95 COs'!L87 -> 40926 | M83: =global!M83+'4 RPA COs'!P83+'95 COs'!M87 -> 40922 | N83: =SUM(J83:M83) -> 149776
F84: Outcome 4.1_STAR | G84: Contractual Services | H84: 71400 | I84: Contractual Services - Individ | J84: =global!J84+'4 RPA COs'!M84+'95 COs'!J88 -> 80027 | K84: =global!K84+'4 RPA COs'!N84+'95 COs'!K88 -> 114847 | L84: =global!L84+'4 RPA COs'!O84+'95 COs'!L88 -> 113822 | M84: =global!M84+'4 RPA COs'!P84+'95 COs'!M88 -> 113821 | N84: =SUM(J84:M84) -> 422517
F85: Outcome 4.1_STAR | G85: Travel | H85: 71600 | I85: Travel | J85: =global!J85+'4 RPA COs'!M85+'95 COs'!J89 -> 59303 | K85: =global!K85+'4 RPA COs'!N85+'95 COs'!K89 -> 271335.87 | L85: =global!L85+'4 RPA COs'!O85+'95 COs'!L89 -> 112585 | M85: =global!M85+'4 RPA COs'!P85+'95 COs'!M89 -> 112585.13 | N85: =SUM(J85:M85) -> 555809
F86: Outcome 4.1_STAR | G86: Other Operating Costs | H86: 72100 | I86: Contractual Services-Companies | J86: =global!J86+'4 RPA COs'!M86+'95 COs'!J90 -> 42560 | K86: =global!K86+'4 RPA COs'!N86+'95 COs'!K90 -> 42560 | L86: =global!L86+'4 RPA COs'!O86+'95 COs'!L90 -> 42560 | M86: =global!M86+'4 RPA COs'!P86+'95 COs'!M90 -> 42560 | N86: =SUM(J86:M86) -> 170240
F87: Outcome 4.1_STAR | G87: Office Supplies | H87: 72500 | I87: Supplies | J87: =global!J87+'4 RPA COs'!M87+'95 COs'!J91 -> 8388 | K87: =global!K87+'4 RPA COs'!N87+'95 COs'!K91 -> 13059 | L87: =global!L87+'4 RPA COs'!O87+'95 COs'!L91 -> 12921 | M87: =global!M87+'4 RPA COs'!P87+'95 COs'!M91 -> 12919 | N87: =SUM(J87:M87) -> 47287
F88: Outcome 4.1_STAR | G88: Travel | H88: 74500 | I88: Miscellaneous Expenses | J88: =global!J88+'4 RPA COs'!M88+'95 COs'!J92 -> 30943 | K88: =global!K88+'4 RPA COs'!N88+'95 COs'!K92 -> 159314.17 | L88: =global!L88+'4 RPA COs'!O88+'95 COs'!L92 -> 60848 | M88: =global!M88+'4 RPA COs'!P88+'95 COs'!M92 -> 60849.83 | N88: =SUM(J88:M88) -> 311955
F89: Outcome 4.1_STAR | G89: Trainings, Workshops, Meetings | H89: 75700 | I89: Training, Workshops and Confer | J89: =global!J89+'4 RPA COs'!M89+'95 COs'!J93 -> 20507 | K89: =global!K89+'4 RPA COs'!N89+'95 COs'!K93 -> 136159.28 | L89: =global!L89+'4 RPA COs'!O89+'95 COs'!L93 -> 43952 | M89: =global!M89+'4 RPA COs'!P89+'95 COs'!M93 -> 43950.72 | N89: =SUM(J89:M89) -> 244569
F90: Outcome 4.1_STAR | G90: Salaries and Benefits | H90: 61300 | I90: Salary & Post Adj Cst-IP Staff | J90: =global!J90+'4 RPA COs'!M90+'95 COs'!J94 -> 40401 | K90: =global!K90+'4 RPA COs'!N90+'95 COs'!K94 -> 40401 | L90: =global!L90+'4 RPA COs'!O90+'95 COs'!L94 -> 40401 | M90: =global!M90+'4 RPA COs'!P90+'95 COs'!M94 -> 40402 | N90: =SUM(J90:M90) -> 161605
C91: Total UNDP | J91: =SUM(J82:J90) -> 318082 | K91: =SUM(K82:K90) -> 828423.32 | L91: =SUM(L82:L90) -> 477401 | M91: =SUM(M82:M90) -> 477395.68 | N91: =SUM(N82:N90) -> 2101302
B92: Total Outcome 4.1. Scale, durability and impact of locally-led community action strengthend through monitoring, evaluation and evidence-based learning._STAR | J92: =J91 -> 318082 | K92: =K91 -> 828423.32 | L92: =L91 -> 477401 | M92: =M91 -> 477395.68 | N92: =N91 -> 2101302
A93: Total Component 4 | J93: =J81+J92 -> 667150 | K93: =K81+K92 -> 1793528.2 | L93: =L81+L92 -> 832817 | M93: =M81+M92 -> 832806.77 | N93: =N81+N92 -> 4126302
A94: Project Management Cost (PMC) | B94: PMC_CORE | C94: UNDP | D94: 62000 | E94: 10003 | F94: PMC_CORE | G94: Contractual Services | H94: 71400 | I94: Contractual Services - Individ | J94: =global!J94+'4 RPA COs'!M94+'95 COs'!J98 -> 628965 | K94: =global!K94+'4 RPA COs'!N94+'95 COs'!K98 -> 638934 | L94: =global!L94+'4 RPA COs'!O94+'95 COs'!L98 -> 638640 | M94: =global!M94+'4 RPA COs'!P94+'95 COs'!M98 -> 638639 | N94: =SUM(J94:M94) -> 2545178
F95: PMC_CORE | G95: Travel | H95: 71600 | I95: Travel | J95: =global!J95+'4 RPA COs'!M95+'95 COs'!J99 -> 61425 | K95: =global!K95+'4 RPA COs'!N95+'95 COs'!K99 -> 62397 | L95: =global!L95+'4 RPA COs'!O95+'95 COs'!L99 -> 62370 | M95: =global!M95+'4 RPA COs'!P95+'95 COs'!M99 -> 62369 | N95: =SUM(J95:M95) -> 248561
F96: PMC_CORE | G96: Other Operating Costs | H96: 72200 | I96: Equipment and Furniture | J96: =global!J96+'4 RPA COs'!M96+'95 COs'!J100 -> 2459 | K96: =global!K96+'4 RPA COs'!N96+'95 COs'!K100 -> 10466.44 | L96: =global!L96+'4 RPA COs'!O96+'95 COs'!L100 -> 2528 | M96: =global!M96+'4 RPA COs'!P96+'95 COs'!M100 -> 2528.56 | N96: =SUM(J96:M96) -> 17982
F97: PMC_CORE | G97: Other Operating Costs | H97: 72300 | I97: Materials & Goods | J97: =global!J97+'4 RPA COs'!M97+'95 COs'!J101 -> 10843 | K97: =global!K97+'4 RPA COs'!N97+'95 COs'!K101 -> 10843 | L97: =global!L97+'4 RPA COs'!O97+'95 COs'!L101 -> 10843 | M97: =global!M97+'4 RPA COs'!P97+'95 COs'!M101 -> 10841 | N97: =SUM(J97:M97) -> 43370
F98: PMC_CORE | G98: Other Operating Costs | H98: 72400 | I98: Communic & Audio Visual Equip | J98: =global!J98+'4 RPA COs'!M98+'95 COs'!J102 -> 17504 | K98: =global!K98+'4 RPA COs'!N98+'95 COs'!K102 -> 74509.87 | L98: =global!L98+'4 RPA COs'!O98+'95 COs'!L102 -> 17990 | M98: =global!M98+'4 RPA COs'!P98+'95 COs'!M102 -> 17991.13 | N98: =SUM(J98:M98) -> 127995
F99: PMC_CORE | G99: Office Supplies | H99: 72500 | I99: Supplies | J99: =global!J99+'4 RPA COs'!M99+'95 COs'!J103 -> 8282 | K99: =global!K99+'4 RPA COs'!N99+'95 COs'!K103 -> 90620.73 | L99: =global!L99+'4 RPA COs'!O99+'95 COs'!L103 -> 8726 | M99: =global!M99+'4 RPA COs'!P99+'95 COs'!M103 -> 8721.27 | N99: =SUM(J99:M99) -> 116350
F100: PMC_CORE | G100: Other Operating Costs | H100: 72800 | I100: Information Technology Equipmt | J100: =global!J100+'4 RPA COs'!M100+'95 COs'!J104 -> 11164 | K100: =global!K100+'4 RPA COs'!N100+'95 COs'!K104 -> 47518.52 | L100: =global!L100+'4 RPA COs'!O100+'95 COs'!L104 -> 11473 | M100: =global!M100+'4 RPA COs'!P100+'95 COs'!M104 -> 11474.48 | N100: =SUM(J100:M100) -> 81630
F101: PMC_CORE | G101: Premises (Office rental) | H101: 73100 | I101: Rental & Maintenance-Premises | J101: =global!J101+'4 RPA COs'!M101+'95 COs'!J105 -> 143738 | K101: =global!K101+'4 RPA COs'!N101+'95 COs'!K105 -> 611858.41 | L101: =global!L101+'4 RPA COs'!O101+'95 COs'!L105 -> 147734 | M101: =global!M101+'4 RPA COs'!P101+'95 COs'!M105 -> 147733.59 | N101: =SUM(J101:M101) -> 1051064
F102: PMC_CORE | G102: Other Operating Costs | H102: 73400 | I102: Rental & Maint of Other Equip | J102: =global!J102+'4 RPA COs'!M102+'95 COs'!J106 -> 8451 | K102: =global!K102+'4 RPA COs'!N102+'95 COs'!K106 -> 35973.24 | L102: =global!L102+'4 RPA COs'!O102+'95 COs'!L106 -> 8685 | M102: =global!M102+'4 RPA COs'!P102+'95 COs'!M106 -> 8683.76 | N102: =SUM(J102:M102) -> 61793
...

Sheet global
I1: Grant | J1: 0.1 | K1: 0.4 | L1: 0.35 | M1: 0.15 | N1: 1
I2: Non-grant | J2: 0.25 | K2: 0.25 | L2: 0.25 | M2: 0.25 | N2: 1
A3: Quantum Outcome (GEF Component) | B3: Quantum Activity (GEF Output) | C3: Quantum UNDP(UNDP, IP) | D3: Quantum Fund ID | E3: Quantum Donor ID | F3: Output | G3: Expenditure Category GEF | H3: Quantum Budgetary Account Code | I3: Quantum Budget Account Description | J3: Amount Year 2025 | K3: Amount Year 2026 | L3: Amount Year 2027 | M3: Amount Year 2028 | N3: Total (USD) | O3: See Budget Note: (reference as number, not as letter)
A4: Component 1: Strategic Planning and Multi-Stakeholder Governance | B4: Outcome 1.1. Enabling environment strengthened for effective community-driven integrated approaches_CORE | C4: UNDP | D4: 62000 | E4: 10003 | F4: Outcome 1.1_CORE | G4: International Consultants | H4: 71200 | I4: International Consultants | J4: =ROUND($N4*J$2,0) -> 9336 | K4: =ROUND($N4*K$2,0) -> 9336 | L4: =ROUND($N4*L$2,0) -> 9336 | M4: =N4-SUM(J4:L4) -> 9337 | N4: ='TBWP_OP8 part 1_CORE&STAR'!N4-'4 RPA COs'!Q4-'95 COs'!N8 -> 37345
F5: Outcome 1.1_CORE | G5: Local Consultants | H5: 71300 | I5: Local Consultants | J5: =ROUND($N5*J$2,0) -> 36956 | K5: =ROUND($N5*K$2,0) -> 36956 | L5: =ROUND($N5*L$2,0) -> 36956 | M5: =N5-SUM(J5:L5) -> 36954 | N5: ='TBWP_OP8 part 1_CORE&STAR'!N5-'4 RPA COs'!Q5-'95 COs'!N9 -> 147822
F6: Outcome 1.1_CORE | G6: Contractual Services | H6: 71400 | I6: Contractual Services - Individ | J6: =ROUND($N6*J$2,0) -> 567651 | K6: =ROUND($N6*K$2,0) -> 567651 | L6: =ROUND($N6*L$2,0) -> 567651 | M6: =N6-SUM(J6:L6) -> 567651 | N6: ='TBWP_OP8 part 1_CORE&STAR'!N6-'4 RPA COs'!Q6-'95 COs'!N10 -> 2270604
F7: Outcome 1.1_CORE | G7: Travel | H7: 71600 | I7: Travel | J7: =ROUND($N7*J$2,0) -> 60385 | K7: =ROUND($N7*K$2,0) -> 60385 | L7: =ROUND($N7*L$2,0) -> 60385 | M7: =N7-SUM(J7:L7) -> 60385 | N7: ='TBWP_OP8 part 1_CORE&STAR'!N7-'4 RPA COs'!Q7-'95 COs'!N11 -> 241540
F8: Outcome 1.1_CORE | G8: Office Supplies | H8: 72500 | I8: Supplies | J8: =ROUND($N8*J$2,0) -> 2334 | K8: =ROUND($N8*K$2,0) -> 2334 | L8: =ROUND($N8*L$2,0) -> 2334 | M8: =N8-SUM(J8:L8) -> 2332 | N8: ='TBWP_OP8 part 1_CORE&STAR'!N8-'4 RPA COs'!Q8-'95 COs'!N12 -> 9334
F9: Outcome 1.1_CORE | G9: Trainings, Workshops, Meetings | H9: 75700 | I9: Training, Workshops and Confer | J9: =ROUND($N9*J$2,0) -> 11812 | K9: =ROUND($N9*K$2,0) -> 11812 | L9: =ROUND($N9*L$2,0) -> 11812 | M9: =N9-SUM(J9:L9) -> 11811 | N9: ='TBWP_OP8 part 1_CORE&STAR'!N9-'4 RPA COs'!Q9-'95 COs'!N13 -> 47247
F10: Outcome 1.1_CORE | G10: Salaries and Benefits | H10: 61200 | I10: Salaries Costs - GS Staff | J10: =ROUND($N10*J$2,0) -> 76136 | K10: =ROUND($N10*K$2,0) -> 76136 | L10: =ROUND($N10*L$2,0) -> 76136 | M10: =N10-SUM(J10:L10) -> 76135 | N10: ='TBWP_OP8 part 1_CORE&STAR'!N10-'4 RPA COs'!Q10-'95 COs'!N14 -> 304543
F11: Outcome 1.1_CORE | G11: Salaries and Benefits | H11: 61300 | I11: Salary & Post Adj Cst-IP Staff | J11: =ROUND($N11*J$2,0) -> 139206 | K11: =ROUND($N11*K$2,0) -> 139206 | L11: =ROUND($N11*L$2,0) -> 139206 | M11: =N11-SUM(J11:L11) -> 139205 | N11: ='TBWP_OP8 part 1_CORE&STAR'!N11-'4 RPA COs'!Q11-'95 COs'!N15 -> 556823
C12: Total UNDP | J12: =SUM(J4:J11) -> 903816 | K12: =SUM(K4:K11) -> 903816 | L12: =SUM(L4:L11) -> 903816 | M12: =SUM(M4:M11) -> 903810 | N12: =SUM(N4:N11) -> 3615258
B13: Total Outcome 1.1. Enabling environment strengthened for effective community-driven integrated approaches_CORE | J13: =J12 -> 903816 | K13: =K12 -> 903816 | L13: =L12 -> 903816 | M13: =M12 -> 903810 | N13: =N12 -> 3615258
B14: Outcome 1.1. Enabling environment strengthened for effective community-driven integrated approaches_STAR | C14: UNDP | D14: 62000 | E14: 10003 | F14: Outcome 1.1_STAR | G14: International Consultants | H14: 71200 | I14: International Consultants | J14: =ROUND($N14*J$2,0) -> 9688 | K14: =ROUND($N14*K$2,0) -> 9688 | L14: =ROUND($N14*L$2,0) -> 9688 | M14: =N14-SUM(J14:L14) -> 9688 | N14: ='TBWP_OP8 part 1_CORE&STAR'!N14-'4 RPA COs'!Q14-'95 COs'!N18 -> 38752
F15: Outcome 1.1_STAR | G15: Local Consultants | H15: 71300 | I15: Local Consultants | J15: =ROUND($N15*J$2,0) -> 27525 | K15: =ROUND($N15*K$2,0) -> 27525 | L15: =ROUND($N15*L$2,0) -> 27525 | M15: =N15-SUM(J15:L15) -> 27524 | N15: ='TBWP_OP8 part 1_CORE&STAR'!N15-'4 RPA COs'!Q15-'95 COs'!N19 -> 110099
F16: Outcome 1.1_STAR | G16: Contractual Services | H16: 71400 | I16: Contractual Services - Individ | J16: =ROUND($N16*J$2,0) -> 451472 | K16: =ROUND($N16*K$2,0) -> 451472 | L16: =ROUND($N16*L$2,0) -> 451472 | M16: =N16-SUM(J16:L16) -> 451470 | N16: ='TBWP_OP8 part 1_CORE&STAR'!N16-'4 RPA COs'!Q16-'95 COs'!N20 -> 1805886
F17: Outcome 1.1_STAR | G17: Travel | H17: 71600 | I17: Travel | J17: =ROUND($N17*J$2,0) -> 44975 | K17: =ROUND($N17*K$2,0) -> 44975 | L17: =ROUND($N17*L$2,0) -> 44975 | M17: =N17-SUM(J17:L17) -> 44976 | N17: ='TBWP_OP8 part 1_CORE&STAR'!N17-'4 RPA COs'!Q17-'95 COs'!N21 -> 179901
F18: Outcome 1.1_STAR | G18: Office Supplies | H18: 72500 | I18: Supplies | J18: =ROUND($N18*J$2,0) -> 1738 | K18: =ROUND($N18*K$2,0) -> 1738 | L18: =ROUND($N18*L$2,0) -> 1738 | M18: =N18-SUM(J18:L18) -> 1736 | N18: ='TBWP_OP8 part 1_CORE&STAR'!N18-'4 RPA COs'!Q18-'95 COs'!N22 -> 6950
F19: Outcome 1.1_STAR | G19: Trainings, Workshops, Meetings | H19: 75700 | I19: Training, Workshops and Confer | J19: =ROUND($N19*J$2,0) -> 8798 | K19: =ROUND($N19*K$2,0) -> 8798 | L19: =ROUND($N19*L$2,0) -> 8798 | M19: =N19-SUM(J19:L19) -> 8797 | N19: ='TBWP_OP8 part 1_CORE&STAR'!N19-'4 RPA COs'!Q19-'95 COs'!N23 -> 35191
F20: Outcome 1.1_STAR | G20: Salaries and Benefits | H20: 61200 | I20: Salaries Costs - GS Staff | J20: =ROUND($N20*J$2,0) -> 79005 | K20: =ROUND($N20*K$2,0) -> 79005 | L20: =ROUND($N20*L$2,0) -> 79005 | M20: =N20-SUM(J20:L20) -> 79004 | N20: ='TBWP_OP8 part 1_CORE&STAR'!N20-'4 RPA COs'!Q20-'95 COs'!N24 -> 316019
F21: Outcome 1.1_STAR | G21: Salaries and Benefits | H21: 61300 | I21: Salary & Post Adj Cst-IP Staff | J21: =ROUND($N21*J$2,0) -> 144452 | K21: =ROUND($N21*K$2,0) -> 144452 | L21: =ROUND($N21*L$2,0) -> 144452 | M21: =N21-SUM(J21:L21) -> 144450 | N21: ='TBWP_OP8 part 1_CORE&STAR'!N21-'4 RPA COs'!Q21-'95 COs'!N25 -> 577806
C22: Total UNDP | J22: =SUM(J14:J21) -> 767653 | K22: =SUM(K14:K21) -> 767653 | L22: =SUM(L14:L21) -> 767653 | M22: =SUM(M14:M21) -> 767645 | N22: =SUM(N14:N21) -> 3070604
B23: Total Outcome 1.1. Enabling environment strengthened for effective community-driven integrated approaches_STAR | J23: =J22 -> 767653 | K23: =K22 -> 767653 | L23: =L22 -> 767653 | M23: =M22 -> 767645 | N23: =N22 -> 3070604
A24: Total Component 1 | J24: =J13+J23 -> 1671469 | K24: =K13+K23 -> 1671469 | L24: =L13+L23 -> 1671469 | M24: =M13+M23 -> 1671455 | N24: =N13+N23 -> 6685862
A25: Component 2: Demand-driven grants to CSOs/CBOs (Grants) | B25: Outcome 2.1. Landscape-seascape strategic objectives advanced through community-led grants._CORE | C25: UNDP | D25: 62000 | E25: 10003 | F25: Outcome 2.1_CORE | G25: International Consultants | H25: 71200 | I25: International Consultants | J25: =ROUND($N25*J$2,0) -> 8984 | K25: =ROUND($N25*K$2,0) -> 8984 | L25: =ROUND($N25*L$2,0) -> 8984 | M25: =N25-SUM(J25:L25) -> 8985 | N25: ='TBWP_OP8 part 1_CORE&STAR'!N25-'4 RPA COs'!Q25-'95 COs'!N29 -> 35937
F26: Outcome 2.1_CORE | G26: Local Consultants | H26: 71300 | I26: Local Consultants | J26: =ROUND($N26*J$2,0) -> 35562 | K26: =ROUND($N26*K$2,0) -> 35562 | L26: =ROUND($N26*L$2,0) -> 35562 | M26: =N26-SUM(J26:L26) -> 35563 | N26: ='TBWP_OP8 part 1_CORE&STAR'!N26-'4 RPA COs'!Q26-'95 COs'!N30 -> 142249
F27: Outcome 2.1_CORE | G27: Contractual Services | H27: 71400 | I27: Contractual Services - Individ | J27: =ROUND($N27*J$2,0) -> 544728 | K27: =ROUND($N27*K$2,0) -> 544728 | L27: =ROUND($N27*L$2,0) -> 544728 | M27: =N27-SUM(J27:L27) -> 544728 | N27: ='TBWP_OP8 part 1_CORE&STAR'!N27-'4 RPA COs'!Q27-'95 COs'!N31 -> 2178912
F28: Outcome 2.1_CORE | G28: Travel | H28: 71600 | I28: Travel | J28: =ROUND($N28*J$2,0) -> 1548 | K28: =ROUND($N28*K$2,0) -> 1548 | L28: =ROUND($N28*L$2,0) -> 1548 | M28: =N28-SUM(J28:L28) -> 1548.11 | N28: ='TBWP_OP8 part 1_CORE&STAR'!N28-'4 RPA COs'!Q28-'95 COs'!N32 -> 6192.11
F29: Outcome 2.1_CORE | G29: Office Supplies | H29: 72500 | I29: Supplies | J29: =ROUND($N29*J$2,0) -> 2246 | K29: =ROUND($N29*K$2,0) -> 2246 | L29: =ROUND($N29*L$2,0) -> 2246 | M29: =N29-SUM(J29:L29) -> 2244 | N29: ='TBWP_OP8 part 1_CORE&STAR'!N29-'4 RPA COs'!Q29-'95 COs'!N33 -> 8982
F30: Outcome 2.1_CORE | G30: Trainings, Workshops, Meetings | H30: 75700 | I30: Training, Workshops and Confer | J30: =ROUND($N30*J$2,0) -> 11367 | K30: =ROUND($N30*K$2,0) -> 11367 | L30: =ROUND($N30*L$2,0) -> 11367 | M30: =N30-SUM(J30:L30) -> 11365 | N30: ='TBWP_OP8 part 1_CORE&STAR'!N30-'4 RPA COs'!Q30-'95 COs'!N34 -> 45466
F31: Outcome 2.1_CORE | G31: Salaries and Benefits | H31: 61200 | I31: Salaries Costs - GS Staff | J31: =ROUND($N31*J$2,0) -> 73266 | K31: =ROUND($N31*K$2,0) -> 73266 | L31: =ROUND($N31*L$2,0) -> 73266 | M31: =N31-SUM(J31:L31) -> 73267 | N31: ='TBWP_OP8 part 1_CORE&STAR'!N31-'4 RPA COs'!Q31-'95 COs'!N35 -> 293065
F32: Outcome 2.1_CORE | G32: Salaries and Benefits | H32: 61300 | I32: Salary & Post Adj Cst-IP Staff | J32: =ROUND($N32*J$2,0) -> 133959 | K32: =ROUND($N32*K$2,0) -> 133959 | L32: =ROUND($N32*L$2,0) -> 133959 | M32: =N32-SUM(J32:L32) -> 133959 | N32: ='TBWP_OP8 part 1_CORE&STAR'!N32-'4 RPA COs'!Q32-'95 COs'!N36 -> 535836
F33: Outcome 2.1_CORE | G33: Grants | H33: 72600 | I33: Grants | J33: =ROUND($N33*J$1,0) -> 0 | K33: =ROUND($N33*K$1,0) -> 0 | L33: =ROUND($N33*L$1,0) -> 0 | M33: =ROUND($N33*M$1,0) -> 0 | N33: ='TBWP_OP8 part 1_CORE&STAR'!N33-'4 RPA COs'!Q33-'95 COs'!N37 -> 0.18000002
C34: Total UNDP | J34: =SUM(J25:J33) -> 811660 | K34: =SUM(K25:K33) -> 811660 | L34: =SUM(L25:L33) -> 811660 | M34: =SUM(M25:M33) -> 811659.11 | N34: =SUM(N25:N33) -> 3246639.3
B35: Total Outcome 2.1. Landscape-seascape strategic objectives advanced through community-led grants._CORE | J35: =J34 -> 811660 | K35: =K34 -> 811660 | L35: =L34 -> 811660 | M35: =M34 -> 811659.11 | N35: =N34 -> 3246639.3
B36: Outcome 2.1. Landscape-seascape strategic objectives advanced through community-led grants._STAR | C36: UNDP | D36: 62000 | E36: 10003 | F36: Outcome 2.1_STAR | G36: International Consultants | H36: 71200 | I36: International Consultants | J36: =ROUND($N36*J$2,0) -> 9323 | K36: =ROUND($N36*K$2,0) -> 9323 | L36: =ROUND($N36*L$2,0) -> 9323 | M36: =N36-SUM(J36:L36) -> 9322 | N36: ='TBWP_OP8 part 1_CORE&STAR'!N36-'4 RPA COs'!Q36-'95 COs'!N40 -> 37291
F37: Outcome 2.1_STAR | G37: Local Consultants | H37: 71300 | I37: Local Consultants | J37: =ROUND($N37*J$2,0) -> 26488 | K37: =ROUND($N37*K$2,0) -> 26488 | L37: =ROUND($N37*L$2,0) -> 26488 | M37: =N37-SUM(J37:L37) -> 26486 | N37: ='TBWP_OP8 part 1_CORE&STAR'!N37-'4 RPA COs'!Q37-'95 COs'!N41 -> 105950
F38: Outcome 2.1_STAR | G38: Contractual Services | H38: 71400 | I38: Contractual Services - Individ | J38: =ROUND($N38*J$2,0) -> 433240 | K38: =ROUND($N38*K$2,0) -> 433240 | L38: =ROUND($N38*L$2,0) -> 433240 | M38: =N38-SUM(J38:L38) -> 433240 | N38: ='TBWP_OP8 part 1_CORE&STAR'!N38-'4 RPA COs'!Q38-'95 COs'!N42 -> 1732960
F39: Outcome 2.1_STAR | G39: Travel | H39: 71600 | I39: Travel | J39: =ROUND($N39*J$2,0) -> 3956 | K39: =ROUND($N39*K$2,0) -> 3956 | L39: =ROUND($N39*L$2,0) -> 3956 | M39: =N39-SUM(J39:L39) -> 3954.36 | N39: ='TBWP_OP8 part 1_CORE&STAR'!N39-'4 RPA COs'!Q39-'95 COs'!N43 -> 15822.36
F40: Outcome 2.1_STAR | G40: Office Supplies | H40: 72500 | I40: Supplies | J40: =ROUND($N40*J$2,0) -> 1672 | K40: =ROUND($N40*K$2,0) -> 1672 | L40: =ROUND($N40*L$2,0) -> 1672 | M40: =N40-SUM(J40:L40) -> 1673 | N40: ='TBWP_OP8 part 1_CORE&STAR'!N40-'4 RPA COs'!Q40-'95 COs'!N44 -> 6689
F41: Outcome 2.1_STAR | G41: Trainings, Workshops, Meetings | H41: 75700 | I41: Training, Workshops and Confer | J41: =ROUND($N41*J$2,0) -> 8466 | K41: =ROUND($N41*K$2,0) -> 8466 | L41: =ROUND($N41*L$2,0) -> 8466 | M41: =N41-SUM(J41:L41) -> 8466 | N41: ='TBWP_OP8 part 1_CORE&STAR'!N41-'4 RPA COs'!Q41-'95 COs'!N45 -> 33864
F42: Outcome 2.1_STAR | G42: Salaries and Benefits | H42: 61200 | I42: Salaries Costs - GS Staff | J42: =ROUND($N42*J$2,0) -> 76027 | K42: =ROUND($N42*K$2,0) -> 76027 | L42: =ROUND($N42*L$2,0) -> 76027 | M42: =N42-SUM(J42:L42) -> 76027 | N42: ='TBWP_OP8 part 1_CORE&STAR'!N42-'4 RPA COs'!Q42-'95 COs'!N46 -> 304108
F43: Outcome 2.1_STAR | G43: Salaries and Benefits | H43: 61300 | I43: Salary & Post Adj Cst-IP Staff | J43: =ROUND($N43*J$2,0) -> 139007 | K43: =ROUND($N43*K$2,0) -> 139007 | L43: =ROUND($N43*L$2,0) -> 139007 | M43: =N43-SUM(J43:L43) -> 139005.01 | N43: ='TBWP_OP8 part 1_CORE&STAR'!N43-'4 RPA COs'!Q43-'95 COs'!N47 -> 556026.01
F44: Outcome 2.1_STAR | G44: Grants | H44: 72600 | I44: Grants | J44: =ROUND($N44*J$1,0) -> 0 | K44: =ROUND($N44*K$1,0) -> 0 | L44: =ROUND($N44*L$1,0) -> 0 | M44: =ROUND($N44*M$1,0) -> 0 | N44: ='TBWP_OP8 part 1_CORE&STAR'!N44-'4 RPA COs'!Q44-'95 COs'!N48 -> 0
C45: Total UNDP | J45: =SUM(J36:J44) -> 698179 | K45: =SUM(K36:K44) -> 698179 | L45: =SUM(L36:L44) -> 698179 | M45: =SUM(M36:M44) -> 698173.37 | N45: =SUM(N36:N44) -> 2792710.4
B46: Total Outcome 2.1. Landscape-seascape strategic objectives advanced through community-led grants._STAR | J46: =J45 -> 698179 | K46: =K45 -> 698179 | L46: =L45 -> 698179 | M46: =M45 -> 698173.37 | N46: =N45 -> 2792710.4
A47: Total Component 2 | J47: =J35+J46 -> 1509839 | K47: =K35+K46 -> 1509839 | L47: =L35+L46 -> 1509839 | M47: =M35+M46 -> 1509832.5 | N47: =N35+N46 -> 6039349.7
A48: Component 3: Knowledge Management and Learning | B48: Outcome 3.1. Sustainability and impact of community-led collective action enhanced through knowledge management and learning approaches across landscapes-seascapes and regions._CORE | C48: UNDP | D48: 62000 | E48: 10003 | F48: Outcome 3.1_CORE | G48: International Consultants | H48: 71200 | I48: International Consultants | J48: =ROUND($N48*J$2,0) -> 4976 | K48: =ROUND($N48*K$2,0) -> 4976 | L48: =ROUND($N48*L$2,0) -> 4976 | M48: =N48-SUM(J48:L48) -> 4976 | N48: ='TBWP_OP8 part 1_CORE&STAR'!N48-'4 RPA COs'!Q48-'95 COs'!N52 -> 19904
F49: Outcome 3.1_CORE | G49: Local Consultants | H49: 71300 | I49: Local Consultants | J49: =ROUND($N49*J$2,0) -> 19696 | K49: =ROUND($N49*K$2,0) -> 19696 | L49: =ROUND($N49*L$2,0) -> 19696 | M49: =N49-SUM(J49:L49) -> 19697 | N49: ='TBWP_OP8 part 1_CORE&STAR'!N49-'4 RPA COs'!Q49-'95 COs'!N53 -> 78785
F50: Outcome 3.1_CORE | G50: Contractual Services | H50: 71400 | I50: Contractual Services - Individ | J50: =ROUND($N50*J$2,0) -> 296609 | K50: =ROUND($N50*K$2,0) -> 296609 | L50: =ROUND($N50*L$2,0) -> 296609 | M50: =N50-SUM(J50:L50) -> 296609 | N50: ='TBWP_OP8 part 1_CORE&STAR'!N50-'4 RPA COs'!Q50-'95 COs'!N54 -> 1186436
F51: Outcome 3.1_CORE | G51: Travel | H51: 71600 | I51: Travel | J51: =ROUND($N51*J$2,0) -> 2474 | K51: =ROUND($N51*K$2,0) -> 2474 | L51: =ROUND($N51*L$2,0) -> 2474 | M51: =N51-SUM(J51:L51) -> 2473.12 | N51: ='TBWP_OP8 part 1_CORE&STAR'!N51-'4 RPA COs'!Q51-'95 COs'!N55 -> 9895.12
F52: Outcome 3.1_CORE | G52: Office Supplies | H52: 72500 | I52: Supplies | J52: =ROUND($N52*J$2,0) -> 1244 | K52: =ROUND($N52*K$2,0) -> 1244 | L52: =ROUND($N52*L$2,0) -> 1244 | M52: =N52-SUM(J52:L52) -> 1244 | N52: ='TBWP_OP8 part 1_CORE&STAR'!N52-'4 RPA COs'!Q52-'95 COs'!N56 -> 4976
F53: Outcome 3.1_CORE | G53: Travel | H53: 74500 | I53: Miscellaneous Expenses | J53: =ROUND($N53*J$2,0) -> 1295 | K53: =ROUND($N53*K$2,0) -> 1295 | L53: =ROUND($N53*L$2,0) -> 1295 | M53: =N53-SUM(J53:L53) -> 1294 | N53: ='TBWP_OP8 part 1_CORE&STAR'!N53-'4 RPA COs'!Q53-'95 COs'!N57 -> 5179
F54: Outcome 3.1_CORE | G54: Trainings, Workshops, Meetings | H54: 75700 | I54: Training, Workshops and Confer | J54: =ROUND($N54*J$2,0) -> 6295 | K54: =ROUND($N54*K$2,0) -> 6295 | L54: =ROUND($N54*L$2,0) -> 6295 | M54: =N54-SUM(J54:L54) -> 6296 | N54: ='TBWP_OP8 part 1_CORE&STAR'!N54-'4 RPA COs'!Q54-'95 COs'!N58 -> 25181
F55: Outcome 3.1_CORE | G55: Salaries and Benefits | H55: 61200 | I55: Salaries Costs - GS Staff | J55: =ROUND($N55*J$2,0) -> 40578 | K55: =ROUND($N55*K$2,0) -> 40578 | L55: =ROUND($N55*L$2,0) -> 40578 | M55: =N55-SUM(J55:L55) -> 40578 | N55: ='TBWP_OP8 part 1_CORE&STAR'!N55-'4 RPA COs'!Q55-'95 COs'!N59 -> 162312
F56: Outcome 3.1_CORE | G56: Salaries and Benefits | H56: 61300 | I56: Salary & Post Adj Cst-IP Staff | J56: =ROUND($N56*J$2,0) -> 74193 | K56: =ROUND($N56*K$2,0) -> 74193 | L56: =ROUND($N56*L$2,0) -> 74193 | M56: =N56-SUM(J56:L56) -> 74192 | N56: ='TBWP_OP8 part 1_CORE&STAR'!N56-'4 RPA COs'!Q56-'95 COs'!N60 -> 296771
C57: Total UNDP | J57: =SUM(J48:J56) -> 447360 | K57: =SUM(K48:K56) -> 447360 | L57: =SUM(L48:L56) -> 447360 | M57: =SUM(M48:M56) -> 447359.12 | N57: =SUM(N48:N56) -> 1789439.1
B58: Total Outcome 3.1. Sustainability and impact of community-led collective action enhanced through knowledge management and learning approaches across landscapes-seascapes and regions._CORE | J58: =J57 -> 447360 | K58: =K57 -> 447360 | L58: =L57 -> 447360 | M58: =M57 -> 447359.12 | N58: =N57 -> 1789439.1
B59: Outcome 3.1. Sustainability and impact of community-led collective action enhanced through knowledge management and learning approaches across landscapes-seascapes and regions._STAR | C59: UNDP | D59: 62000 | E59: 10003 | F59: Outcome 3.1_STAR | G59: International Consultants | H59: 71200 | I59: International Consultants | J59: =ROUND($N59*J$2,0) -> 5164 | K59: =ROUND($N59*K$2,0) -> 5164 | L59: =ROUND($N59*L$2,0) -> 5164 | M59: =N59-SUM(J59:L59) -> 5163 | N59: ='TBWP_OP8 part 1_CORE&STAR'!N59-'4 RPA COs'!Q59-'95 COs'!N63 -> 20655
F60: Outcome 3.1_STAR | G60: Local Consultants | H60: 71300 | I60: Local Consultants | J60: =ROUND($N60*J$2,0) -> 14670 | K60: =ROUND($N60*K$2,0) -> 14670 | L60: =ROUND($N60*L$2,0) -> 14670 | M60: =N60-SUM(J60:L60) -> 14670 | N60: ='TBWP_OP8 part 1_CORE&STAR'!N60-'4 RPA COs'!Q60-'95 COs'!N64 -> 58680
F61: Outcome 3.1_STAR | G61: Contractual Services | H61: 71400 | I61: Contractual Services - Individ | J61: =ROUND($N61*J$2,0) -> 235903 | K61: =ROUND($N61*K$2,0) -> 235903 | L61: =ROUND($N61*L$2,0) -> 235903 | M61: =N61-SUM(J61:L61) -> 235903 | N61: ='TBWP_OP8 part 1_CORE&STAR'!N61-'4 RPA COs'!Q61-'95 COs'!N65 -> 943612
F62: Outcome 3.1_STAR | G62: Travel | H62: 71600 | I62: Travel | J62: =ROUND($N62*J$2,0) -> 9379 | K62: =ROUND($N62*K$2,0) -> 9379 | L62: =ROUND($N62*L$2,0) -> 9379 | M62: =N62-SUM(J62:L62) -> 9378.26 | N62: ='TBWP_OP8 part 1_CORE&STAR'!N62-'4 RPA COs'!Q62-'95 COs'!N66 -> 37515.26
F63: Outcome 3.1_STAR | G63: Office Supplies | H63: 72500 | I63: Supplies | J63: =ROUND($N63*J$2,0) -> 927 | K63: =ROUND($N63*K$2,0) -> 927 | L63: =ROUND($N63*L$2,0) -> 927 | M63: =N63-SUM(J63:L63) -> 925 | N63: ='TBWP_OP8 part 1_CORE&STAR'!N63-'4 RPA COs'!Q63-'95 COs'!N67 -> 3706
F64: Outcome 3.1_STAR | G64: Travel | H64: 74500 | I64: Miscellaneous Expenses | J64: =ROUND($N64*J$2,0) -> 964 | K64: =ROUND($N64*K$2,0) -> 964 | L64: =ROUND($N64*L$2,0) -> 964 | M64: =N64-SUM(J64:L64) -> 965 | N64: ='TBWP_OP8 part 1_CORE&STAR'!N64-'4 RPA COs'!Q64-'95 COs'!N68 -> 3857
F65: Outcome 3.1_STAR | G65: Trainings, Workshops, Meetings | H65: 75700 | I65: Training, Workshops and Confer | J65: =ROUND($N65*J$2,0) -> 4689 | K65: =ROUND($N65*K$2,0) -> 4689 | L65: =ROUND($N65*L$2,0) -> 4689 | M65: =N65-SUM(J65:L65) -> 4688 | N65: ='TBWP_OP8 part 1_CORE&STAR'!N65-'4 RPA COs'!Q65-'95 COs'!N69 -> 18755
F66: Outcome 3.1_STAR | G66: Salaries and Benefits | H66: 61200 | I66: Salaries Costs - GS Staff | J66: =ROUND($N66*J$2,0) -> 42107 | K66: =ROUND($N66*K$2,0) -> 42107 | L66: =ROUND($N66*L$2,0) -> 42107 | M66: =N66-SUM(J66:L66) -> 42107 | N66: ='TBWP_OP8 part 1_CORE&STAR'!N66-'4 RPA COs'!Q66-'95 COs'!N70 -> 168428
F67: Outcome 3.1_STAR | G67: Salaries and Benefits | H67: 61300 | I67: Salary & Post Adj Cst-IP Staff | J67: =ROUND($N67*J$2,0) -> 76988 | K67: =ROUND($N67*K$2,0) -> 76988 | L67: =ROUND($N67*L$2,0) -> 76988 | M67: =N67-SUM(J67:L67) -> 76988 | N67: ='TBWP_OP8 part 1_CORE&STAR'!N67-'4 RPA COs'!Q67-'95 COs'!N71 -> 307952
C68: Total UNDP | J68: =SUM(J59:J67) -> 390791 | K68: =SUM(K59:K67) -> 390791 | L68: =SUM(L59:L67) -> 390791 | M68: =SUM(M59:M67) -> 390787.26 | N68: =SUM(N59:N67) -> 1563160.3
B69: Total Outcome 3.1. Sustainability and impact of community-led collective action enhanced through knowledge management and learning approaches across landscapes-seascapes and regions._STAR | J69: =J68 -> 390791 | K69: =K68 -> 390791 | L69: =L68 -> 390791 | M69: =M68 -> 390787.26 | N69: =N68 -> 1563160.3
A70: Total Component 3 | J70: =J58+J69 -> 838151 | K70: =K58+K69 -> 838151 | L70: =L58+L69 -> 838151 | M70: =M58+M69 -> 838146.38 | N70: =N58+N69 -> 3352599.4
A71: Component 4: Monitoring & Evaluation | B71: Outcome 4.1. Scale, durability and impact of locally-led community action strengthend through monitoring, evaluation and evidence-based learning._CORE | C71: UNDP | D71: 62000 | E71: 10003 | F71: Outcome 4.1_CORE | G71: International Consultants | H71: 71200 | I71: International Consultants | J71: =ROUND($N71*J$2,0) -> 9045 | K71: =ROUND($N71*K$2,0) -> 9045 | L71: =ROUND($N71*L$2,0) -> 9045 | M71: =N71-SUM(J71:L71) -> 9046 | N71: ='TBWP_OP8 part 1_CORE&STAR'!N71-'4 RPA COs'!Q71-'95 COs'!N75 -> 36181
F72: Outcome 4.1_CORE | G72: Local Consultants | H72: 71300 | I72: Local Consultants | J72: =ROUND($N72*J$2,0) -> 35669 | K72: =ROUND($N72*K$2,0) -> 35669 | L72: =ROUND($N72*L$2,0) -> 35669 | M72: =N72-SUM(J72:L72) -> 35669 | N72: ='TBWP_OP8 part 1_CORE&STAR'!N72-'4 RPA COs'!Q72-'95 COs'!N76 -> 142676
F73: Outcome 4.1_CORE | G73: Contractual Services | H73: 71400 | I73: Contractual Services - Individ | J73: =ROUND($N73*J$2,0) -> 100621 | K73: =ROUND($N73*K$2,0) -> 100621 | L73: =ROUND($N73*L$2,0) -> 100621 | M73: =N73-SUM(J73:L73) -> 100620 | N73: ='TBWP_OP8 part 1_CORE&STAR'!N73-'4 RPA COs'!Q73-'95 COs'!N77 -> 402483
F74: Outcome 4.1_CORE | G74: Travel | H74: 71600 | I74: Travel | J74: =ROUND($N74*J$2,0) -> 60936 | K74: =ROUND($N74*K$2,0) -> 60936 | L74: =ROUND($N74*L$2,0) -> 60936 | M74: =N74-SUM(J74:L74) -> 60937.12 | N74: ='TBWP_OP8 part 1_CORE&STAR'!N74-'4 RPA COs'!Q74-'95 COs'!N78 -> 243745.12
F75: Outcome 4.1_CORE | G75: Other Operating Costs | H75: 72100 | I75: Contractual Services-Companies | J75: =ROUND($N75*J$2,0) -> 41015 | K75: =ROUND($N75*K$2,0) -> 41015 | L75: =ROUND($N75*L$2,0) -> 41015 | M75: =N75-SUM(J75:L75) -> 41014 | N75: ='TBWP_OP8 part 1_CORE&STAR'!N75-'4 RPA COs'!Q75-'95 COs'!N79 -> 164059
F76: Outcome 4.1_CORE | G76: Office Supplies | H76: 72500 | I76: Supplies | J76: =ROUND($N76*J$2,0) -> 11261 | K76: =ROUND($N76*K$2,0) -> 11261 | L76: =ROUND($N76*L$2,0) -> 11261 | M76: =N76-SUM(J76:L76) -> 11261 | N76: ='TBWP_OP8 part 1_CORE&STAR'!N76-'4 RPA COs'!Q76-'95 COs'!N80 -> 45044
F77: Outcome 4.1_CORE | G77: Travel | H77: 74500 | I77: Miscellaneous Expenses | J77: =ROUND($N77*J$2,0) -> 32519 | K77: =ROUND($N77*K$2,0) -> 32519 | L77: =ROUND($N77*L$2,0) -> 32519 | M77: =N77-SUM(J77:L77) -> 32520.1 | N77: ='TBWP_OP8 part 1_CORE&STAR'!N77-'4 RPA COs'!Q77-'95 COs'!N81 -> 130077.1
F78: Outcome 4.1_CORE | G78: Trainings, Workshops, Meetings | H78: 75700 | I78: Training, Workshops and Confer | J78: =ROUND($N78*J$2,0) -> 19068 | K78: =ROUND($N78*K$2,0) -> 19068 | L78: =ROUND($N78*L$2,0) -> 19068 | M78: =N78-SUM(J78:L78) -> 19068.87 | N78: ='TBWP_OP8 part 1_CORE&STAR'!N78-'4 RPA COs'!Q78-'95 COs'!N82 -> 76272.87
F79: Outcome 4.1_CORE | G79: Salaries and Benefits | H79: 61300 | I79: Salary & Post Adj Cst-IP Staff | J79: =ROUND($N79*J$2,0) -> 38934 | K79: =ROUND($N79*K$2,0) -> 38934 | L79: =ROUND($N79*L$2,0) -> 38934 | M79: =N79-SUM(J79:L79) -> 38933 | N79: ='TBWP_OP8 part 1_CORE&STAR'!N79-'4 RPA COs'!Q79-'95 COs'!N83 -> 155735
C80: Total UNDP | J80: =SUM(J71:J79) -> 349068 | K80: =SUM(K71:K79) -> 349068 | L80: =SUM(L71:L79) -> 349068 | M80: =SUM(M71:M79) -> 349069.09 | N80: =SUM(N71:N79) -> 1396273.1
B81: Total Outcome 4.1. Scale, durability and impact of locally-led community action strengthend through monitoring, evaluation and evidence-based learning._CORE | J81: =J80 -> 349068 | K81: =K80 -> 349068 | L81: =L80 -> 349068 | M81: =M80 -> 349069.09 | N81: =N80 -> 1396273.1
B82: Outcome 4.1. Scale, durability and impact of locally-led community action strengthend through monitoring, evaluation and evidence-based learning._STAR | C82: UNDP | D82: 62000 | E82: 10003 | F82: Outcome 4.1_STAR | G82: International Consultants | H82: 71200 | I82: International Consultants | J82: =ROUND($N82*J$2,0) -> 9386 | K82: =ROUND($N82*K$2,0) -> 9386 | L82: =ROUND($N82*L$2,0) -> 9386 | M82: =N82-SUM(J82:L82) -> 9386 | N82: ='TBWP_OP8 part 1_CORE&STAR'!N82-'4 RPA COs'!Q82-'95 COs'!N86 -> 37544
F83: Outcome 4.1_STAR | G83: Local Consultants | H83: 71300 | I83: Local Consultants | J83: =ROUND($N83*J$2,0) -> 26567 | K83: =ROUND($N83*K$2,0) -> 26567 | L83: =ROUND($N83*L$2,0) -> 26567 | M83: =N83-SUM(J83:L83) -> 26565 | N83: ='TBWP_OP8 part 1_CORE&STAR'!N83-'4 RPA COs'!Q83-'95 COs'!N87 -> 106266
F84: Outcome 4.1_STAR | G84: Contractual Services | H84: 71400 | I84: Contractual Services - Individ | J84: =ROUND($N84*J$2,0) -> 80027 | K84: =ROUND($N84*K$2,0) -> 80027 | L84: =ROUND($N84*L$2,0) -> 80027 | M84: =N84-SUM(J84:L84) -> 80028 | N84: ='TBWP_OP8 part 1_CORE&STAR'!N84-'4 RPA COs'!Q84-'95 COs'!N88 -> 320109
F85: Outcome 4.1_STAR | G85: Travel | H85: 71600 | I85: Travel | J85: =ROUND($N85*J$2,0) -> 59303 | K85: =ROUND($N85*K$2,0) -> 59303 | L85: =ROUND($N85*L$2,0) -> 59303 | M85: =N85-SUM(J85:L85) -> 59302.13 | N85: ='TBWP_OP8 part 1_CORE&STAR'!N85-'4 RPA COs'!Q85-'95 COs'!N89 -> 237211.13
F86: Outcome 4.1_STAR | G86: Other Operating Costs | H86: 72100 | I86: Contractual Services-Companies | J86: =ROUND($N86*J$2,0) -> 42560 | K86: =ROUND($N86*K$2,0) -> 42560 | L86: =ROUND($N86*L$2,0) -> 42560 | M86: =N86-SUM(J86:L86) -> 42560 | N86: ='TBWP_OP8 part 1_CORE&STAR'!N86-'4 RPA COs'!Q86-'95 COs'!N90 -> 170240
F87: Outcome 4.1_STAR | G87: Office Supplies | H87: 72500 | I87: Supplies | J87: =ROUND($N87*J$2,0) -> 8388 | K87: =ROUND($N87*K$2,0) -> 8388 | L87: =ROUND($N87*L$2,0) -> 8388 | M87: =N87-SUM(J87:L87) -> 8386 | N87: ='TBWP_OP8 part 1_CORE&STAR'!N87-'4 RPA COs'!Q87-'95 COs'!N91 -> 33550
F88: Outcome 4.1_STAR | G88: Travel | H88: 74500 | I88: Miscellaneous Expenses | J88: =ROUND($N88*J$2,0) -> 30943 | K88: =ROUND($N88*K$2,0) -> 30943 | L88: =ROUND($N88*L$2,0) -> 30943 | M88: =N88-SUM(J88:L88) -> 30942.83 | N88: ='TBWP_OP8 part 1_CORE&STAR'!N88-'4 RPA COs'!Q88-'95 COs'!N92 -> 123771.83
F89: Outcome 4.1_STAR | G89: Trainings, Workshops, Meetings | H89: 75700 | I89: Training, Workshops and Confer | J89: =ROUND($N89*J$2,0) -> 20507 | K89: =ROUND($N89*K$2,0) -> 20507 | L89: =ROUND($N89*L$2,0) -> 20507 | M89: =N89-SUM(J89:L89) -> 20505.72 | N89: ='TBWP_OP8 part 1_CORE&STAR'!N89-'4 RPA COs'!Q89-'95 COs'!N93 -> 82026.72
F90: Outcome 4.1_STAR | G90: Salaries and Benefits | H90: 61300 | I90: Salary & Post Adj Cst-IP Staff | J90: =ROUND($N90*J$2,0) -> 40401 | K90: =ROUND($N90*K$2,0) -> 40401 | L90: =ROUND($N90*L$2,0) -> 40401 | M90: =N90-SUM(J90:L90) -> 40402 | N90: ='TBWP_OP8 part 1_CORE&STAR'!N90-'4 RPA COs'!Q90-'95 COs'!N94 -> 161605
C91: Total UNDP | J91: =SUM(J82:J90) -> 318082 | K91: =SUM(K82:K90) -> 318082 | L91: =SUM(L82:L90) -> 318082 | M91: =SUM(M82:M90) -> 318077.68 | N91: =SUM(N82:N90) -> 1272323.7
B92: Total Outcome 4.1. Scale, durability and impact of locally-led community action strengthend through monitoring, evaluation and evidence-based learning._STAR | J92: =J91 -> 318082 | K92: =K91 -> 318082 | L92: =L91 -> 318082 | M92: =M91 -> 318077.68 | N92: =N91 -> 1272323.7
A93: Total Component 4 | J93: =J81+J92 -> 667150 | K93: =K81+K92 -> 667150 | L93: =L81+L92 -> 667150 | M93: =M81+M92 -> 667146.77 | N93: =N81+N92 -> 2668596.8
A94: Project Management Cost (PMC) | B94: PMC_CORE | C94: UNDP | D94: 62000 | E94: 10003 | F94: PMC_CORE | G94: Contractual Services | H94: 71400 | I94: Contractual Services - Individ | J94: =ROUND($N94*J$2,0) -> 628965 | K94: =ROUND($N94*K$2,0) -> 628965 | L94: =ROUND($N94*L$2,0) -> 628965 | M94: =N94-SUM(J94:L94) -> 628964 | N94: ='TBWP_OP8 part 1_CORE&STAR'!N94-'4 RPA COs'!Q94-'95 COs'!N98 -> 2515859
F95: PMC_CORE | G95: Travel | H95: 71600 | I95: Travel | J95: =ROUND($N95*J$2,0) -> 61425 | K95: =ROUND($N95*K$2,0) -> 61425 | L95: =ROUND($N95*L$2,0) -> 61425 | M95: =N95-SUM(J95:L95) -> 61424 | N95: ='TBWP_OP8 part 1_CORE&STAR'!N95-'4 RPA COs'!Q95-'95 COs'!N99 -> 245699
F96: PMC_CORE | G96: Other Operating Costs | H96: 72200 | I96: Equipment and Furniture | J96: =ROUND($N96*J$2,0) -> 2459 | K96: =ROUND($N96*K$2,0) -> 2459 | L96: =ROUND($N96*L$2,0) -> 2459 | M96: =N96-SUM(J96:L96) -> 2459.56 | N96: ='TBWP_OP8 part 1_CORE&STAR'!N96-'4 RPA COs'!Q96-'95 COs'!N100 -> 9836.56
F97: PMC_CORE | G97: Other Operating Costs | H97: 72300 | I97: Materials & Goods | J97: =ROUND($N97*J$2,0) -> 10843 | K97: =ROUND($N97*K$2,0) -> 10843 | L97: =ROUND($N97*L$2,0) -> 10843 | M97: =N97-SUM(J97:L97) -> 10841 | N97: ='TBWP_OP8 part 1_CORE&STAR'!N97-'4 RPA COs'!Q97-'95 COs'!N101 -> 43370
F98: PMC_CORE | G98: Other Operating Costs | H98: 72400 | I98: Communic & Audio Visual Equip | J98: =ROUND($N98*J$2,0) -> 17504 | K98: =ROUND($N98*K$2,0) -> 17504 | L98: =ROUND($N98*L$2,0) -> 17504 | M98: =N98-SUM(J98:L98) -> 17505.13 | N98: ='TBWP_OP8 part 1_CORE&STAR'!N98-'4 RPA COs'!Q98-'95 COs'!N102 -> 70017.13
F99: PMC_CORE | G99: Office Supplies | H99: 72500 | I99: Supplies | J99: =ROUND($N99*J$2,0) -> 8282 | K99: =ROUND($N99*K$2,0) -> 8282 | L99: =ROUND($N99*L$2,0) -> 8282 | M99: =N99-SUM(J99:L99) -> 8280.27 | N99: ='TBWP_OP8 part 1_CORE&STAR'!N99-'4 RPA COs'!Q99-'95 COs'!N103 -> 33126.27
F100: PMC_CORE | G100: Other Operating Costs | H100: 72800 | I100: Information Technology Equipmt | J100: =ROUND($N100*J$2,0) -> 11164 | K100: =ROUND($N100*K$2,0) -> 11164 | L100: =ROUND($N100*L$2,0) -> 11164 | M100: =N100-SUM(J100:L100) -> 11162.48 | N100: ='TBWP_OP8 part 1_CORE&STAR'!N100-'4 RPA COs'!Q100-'95 COs'!N104 -> 44654.48
...

Sheet 4 RPA COs
L1: Grant | M1: 0 | N1: 0.4 | O1: 0.4 | P1: 0.2 | Q1: =SUM(M1:P1) -> 1
L2: Non-grant | M2: 0 | N2: 0.34 | O2: 0.33 | P2: 0.33 | Q2: =SUM(M2:P2) -> 1
A3: Quantum Outcome (GEF Component) | B3: Quantum Activity (GEF Output) | C3: Quantum UNDP(UNDP, IP) | D3: Quantum Fund ID | E3: Quantum Donor ID | F3: PIMS No. | G3: Country | H3: Business Unit | I3: Output | J3: Expenditure Category GEF | K3: Quantum Budgetary Account Code | L3: Quantum Budget Account Description | M3: Amount Year 2025 | N3: Amount Year 2026 | O3: Amount Year 2027 | P3: Amount Year 2028 | Q3: Total (USD) | R3: See Budget Note: (reference as number, not as letter) | S3: ratio | U3: RPA budget summary
A4: Component 1: Strategic Planning and Multi-Stakeholder Governance | B4: Outcome 1.1. Enabling environment strengthened for effective community-driven integrated approaches_CORE | C4: UNDP | D4: 62000 | E4: 10003 | F4: 10180 | G4: Brazil | H4: B0488 | I4: Outcome 1.1_CORE | J4: International Consultants | K4: 71200 | L4: International Consultants | M4: =SUM(budget_Brazil:budget_Egypt!M4) -> 0 | N4: =SUM(budget_Brazil:budget_Egypt!N4) -> 0 | O4: =SUM(budget_Brazil:budget_Egypt!O4) -> 0 | P4: =SUM(budget_Brazil:budget_Egypt!P4) -> 0 | Q4: =SUM(M4:P4) -> 0 | R4: 2 | S4: =VLOOKUP(K4, rpacoreratio, 3, FALSE)*VLOOKUP(K4, rpacoreratio, 8, FALSE) -> 0 | U4: CORE grant | V4: =SUM(budget_Brazil:budget_Egypt!V4) -> 1827272.7 | X4: 71200
F5: 10180 | G5: Brazil | H5: B0488 | I5: Outcome 1.1_CORE | J5: Local Consultants | K5: 71300 | L5: Local Consultants | M5: =SUM(budget_Brazil:budget_Egypt!M5) -> 0 | N5: =SUM(budget_Brazil:budget_Egypt!N5) -> 585 | O5: =SUM(budget_Brazil:budget_Egypt!O5) -> 567 | P5: =SUM(budget_Brazil:budget_Egypt!P5) -> 570 | Q5: =SUM(M5:P5) -> 1722 | R5: 3 | S5: =VLOOKUP(K5, rpacoreratio, 3, FALSE)*VLOOKUP(K5, rpacoreratio, 8, FALSE) -> 0.011484624 | U5: STAR grant | V5: =SUM(budget_Brazil:budget_Egypt!V5) -> 10334750 | X5: 71300
F6: 10180 | G6: Brazil | H6: B0488 | I6: Outcome 1.1_CORE | J6: Contractual Services | K6: 71400 | L6: Contractual Services - Individ | M6: =SUM(budget_Brazil:budget_Egypt!M6) -> 0 | N6: =SUM(budget_Brazil:budget_Egypt!N6) -> 8997 | O6: =SUM(budget_Brazil:budget_Egypt!O6) -> 8733 | P6: =SUM(budget_Brazil:budget_Egypt!P6) -> 8730 | Q6: =SUM(M6:P6) -> 26460 | R6: 5 | S6: =VLOOKUP(K6, rpacoreratio, 3, FALSE)*VLOOKUP(K6, rpacoreratio, 8, FALSE) -> 0.17640953 | U6: CORE non-grant | V6: =SUM(budget_Brazil:budget_Egypt!V6) -> 150000 | X6: 71400
F7: 10180 | G7: Brazil | H7: B0488 | I7: Outcome 1.1_CORE | J7: Travel | K7: 71600 | L7: Travel | M7: =SUM(budget_Brazil:budget_Egypt!M7) -> 0 | N7: =SUM(budget_Brazil:budget_Egypt!N7) -> 957 | O7: =SUM(budget_Brazil:budget_Egypt!O7) -> 930 | P7: =SUM(budget_Brazil:budget_Egypt!P7) -> 927 | Q7: =SUM(M7:P7) -> 2814 | R7: 7 | S7: =VLOOKUP(K7, rpacoreratio, 3, FALSE)*VLOOKUP(K7, rpacoreratio, 8, FALSE) -> 0.018765823 | U7: STAR non-grant | V7: =SUM(budget_Brazil:budget_Egypt!V7) -> 3493044 | X7: 71600
F8: 10180 | G8: Brazil | H8: B0488 | I8: Outcome 1.1_CORE | J8: Office Supplies | K8: 72500 | L8: Supplies | M8: =SUM(budget_Brazil:budget_Egypt!M8) -> 0 | N8: =SUM(budget_Brazil:budget_Egypt!N8) -> 36 | O8: =SUM(budget_Brazil:budget_Egypt!O8) -> 36 | P8: =SUM(budget_Brazil:budget_Egypt!P8) -> 36 | Q8: =SUM(M8:P8) -> 108 | R8: 10 | S8: =VLOOKUP(K8, rpacoreratio, 3, FALSE)*VLOOKUP(K8, rpacoreratio, 8, FALSE) -> 0.0007250959 | V8: =SUM(V4:V7) -> 15805067 | X8: 72500
F9: 10180 | G9: Brazil | H9: B0488 | I9: Outcome 1.1_CORE | J9: Trainings, Workshops, Meetings | K9: 75700 | L9: Training, Workshops and Confer | M9: =SUM(budget_Brazil:budget_Egypt!M9) -> 0 | N9: =SUM(budget_Brazil:budget_Egypt!N9) -> 189 | O9: =SUM(budget_Brazil:budget_Egypt!O9) -> 183 | P9: =SUM(budget_Brazil:budget_Egypt!P9) -> 180 | Q9: =SUM(M9:P9) -> 552 | R9: 6 | S9: =VLOOKUP(K9, rpacoreratio, 3, FALSE)*VLOOKUP(K9, rpacoreratio, 8, FALSE) -> 0.0036708274 | X9: 75700
F10: 10180 | G10: Brazil | H10: B0488 | I10: Outcome 1.1_CORE | J10: Salaries and Benefits | K10: 61200 | L10: Salaries Costs - GS Staff | M10: =SUM(budget_Brazil:budget_Egypt!M10) -> 0 | N10: =SUM(budget_Brazil:budget_Egypt!N10) -> 0 | O10: =SUM(budget_Brazil:budget_Egypt!O10) -> 0 | P10: =SUM(budget_Brazil:budget_Egypt!P10) -> 0 | Q10: =SUM(M10:P10) -> 0 | R10: 4 | S10: =VLOOKUP(K10, rpacoreratio, 3, FALSE)*VLOOKUP(K10, rpacoreratio, 8, FALSE) -> 0 | X10: 61200
F11: 10180 | G11: Brazil | H11: B0488 | I11: Outcome 1.1_CORE | J11: Salaries and Benefits | K11: 61300 | L11: Salary & Post Adj Cst-IP Staff | M11: =SUM(budget_Brazil:budget_Egypt!M11) -> 0 | N11: =SUM(budget_Brazil:budget_Egypt!N11) -> 0 | O11: =SUM(budget_Brazil:budget_Egypt!O11) -> 0 | P11: =SUM(budget_Brazil:budget_Egypt!P11) -> 0 | Q11: =SUM(M11:P11) -> 0 | R11: 4 | S11: =VLOOKUP(K11, rpacoreratio, 3, FALSE)*VLOOKUP(K11, rpacoreratio, 8, FALSE) -> 0 | X11: 61300
C12: Total UNDP | M12: =SUM(M4:M11) -> 0 | N12: =SUM(N4:N11) -> 10764 | O12: =SUM(O4:O11) -> 10449 | P12: =SUM(P4:P11) -> 10443 | Q12: =SUM(Q4:Q11) -> 31656
B13: Total Outcome 1.1. Enabling environment strengthened for effective community-driven integrated approaches_CORE | M13: =M12 -> 0 | N13: =N12 -> 10764 | O13: =O12 -> 10449 | P13: =P12 -> 10443 | Q13: =Q12 -> 31656
B14: Outcome 1.1. Enabling environment strengthened for effective community-driven integrated approaches_STAR | C14: UNDP | D14: 62000 | E14: 10003 | F14: 10180 | G14: Brazil | H14: B0488 | I14: Outcome 1.1_STAR | J14: International Consultants | K14: 71200 | L14: International Consultants | M14: =SUM(budget_Brazil:budget_Egypt!M14) -> 0 | N14: =SUM(budget_Brazil:budget_Egypt!N14) -> 0 | O14: =SUM(budget_Brazil:budget_Egypt!O14) -> 0 | P14: =SUM(budget_Brazil:budget_Egypt!P14) -> 0 | Q14: =SUM(M14:P14) -> 0 | R14: 2 | S14: =VLOOKUP(K14, rpastarratio, 3, FALSE)*VLOOKUP(K14, rpastarratio, 8, FALSE) -> 0 | X14: 71200
F15: 10180 | G15: Brazil | H15: B0488 | I15: Outcome 1.1_STAR | J15: Local Consultants | K15: 71300 | L15: Local Consultants | M15: =SUM(budget_Brazil:budget_Egypt!M15) -> 0 | N15: =SUM(budget_Brazil:budget_Egypt!N15) -> 15328 | O15: =SUM(budget_Brazil:budget_Egypt!O15) -> 14876 | P15: =SUM(budget_Brazil:budget_Egypt!P15) -> 14875 | Q15: =SUM(M15:P15) -> 45079 | R15: 3 | S15: =VLOOKUP(K15, rpastarratio, 3, FALSE)*VLOOKUP(K15, rpastarratio, 8, FALSE) -> 0.011484624 | X15: 71300
F16: 10180 | G16: Brazil | H16: B0488 | I16: Outcome 1.1_STAR | J16: Contractual Services | K16: 71400 | L16: Contractual Services - Individ | M16: =SUM(budget_Brazil:budget_Egypt!M16) -> 0 | N16: =SUM(budget_Brazil:budget_Egypt!N16) -> 196429 | O16: =SUM(budget_Brazil:budget_Egypt!O16) -> 190652 | P16: =SUM(budget_Brazil:budget_Egypt!P16) -> 190650 | Q16: =SUM(M16:P16) -> 577731 | R16: 5 | S16: =VLOOKUP(K16, rpastarratio, 3, FALSE)*VLOOKUP(K16, rpastarratio, 8, FALSE) -> 0.17640953 | X16: 71400
F17: 10180 | G17: Brazil | H17: B0488 | I17: Outcome 1.1_STAR | J17: Travel | K17: 71600 | L17: Travel | M17: =SUM(budget_Brazil:budget_Egypt!M17) -> 0 | N17: =SUM(budget_Brazil:budget_Egypt!N17) -> 25044 | O17: =SUM(budget_Brazil:budget_Egypt!O17) -> 24308 | P17: =SUM(budget_Brazil:budget_Egypt!P17) -> 24308 | Q17: =SUM(M17:P17) -> 73660 | R17: 7 | S17: =VLOOKUP(K17, rpastarratio, 3, FALSE)*VLOOKUP(K17, rpastarratio, 8, FALSE) -> 0.018765823 | X17: 71600
F18: 10180 | G18: Brazil | H18: B0488 | I18: Outcome 1.1_STAR | J18: Office Supplies | K18: 72500 | L18: Supplies | M18: =SUM(budget_Brazil:budget_Egypt!M18) -> 0 | N18: =SUM(budget_Brazil:budget_Egypt!N18) -> 967 | O18: =SUM(budget_Brazil:budget_Egypt!O18) -> 940 | P18: =SUM(budget_Brazil:budget_Egypt!P18) -> 940 | Q18: =SUM(M18:P18) -> 2847 | R18: 10 | S18: =VLOOKUP(K18, rpastarratio, 3, FALSE)*VLOOKUP(K18, rpastarratio, 8, FALSE) -> 0.0007250959 | X18: 72500
F19: 10180 | G19: Brazil | H19: B0488 | I19: Outcome 1.1_STAR | J19: Trainings, Workshops, Meetings | K19: 75700 | L19: Training, Workshops and Confer | M19: =SUM(budget_Brazil:budget_Egypt!M19) -> 0 | N19: =SUM(budget_Brazil:budget_Egypt!N19) -> 4899 | O19: =SUM(budget_Brazil:budget_Egypt!O19) -> 4755 | P19: =SUM(budget_Brazil:budget_Egypt!P19) -> 4755 | Q19: =SUM(M19:P19) -> 14409 | R19: 6 | S19: =VLOOKUP(K19, rpastarratio, 3, FALSE)*VLOOKUP(K19, rpastarratio, 8, FALSE) -> 0.0036708274 | X19: 75700
F20: 10180 | G20: Brazil | H20: B0488 | I20: Outcome 1.1_STAR | J20: Salaries and Benefits | K20: 61200 | L20: Salaries Costs - GS Staff | M20: =SUM(budget_Brazil:budget_Egypt!M20) -> 0 | N20: =SUM(budget_Brazil:budget_Egypt!N20) -> 0 | O20: =SUM(budget_Brazil:budget_Egypt!O20) -> 0 | P20: =SUM(budget_Brazil:budget_Egypt!P20) -> 0 | Q20: =SUM(M20:P20) -> 0 | R20: 4 | S20: =VLOOKUP(K20, rpastarratio, 3, FALSE)*VLOOKUP(K20, rpastarratio, 8, FALSE) -> 0 | X20: 61200
F21: 10180 | G21: Brazil | H21: B0488 | I21: Outcome 1.1_STAR | J21: Salaries and Benefits | K21: 61300 | L21: Salary & Post Adj Cst-IP Staff | M21: =SUM(budget_Brazil:budget_Egypt!M21) -> 0 | N21: =SUM(budget_Brazil:budget_Egypt!N21) -> 0 | O21: =SUM(budget_Brazil:budget_Egypt!O21) -> 0 | P21: =SUM(budget_Brazil:budget_Egypt!P21) -> 0 | Q21: =SUM(M21:P21) -> 0 | R21: 4 | S21: =VLOOKUP(K21, rpastarratio, 3, FALSE)*VLOOKUP(K21, rpastarratio, 8, FALSE) -> 0 | X21: 61300
C22: Total UNDP | M22: =SUM(M14:M21) -> 0 | N22: =SUM(N14:N21) -> 242667 | O22: =SUM(O14:O21) -> 235531 | P22: =SUM(P14:P21) -> 235528 | Q22: =SUM(Q14:Q21) -> 713726
B23: Total Outcome 1.1. Enabling environment strengthened for effective community-driven integrated approaches_STAR | M23: =M22 -> 0 | N23: =N22 -> 242667 | O23: =O22 -> 235531 | P23: =P22 -> 235528 | Q23: =Q22 -> 713726
A24: Total Component 1 | M24: =M13+M23 -> 0 | N24: =N13+N23 -> 253431 | O24: =O13+O23 -> 245980 | P24: =P13+P23 -> 245971 | Q24: =Q13+Q23 -> 745382
A25: Component 2: Demand-driven grants to CSOs/CBOs (Grants) | B25: Outcome 2.1. Landscape-seascape strategic objectives advanced through community-led grants._CORE | C25: UNDP | D25: 62000 | E25: 10003 | F25: 10180 | G25: Brazil | H25: B0488 | I25: Outcome 2.1_CORE | J25: International Consultants | K25: 71200 | L25: International Consultants | M25: =SUM(budget_Brazil:budget_Egypt!M25) -> 0 | N25: =SUM(budget_Brazil:budget_Egypt!N25) -> 0 | O25: =SUM(budget_Brazil:budget_Egypt!O25) -> 0 | P25: =SUM(budget_Brazil:budget_Egypt!P25) -> 0 | Q25: =SUM(M25:P25) -> 0 | R25: 2 | S25: =VLOOKUP(K25, rpacoreratio, 4, FALSE)*VLOOKUP(K25, rpacoreratio, 8, FALSE) -> 0 | X25: 71200
F26: 10180 | G26: Brazil | H26: B0488 | I26: Outcome 2.1_CORE | J26: Local Consultants | K26: 71300 | L26: Local Consultants | M26: =SUM(budget_Brazil:budget_Egypt!M26) -> 0 | N26: =SUM(budget_Brazil:budget_Egypt!N26) -> 564 | O26: =SUM(budget_Brazil:budget_Egypt!O26) -> 546 | P26: =SUM(budget_Brazil:budget_Egypt!P26) -> 549 | Q26: =SUM(M26:P26) -> 1659 | R26: 3 | S26: =VLOOKUP(K26, rpacoreratio, 4, FALSE)*VLOOKUP(K26, rpacoreratio, 8, FALSE) -> 0.01105183 | X26: 71300
F27: 10180 | G27: Brazil | H27: B0488 | I27: Outcome 2.1_CORE | J27: Contractual Services | K27: 71400 | L27: Contractual Services - Individ | M27: =SUM(budget_Brazil:budget_Egypt!M27) -> 0 | N27: =SUM(budget_Brazil:budget_Egypt!N27) -> 8634 | O27: =SUM(budget_Brazil:budget_Egypt!O27) -> 8379 | P27: =SUM(budget_Brazil:budget_Egypt!P27) -> 8379 | Q27: =SUM(M27:P27) -> 25392 | R27: 5 | S27: =VLOOKUP(K27, rpacoreratio, 4, FALSE)*VLOOKUP(K27, rpacoreratio, 8, FALSE) -> 0.16928577 | X27: 71400
F28: 10180 | G28: Brazil | H28: B0488 | I28: Outcome 2.1_CORE | J28: Travel | K28: 71600 | L28: Travel | M28: =SUM(budget_Brazil:budget_Egypt!M28) -> 0 | N28: =SUM(budget_Brazil:budget_Egypt!N28) -> 417 | O28: =SUM(budget_Brazil:budget_Egypt!O28) -> 405 | P28: =SUM(budget_Brazil:budget_Egypt!P28) -> 408 | Q28: =SUM(M28:P28) -> 1230 | R28: 7 | S28: =VLOOKUP(K28, rpacoreratio, 4, FALSE)*VLOOKUP(K28, rpacoreratio, 8, FALSE) -> 0.0082070753 | X28: 71600
F29: 10180 | G29: Brazil | H29: B0488 | I29: Outcome 2.1_CORE | J29: Office Supplies | K29: 72500 | L29: Supplies | M29: =SUM(budget_Brazil:budget_Egypt!M29) -> 0 | N29: =SUM(budget_Brazil:budget_Egypt!N29) -> 36 | O29: =SUM(budget_Brazil:budget_Egypt!O29) -> 36 | P29: =SUM(budget_Brazil:budget_Egypt!P29) -> 33 | Q29: =SUM(M29:P29) -> 105 | R29: 10 | S29: =VLOOKUP(K29, rpacoreratio, 4, FALSE)*VLOOKUP(K29, rpacoreratio, 8, FALSE) -> 0.00069784685 | X29: 72500
F30: 10180 | G30: Brazil | H30: B0488 | I30: Outcome 2.1_CORE | J30: Trainings, Workshops, Meetings | K30: 75700 | L30: Training, Workshops and Confer | M30: =SUM(budget_Brazil:budget_Egypt!M30) -> 0 | N30: =SUM(budget_Brazil:budget_Egypt!N30) -> 180 | O30: =SUM(budget_Brazil:budget_Egypt!O30) -> 174 | P30: =SUM(budget_Brazil:budget_Egypt!P30) -> 177 | Q30: =SUM(M30:P30) -> 531 | R30: 6 | S30: =VLOOKUP(K30, rpacoreratio, 4, FALSE)*VLOOKUP(K30, rpacoreratio, 8, FALSE) -> 0.0035324634 | X30: 75700
F31: 10180 | G31: Brazil | H31: B0488 | I31: Outcome 2.1_CORE | J31: Salaries and Benefits | K31: 61200 | L31: Salaries Costs - GS Staff | M31: =SUM(budget_Brazil:budget_Egypt!M31) -> 0 | N31: =SUM(budget_Brazil:budget_Egypt!N31) -> 0 | O31: =SUM(budget_Brazil:budget_Egypt!O31) -> 0 | P31: =SUM(budget_Brazil:budget_Egypt!P31) -> 0 | Q31: =SUM(M31:P31) -> 0 | R31: 4 | S31: =VLOOKUP(K31, rpacoreratio, 4, FALSE)*VLOOKUP(K31, rpacoreratio, 8, FALSE) -> 0 | X31: 61200
F32: 10180 | G32: Brazil | H32: B0488 | I32: Outcome 2.1_CORE | J32: Salaries and Benefits | K32: 61300 | L32: Salary & Post Adj Cst-IP Staff | M32: =SUM(budget_Brazil:budget_Egypt!M32) -> 0 | N32: =SUM(budget_Brazil:budget_Egypt!N32) -> 0 | O32: =SUM(budget_Brazil:budget_Egypt!O32) -> 0 | P32: =SUM(budget_Brazil:budget_Egypt!P32) -> 0 | Q32: =SUM(M32:P32) -> 0 | R32: 4 | S32: =VLOOKUP(K32, rpacoreratio, 4, FALSE)*VLOOKUP(K32, rpacoreratio, 8, FALSE) -> 0 | X32: 61300
F33: 10180 | G33: Brazil | H33: B0488 | I33: Outcome 2.1_CORE | J33: Grants | K33: 72600 | L33: Grants | M33: =SUM(budget_Brazil:budget_Egypt!M33) -> 0 | N33: =SUM(budget_Brazil:budget_Egypt!N33) -> 730908 | O33: =SUM(budget_Brazil:budget_Egypt!O33) -> 730908 | P33: =SUM(budget_Brazil:budget_Egypt!P33) -> 365456.72 | Q33: =SUM(M33:P33) -> 1827272.7 | R33: 1 | S33: =VLOOKUP(K33, rpacoreratio, 4, FALSE)*VLOOKUP(K33, rpacoreratio, 8, FALSE) -> 0 | X33: 72600
C34: Total UNDP | M34: =SUM(M25:M33) -> 0 | N34: =SUM(N25:N33) -> 740739 | O34: =SUM(O25:O33) -> 740448 | P34: =SUM(P25:P33) -> 375002.72 | Q34: =SUM(Q25:Q33) -> 1856189.7
B35: Total Outcome 2.1. Landscape-seascape strategic objectives advanced through community-led grants._CORE | M35: =M34 -> 0 | N35: =N34 -> 740739 | O35: =O34 -> 740448 | P35: =P34 -> 375002.72 | Q35: =Q34 -> 1856189.7
B36: Outcome 2.1. Landscape-seascape strategic objectives advanced through community-led grants._STAR | C36: UNDP | D36: 62000 | E36: 10003 | F36: 10180 | G36: Brazil | H36: B0488 | I36: Outcome 2.1_STAR | J36: International Consultants | K36: 71200 | L36: International Consultants | M36: =SUM(budget_Brazil:budget_Egypt!M36) -> 0 | N36: =SUM(budget_Brazil:budget_Egypt!N36) -> 0 | O36: =SUM(budget_Brazil:budget_Egypt!O36) -> 0 | P36: =SUM(budget_Brazil:budget_Egypt!P36) -> 0 | Q36: =SUM(M36:P36) -> 0 | R36: 2 | S36: =VLOOKUP(K36, rpastarratio, 4, FALSE)*VLOOKUP(K36, rpastarratio, 8, FALSE) -> 0 | X36: 71200
F37: 10180 | G37: Brazil | H37: B0488 | I37: Outcome 2.1_STAR | J37: Local Consultants | K37: 71300 | L37: Local Consultants | M37: =SUM(budget_Brazil:budget_Egypt!M37) -> 0 | N37: =SUM(budget_Brazil:budget_Egypt!N37) -> 14750 | O37: =SUM(budget_Brazil:budget_Egypt!O37) -> 14316 | P37: =SUM(budget_Brazil:budget_Egypt!P37) -> 14315 | Q37: =SUM(M37:P37) -> 43381 | R37: 3 | S37: =VLOOKUP(K37, rpastarratio, 4, FALSE)*VLOOKUP(K37, rpastarratio, 8, FALSE) -> 0.01105183 | X37: 71300
F38: 10180 | G38: Brazil | H38: B0488 | I38: Outcome 2.1_STAR | J38: Contractual Services | K38: 71400 | L38: Contractual Services - Individ | M38: =SUM(budget_Brazil:budget_Egypt!M38) -> 0 | N38: =SUM(budget_Brazil:budget_Egypt!N38) -> 188497 | O38: =SUM(budget_Brazil:budget_Egypt!O38) -> 182954 | P38: =SUM(budget_Brazil:budget_Egypt!P38) -> 182951 | Q38: =SUM(M38:P38) -> 554402 | R38: 5 | S38: =VLOOKUP(K38, rpastarratio, 4, FALSE)*VLOOKUP(K38, rpastarratio, 8, FALSE) -> 0.16928577 | X38: 71400
F39: 10180 | G39: Brazil | H39: B0488 | I39: Outcome 2.1_STAR | J39: Travel | K39: 71600 | L39: Travel | M39: =SUM(budget_Brazil:budget_Egypt!M39) -> 0 | N39: =SUM(budget_Brazil:budget_Egypt!N39) -> 10953 | O39: =SUM(budget_Brazil:budget_Egypt!O39) -> 10631 | P39: =SUM(budget_Brazil:budget_Egypt!P39) -> 10632 | Q39: =SUM(M39:P39) -> 32216 | R39: 7 | S39: =VLOOKUP(K39, rpastarratio, 4, FALSE)*VLOOKUP(K39, rpastarratio, 8, FALSE) -> 0.0082070753 | X39: 71600
F40: 10180 | G40: Brazil | H40: B0488 | I40: Outcome 2.1_STAR | J40: Office Supplies | K40: 72500 | L40: Supplies | M40: =SUM(budget_Brazil:budget_Egypt!M40) -> 0 | N40: =SUM(budget_Brazil:budget_Egypt!N40) -> 930 | O40: =SUM(budget_Brazil:budget_Egypt!O40) -> 904 | P40: =SUM(budget_Brazil:budget_Egypt!P40) -> 906 | Q40: =SUM(M40:P40) -> 2740 | R40: 10 | S40: =VLOOKUP(K40, rpastarratio, 4, FALSE)*VLOOKUP(K40, rpastarratio, 8, FALSE) -> 0.00069784685 | X40: 72500
F41: 10180 | G41: Brazil | H41: B0488 | I41: Outcome 2.1_STAR | J41: Trainings, Workshops, Meetings | K41: 75700 | L41: Training, Workshops and Confer | M41: =SUM(budget_Brazil:budget_Egypt!M41) -> 0 | N41: =SUM(budget_Brazil:budget_Egypt!N41) -> 4714 | O41: =SUM(budget_Brazil:budget_Egypt!O41) -> 4576 | P41: =SUM(budget_Brazil:budget_Egypt!P41) -> 4576 | Q41: =SUM(M41:P41) -> 13866 | R41: 6 | S41: =VLOOKUP(K41, rpastarratio, 4, FALSE)*VLOOKUP(K41, rpastarratio, 8, FALSE) -> 0.0035324634 | X41: 75700
F42: 10180 | G42: Brazil | H42: B0488 | I42: Outcome 2.1_STAR | J42: Salaries and Benefits | K42: 61200 | L42: Salaries Costs - GS Staff | M42: =SUM(budget_Brazil:budget_Egypt!M42) -> 0 | N42: =SUM(budget_Brazil:budget_Egypt!N42) -> 0 | O42: =SUM(budget_Brazil:budget_Egypt!O42) -> 0 | P42: =SUM(budget_Brazil:budget_Egypt!P42) -> 0 | Q42: =SUM(M42:P42) -> 0 | R42: 4 | S42: =VLOOKUP(K42, rpastarratio, 4, FALSE)*VLOOKUP(K42, rpastarratio, 8, FALSE) -> 0 | X42: 61200
F43: 10180 | G43: Brazil | H43: B0488 | I43: Outcome 2.1_STAR | J43: Salaries and Benefits | K43: 61300 | L43: Salary & Post Adj Cst-IP Staff | M43: =SUM(budget_Brazil:budget_Egypt!M43) -> 0 | N43: =SUM(budget_Brazil:budget_Egypt!N43) -> 0 | O43: =SUM(budget_Brazil:budget_Egypt!O43) -> 0 | P43: =SUM(budget_Brazil:budget_Egypt!P43) -> 0 | Q43: =SUM(M43:P43) -> 0 | R43: 4 | S43: =VLOOKUP(K43, rpastarratio, 4, FALSE)*VLOOKUP(K43, rpastarratio, 8, FALSE) -> 0 | X43: 61300
F44: 10180 | G44: Brazil | H44: B0488 | I44: Outcome 2.1_STAR | J44: Grants | K44: 72600 | L44: Grants | M44: =SUM(budget_Brazil:budget_Egypt!M44) -> 0 | N44: =SUM(budget_Brazil:budget_Egypt!N44) -> 4133900 | O44: =SUM(budget_Brazil:budget_Egypt!O44) -> 4133900 | P44: =SUM(budget_Brazil:budget_Egypt!P44) -> 2066950 | Q44: =SUM(M44:P44) -> 10334750 | R44: 1 | S44: =VLOOKUP(K44, rpastarratio, 4, FALSE)*VLOOKUP(K44, rpastarratio, 8, FALSE) -> 0 | X44: 72600
C45: Total UNDP | M45: =SUM(M36:M44) -> 0 | N45: =SUM(N36:N44) -> 4353744 | O45: =SUM(O36:O44) -> 4347281 | P45: =SUM(P36:P44) -> 2280330 | Q45: =SUM(Q36:Q44) -> 10981355
B46: Total Outcome 2.1. Landscape-seascape strategic objectives advanced through community-led grants._STAR | M46: =M45 -> 0 | N46: =N45 -> 4353744 | O46: =O45 -> 4347281 | P46: =P45 -> 2280330 | Q46: =Q45 -> 10981355
A47: Total Component 2 | M47: =M35+M46 -> 0 | N47: =N35+N46 -> 5094483 | O47: =O35+O46 -> 5087729 | P47: =P35+P46 -> 2655332.7 | Q47: =Q35+Q46 -> 12837545
A48: Component 3: Knowledge Management and Learning | B48: Outcome 3.1. Sustainability and impact of community-led collective action enhanced through knowledge management and learning approaches across landscapes-seascapes and regions._CORE | C48: UNDP | D48: 62000 | E48: 10003 | F48: 10180 | G48: Brazil | H48: B0488 | I48: Outcome 3.1_CORE | J48: International Consultants | K48: 71200 | L48: International Consultants | M48: =SUM(budget_Brazil:budget_Egypt!M48) -> 0 | N48: =SUM(budget_Brazil:budget_Egypt!N48) -> 0 | O48: =SUM(budget_Brazil:budget_Egypt!O48) -> 0 | P48: =SUM(budget_Brazil:budget_Egypt!P48) -> 0 | Q48: =SUM(M48:P48) -> 0 | R48: 2 | S48: =VLOOKUP(K48, rpacoreratio, 5, FALSE)*VLOOKUP(K48, rpacoreratio, 8, FALSE) -> 0 | X48: 71200
F49: 10180 | G49: Brazil | H49: B0488 | I49: Outcome 3.1_CORE | J49: Local Consultants | K49: 71300 | L49: Local Consultants | M49: =SUM(budget_Brazil:budget_Egypt!M49) -> 0 | N49: =SUM(budget_Brazil:budget_Egypt!N49) -> 312 | O49: =SUM(budget_Brazil:budget_Egypt!O49) -> 303 | P49: =SUM(budget_Brazil:budget_Egypt!P49) -> 303 | Q49: =SUM(M49:P49) -> 918 | R49: 3 | S49: =VLOOKUP(K49, rpacoreratio, 5, FALSE)*VLOOKUP(K49, rpacoreratio, 8, FALSE) -> 0.0061210094 | X49: 71300
F50: 10180 | G50: Brazil | H50: B0488 | I50: Outcome 3.1_CORE | J50: Contractual Services | K50: 71400 | L50: Contractual Services - Individ | M50: =SUM(budget_Brazil:budget_Egypt!M50) -> 0 | N50: =SUM(budget_Brazil:budget_Egypt!N50) -> 4701 | O50: =SUM(budget_Brazil:budget_Egypt!O50) -> 4563 | P50: =SUM(budget_Brazil:budget_Egypt!P50) -> 4563 | Q50: =SUM(M50:P50) -> 13827 | R50: 5 | S50: =VLOOKUP(K50, rpacoreratio, 5, FALSE)*VLOOKUP(K50, rpacoreratio, 8, FALSE) -> 0.092177595 | X50: 71400
F51: 10180 | G51: Brazil | H51: B0488 | I51: Outcome 3.1_CORE | J51: Travel | K51: 71600 | L51: Travel | M51: =SUM(budget_Brazil:budget_Egypt!M51) -> 0 | N51: =SUM(budget_Brazil:budget_Egypt!N51) -> 903 | O51: =SUM(budget_Brazil:budget_Egypt!O51) -> 876 | P51: =SUM(budget_Brazil:budget_Egypt!P51) -> 873 | Q51: =SUM(M51:P51) -> 2652 | R51: 7 | S51: =VLOOKUP(K51, rpacoreratio, 5, FALSE)*VLOOKUP(K51, rpacoreratio, 8, FALSE) -> 0.017686551 | X51: 71600
F52: 10180 | G52: Brazil | H52: B0488 | I52: Outcome 3.1_CORE | J52: Office Supplies | K52: 72500 | L52: Supplies | M52: =SUM(budget_Brazil:budget_Egypt!M52) -> 0 | N52: =SUM(budget_Brazil:budget_Egypt!N52) -> 18 | O52: =SUM(budget_Brazil:budget_Egypt!O52) -> 18 | P52: =SUM(budget_Brazil:budget_Egypt!P52) -> 21 | Q52: =SUM(M52:P52) -> 57 | R52: 10 | S52: =VLOOKUP(K52, rpacoreratio, 5, FALSE)*VLOOKUP(K52, rpacoreratio, 8, FALSE) -> 0.00038649922 | X52: 72500
F53: 10180 | G53: Brazil | H53: B0488 | I53: Outcome 3.1_CORE | J53: Travel | K53: 74500 | L53: Miscellaneous Expenses | M53: =SUM(budget_Brazil:budget_Egypt!M53) -> 0 | N53: =SUM(budget_Brazil:budget_Egypt!N53) -> 21 | O53: =SUM(budget_Brazil:budget_Egypt!O53) -> 21 | P53: =SUM(budget_Brazil:budget_Egypt!P53) -> 18 | Q53: =SUM(M53:P53) -> 60 | R53: 11 | S53: =VLOOKUP(K53, rpacoreratio, 5, FALSE)*VLOOKUP(K53, rpacoreratio, 8, FALSE) -> 0.00040236622 | X53: 74500
F54: 10180 | G54: Brazil | H54: B0488 | I54: Outcome 3.1_CORE | J54: Trainings, Workshops, Meetings | K54: 75700 | L54: Training, Workshops and Confer | M54: =SUM(budget_Brazil:budget_Egypt!M54) -> 0 | N54: =SUM(budget_Brazil:budget_Egypt!N54) -> 99 | O54: =SUM(budget_Brazil:budget_Egypt!O54) -> 96 | P54: =SUM(budget_Brazil:budget_Egypt!P54) -> 99 | Q54: =SUM(M54:P54) -> 294 | R54: 6 | S54: =VLOOKUP(K54, rpacoreratio, 5, FALSE)*VLOOKUP(K54, rpacoreratio, 8, FALSE) -> 0.0019564285 | X54: 75700
F55: 10180 | G55: Brazil | H55: B0488 | I55: Outcome 3.1_CORE | J55: Salaries and Benefits | K55: 61200 | L55: Salaries Costs - GS Staff | M55: =SUM(budget_Brazil:budget_Egypt!M55) -> 0 | N55: =SUM(budget_Brazil:budget_Egypt!N55) -> 0 | O55: =SUM(budget_Brazil:budget_Egypt!O55) -> 0 | P55: =SUM(budget_Brazil:budget_Egypt!P55) -> 0 | Q55: =SUM(M55:P55) -> 0 | R55: 4 | S55: =VLOOKUP(K55, rpacoreratio, 5, FALSE)*VLOOKUP(K55, rpacoreratio, 8, FALSE) -> 0 | X55: 61200
F56: 10180 | G56: Brazil | H56: B0488 | I56: Outcome 3.1_CORE | J56: Salaries and Benefits | K56: 61300 | L56: Salary & Post Adj Cst-IP Staff | M56: =SUM(budget_Brazil:budget_Egypt!M56) -> 0 | N56: =SUM(budget_Brazil:budget_Egypt!N56) -> 0 | O56: =SUM(budget_Brazil:budget_Egypt!O56) -> 0 | P56: =SUM(budget_Brazil:budget_Egypt!P56) -> 0 | Q56: =SUM(M56:P56) -> 0 | R56: 4 | S56: =VLOOKUP(K56, rpacoreratio, 5, FALSE)*VLOOKUP(K56, rpacoreratio, 8, FALSE) -> 0 | X56: 61300
C57: Total UNDP | M57: =SUM(M48:M56) -> 0 | N57: =SUM(N48:N56) -> 6054 | O57: =SUM(O48:O56) -> 5877 | P57: =SUM(P48:P56) -> 5877 | Q57: =SUM(Q48:Q56) -> 17808
B58: Total Outcome 3.1. Sustainability and impact of community-led collective action enhanced through knowledge management and learning approaches across landscapes-seascapes and regions._CORE | M58: =M57 -> 0 | N58: =N57 -> 6054 | O58: =O57 -> 5877 | P58: =P57 -> 5877 | Q58: =Q57 -> 17808
B59: Outcome 3.1. Sustainability and impact of community-led collective action enhanced through knowledge management and learning approaches across landscapes-seascapes and regions._STAR | C59: UNDP | D59: 62000 | E59: 10003 | F59: 10180 | G59: Brazil | H59: B0488 | I59: Outcome 3.1_STAR | J59: International Consultants | K59: 71200 | L59: International Consultants | M59: =SUM(budget_Brazil:budget_Egypt!M59) -> 0 | N59: =SUM(budget_Brazil:budget_Egypt!N59) -> 0 | O59: =SUM(budget_Brazil:budget_Egypt!O59) -> 0 | P59: =SUM(budget_Brazil:budget_Egypt!P59) -> 0 | Q59: =SUM(M59:P59) -> 0 | R59: 2 | S59: =VLOOKUP(K59, rpastarratio, 5, FALSE)*VLOOKUP(K59, rpastarratio, 8, FALSE) -> 0 | X59: 71200
F60: 10180 | G60: Brazil | H60: B0488 | I60: Outcome 3.1_STAR | J60: Local Consultants | K60: 71300 | L60: Local Consultants | M60: =SUM(budget_Brazil:budget_Egypt!M60) -> 0 | N60: =SUM(budget_Brazil:budget_Egypt!N60) -> 8169 | O60: =SUM(budget_Brazil:budget_Egypt!O60) -> 7928 | P60: =SUM(budget_Brazil:budget_Egypt!P60) -> 7929 | Q60: =SUM(M60:P60) -> 24026 | R60: 3 | S60: =VLOOKUP(K60, rpastarratio, 5, FALSE)*VLOOKUP(K60, rpastarratio, 8, FALSE) -> 0.0061210094 | X60: 71300
F61: 10180 | G61: Brazil | H61: B0488 | I61: Outcome 3.1_STAR | J61: Contractual Services | K61: 71400 | L61: Contractual Services - Individ | M61: =SUM(budget_Brazil:budget_Egypt!M61) -> 0 | N61: =SUM(budget_Brazil:budget_Egypt!N61) -> 102637 | O61: =SUM(budget_Brazil:budget_Egypt!O61) -> 99620 | P61: =SUM(budget_Brazil:budget_Egypt!P61) -> 99620 | Q61: =SUM(M61:P61) -> 301877 | R61: 5 | S61: =VLOOKUP(K61, rpastarratio, 5, FALSE)*VLOOKUP(K61, rpastarratio, 8, FALSE) -> 0.092177595 | X61: 71400
F62: 10180 | G62: Brazil | H62: B0488 | I62: Outcome 3.1_STAR | J62: Travel | K62: 71600 | L62: Travel | M62: =SUM(budget_Brazil:budget_Egypt!M62) -> 0 | N62: =SUM(budget_Brazil:budget_Egypt!N62) -> 23604 | O62: =SUM(budget_Brazil:budget_Egypt!O62) -> 22909 | P62: =SUM(budget_Brazil:budget_Egypt!P62) -> 22911 | Q62: =SUM(M62:P62) -> 69424 | R62: 7 | S62: =VLOOKUP(K62, rpastarratio, 5, FALSE)*VLOOKUP(K62, rpastarratio, 8, FALSE) -> 0.017686551 | X62: 71600
F63: 10180 | G63: Brazil | H63: B0488 | I63: Outcome 3.1_STAR | J63: Office Supplies | K63: 72500 | L63: Supplies | M63: =SUM(budget_Brazil:budget_Egypt!M63) -> 0 | N63: =SUM(budget_Brazil:budget_Egypt!N63) -> 515 | O63: =SUM(budget_Brazil:budget_Egypt!O63) -> 499 | P63: =SUM(budget_Brazil:budget_Egypt!P63) -> 502 | Q63: =SUM(M63:P63) -> 1516 | R63: 10 | S63: =VLOOKUP(K63, rpastarratio, 5, FALSE)*VLOOKUP(K63, rpastarratio, 8, FALSE) -> 0.00038649922 | X63: 72500
F64: 10180 | G64: Brazil | H64: B0488 | I64: Outcome 3.1_STAR | J64: Travel | K64: 74500 | L64: Miscellaneous Expenses | M64: =SUM(budget_Brazil:budget_Egypt!M64) -> 0 | N64: =SUM(budget_Brazil:budget_Egypt!N64) -> 536 | O64: =SUM(budget_Brazil:budget_Egypt!O64) -> 521 | P64: =SUM(budget_Brazil:budget_Egypt!P64) -> 523 | Q64: =SUM(M64:P64) -> 1580 | R64: 11 | S64: =VLOOKUP(K64, rpastarratio, 5, FALSE)*VLOOKUP(K64, rpastarratio, 8, FALSE) -> 0.00040236622 | X64: 74500
F65: 10180 | G65: Brazil | H65: B0488 | I65: Outcome 3.1_STAR | J65: Trainings, Workshops, Meetings | K65: 75700 | L65: Training, Workshops and Confer | M65: =SUM(budget_Brazil:budget_Egypt!M65) -> 0 | N65: =SUM(budget_Brazil:budget_Egypt!N65) -> 2611 | O65: =SUM(budget_Brazil:budget_Egypt!O65) -> 2535 | P65: =SUM(budget_Brazil:budget_Egypt!P65) -> 2534 | Q65: =SUM(M65:P65) -> 7680 | R65: 6 | S65: =VLOOKUP(K65, rpastarratio, 5, FALSE)*VLOOKUP(K65, rpastarratio, 8, FALSE) -> 0.0019564285 | X65: 75700
F66: 10180 | G66: Brazil | H66: B0488 | I66: Outcome 3.1_STAR | J66: Salaries and Benefits | K66: 61200 | L66: Salaries Costs - GS Staff | M66: =SUM(budget_Brazil:budget_Egypt!M66) -> 0 | N66: =SUM(budget_Brazil:budget_Egypt!N66) -> 0 | O66: =SUM(budget_Brazil:budget_Egypt!O66) -> 0 | P66: =SUM(budget_Brazil:budget_Egypt!P66) -> 0 | Q66: =SUM(M66:P66) -> 0 | R66: 4 | S66: =VLOOKUP(K66, rpastarratio, 5, FALSE)*VLOOKUP(K66, rpastarratio, 8, FALSE) -> 0 | X66: 61200
F67: 10180 | G67: Brazil | H67: B0488 | I67: Outcome 3.1_STAR | J67: Salaries and Benefits | K67: 61300 | L67: Salary & Post Adj Cst-IP Staff | M67: =SUM(budget_Brazil:budget_Egypt!M67) -> 0 | N67: =SUM(budget_Brazil:budget_Egypt!N67) -> 0 | O67: =SUM(budget_Brazil:budget_Egypt!O67) -> 0 | P67: =SUM(budget_Brazil:budget_Egypt!P67) -> 0 | Q67: =SUM(M67:P67) -> 0 | R67: 4 | S67: =VLOOKUP(K67, rpastarratio, 5, FALSE)*VLOOKUP(K67, rpastarratio, 8, FALSE) -> 0 | X67: 61300
C68: Total UNDP | M68: =SUM(M59:M67) -> 0 | N68: =SUM(N59:N67) -> 138072 | O68: =SUM(O59:O67) -> 134012 | P68: =SUM(P59:P67) -> 134019 | Q68: =SUM(Q59:Q67) -> 406103
B69: Total Outcome 3.1. Sustainability and impact of community-led collective action enhanced through knowledge management and learning approaches across landscapes-seascapes and regions._STAR | M69: =M68 -> 0 | N69: =N68 -> 138072 | O69: =O68 -> 134012 | P69: =P68 -> 134019 | Q69: =Q68 -> 406103
A70: Total Component 3 | M70: =M58+M69 -> 0 | N70: =N58+N69 -> 144126 | O70: =O58+O69 -> 139889 | P70: =P58+P69 -> 139896 | Q70: =Q58+Q69 -> 423911
A71: Component 4: Monitoring & Evaluation | B71: Outcome 4.1. Scale, durability and impact of locally-led community action strengthend through monitoring, evaluation and evidence-based learning._CORE | C71: UNDP | D71: 62000 | E71: 10003 | F71: 10180 | G71: Brazil | H71: B0488 | I71: Outcome 4.1_CORE | J71: International Consultants | K71: 71200 | L71: International Consultants | M71: =SUM(budget_Brazil:budget_Egypt!M71) -> 0 | N71: =SUM(budget_Brazil:budget_Egypt!N71) -> 0 | O71: =SUM(budget_Brazil:budget_Egypt!O71) -> 0 | P71: =SUM(budget_Brazil:budget_Egypt!P71) -> 0 | Q71: =SUM(M71:P71) -> 0 | R71: 2 | S71: =VLOOKUP(K71, rpacoreratio, 6, FALSE)*VLOOKUP(K71, rpacoreratio, 8, FALSE) -> 0 | X71: 71200
F72: 10180 | G72: Brazil | H72: B0488 | I72: Outcome 4.1_CORE | J72: Local Consultants | K72: 71300 | L72: Local Consultants | M72: =SUM(budget_Brazil:budget_Egypt!M72) -> 0 | N72: =SUM(budget_Brazil:budget_Egypt!N72) -> 564 | O72: =SUM(budget_Brazil:budget_Egypt!O72) -> 549 | P72: =SUM(budget_Brazil:budget_Egypt!P72) -> 549 | Q72: =SUM(M72:P72) -> 1662 | R72: 3 | S72: =VLOOKUP(K72, rpacoreratio, 6, FALSE)*VLOOKUP(K72, rpacoreratio, 8, FALSE) -> 0.01108482 | X72: 71300
F73: 10180 | G73: Brazil | H73: B0488 | I73: Outcome 4.1_CORE | J73: Contractual Services | K73: 71400 | L73: Contractual Services - Individ | M73: =SUM(budget_Brazil:budget_Egypt!M73) -> 0 | N73: =SUM(budget_Brazil:budget_Egypt!N73) -> 1596 | O73: =SUM(budget_Brazil:budget_Egypt!O73) -> 1548 | P73: =SUM(budget_Brazil:budget_Egypt!P73) -> 1548 | Q73: =SUM(M73:P73) -> 4692 | R73: 5 | S73: =VLOOKUP(K73, rpacoreratio, 6, FALSE)*VLOOKUP(K73, rpacoreratio, 8, FALSE) -> 0.031270142 | X73: 71400
F74: 10180 | G74: Brazil | H74: B0488 | I74: Outcome 4.1_CORE | J74: Travel | K74: 71600 | L74: Travel | M74: =SUM(budget_Brazil:budget_Egypt!M74) -> 0 | N74: =SUM(budget_Brazil:budget_Egypt!N74) -> 2097 | O74: =SUM(budget_Brazil:budget_Egypt!O74) -> 2037 | P74: =SUM(budget_Brazil:budget_Egypt!P74) -> 2037 | Q74: =SUM(M74:P74) -> 6171 | R74: 7 | S74: =VLOOKUP(K74, rpacoreratio, 6, FALSE)*VLOOKUP(K74, rpacoreratio, 8, FALSE) -> 0.041134974 | X74: 71600
F75: 10180 | G75: Brazil | H75: B0488 | I75: Outcome 4.1_CORE | J75: Other Operating Costs | K75: 72100 | L75: Contractual Services-Companies | M75: =SUM(budget_Brazil:budget_Egypt!M75) -> 0 | N75: =SUM(budget_Brazil:budget_Egypt!N75) -> 0 | O75: =SUM(budget_Brazil:budget_Egypt!O75) -> 0 | P75: =SUM(budget_Brazil:budget_Egypt!P75) -> 0 | Q75: =SUM(M75:P75) -> 0 | R75: 12 | S75: =VLOOKUP(K75, rpacoreratio, 6, FALSE)*VLOOKUP(K75, rpacoreratio, 8, FALSE) -> 0 | X75: 72100
F76: 10180 | G76: Brazil | H76: B0488 | I76: Outcome 4.1_CORE | J76: Office Supplies | K76: 72500 | L76: Supplies | M76: =SUM(budget_Brazil:budget_Egypt!M76) -> 0 | N76: =SUM(budget_Brazil:budget_Egypt!N76) -> 180 | O76: =SUM(budget_Brazil:budget_Egypt!O76) -> 174 | P76: =SUM(budget_Brazil:budget_Egypt!P76) -> 171 | Q76: =SUM(M76:P76) -> 525 | R76: 10 | S76: =VLOOKUP(K76, rpacoreratio, 6, FALSE)*VLOOKUP(K76, rpacoreratio, 8, FALSE) -> 0.0034996364 | X76: 72500
F77: 10180 | G77: Brazil | H77: B0488 | I77: Outcome 4.1_CORE | J77: Travel | K77: 74500 | L77: Miscellaneous Expenses | M77: =SUM(budget_Brazil:budget_Egypt!M77) -> 0 | N77: =SUM(budget_Brazil:budget_Egypt!N77) -> 1176 | O77: =SUM(budget_Brazil:budget_Egypt!O77) -> 1143 | P77: =SUM(budget_Brazil:budget_Egypt!P77) -> 1143 | Q77: =SUM(M77:P77) -> 3462 | R77: 11 | S77: =VLOOKUP(K77, rpacoreratio, 6, FALSE)*VLOOKUP(K77, rpacoreratio, 8, FALSE) -> 0.023087515 | X77: 74500
F78: 10180 | G78: Brazil | H78: B0488 | I78: Outcome 4.1_CORE | J78: Trainings, Workshops, Meetings | K78: 75700 | L78: Training, Workshops and Confer | M78: =SUM(budget_Brazil:budget_Egypt!M78) -> 0 | N78: =SUM(budget_Brazil:budget_Egypt!N78) -> 924 | O78: =SUM(budget_Brazil:budget_Egypt!O78) -> 897 | P78: =SUM(budget_Brazil:budget_Egypt!P78) -> 894 | Q78: =SUM(M78:P78) -> 2715 | R78: 6 | S78: =VLOOKUP(K78, rpacoreratio, 6, FALSE)*VLOOKUP(K78, rpacoreratio, 8, FALSE) -> 0.018100375 | X78: 75700
F79: 10180 | G79: Brazil | H79: B0488 | I79: Outcome 4.1_CORE | J79: Salaries and Benefits | K79: 61300 | L79: Salary & Post Adj Cst-IP Staff | M79: =SUM(budget_Brazil:budget_Egypt!M79) -> 0 | N79: =SUM(budget_Brazil:budget_Egypt!N79) -> 0 | O79: =SUM(budget_Brazil:budget_Egypt!O79) -> 0 | P79: =SUM(budget_Brazil:budget_Egypt!P79) -> 0 | Q79: =SUM(M79:P79) -> 0 | R79: 4 | S79: =VLOOKUP(K79, rpacoreratio, 6, FALSE)*VLOOKUP(K79, rpacoreratio, 8, FALSE) -> 0 | X79: 61300
C80: Total UNDP | M80: =SUM(M71:M79) -> 0 | N80: =SUM(N71:N79) -> 6537 | O80: =SUM(O71:O79) -> 6348 | P80: =SUM(P71:P79) -> 6342 | Q80: =SUM(Q71:Q79) -> 19227
B81: Total Outcome 4.1. Scale, durability and impact of locally-led community action strengthend through monitoring, evaluation and evidence-based learning._CORE | M81: =M80 -> 0 | N81: =N80 -> 6537 | O81: =O80 -> 6348 | P81: =P80 -> 6342 | Q81: =Q80 -> 19227
B82: Outcome 4.1. Scale, durability and impact of locally-led community action strengthend through monitoring, evaluation and evidence-based learning._STAR | C82: UNDP | D82: 62000 | E82: 10003 | F82: 10180 | G82: Brazil | H82: B0488 | I82: Outcome 4.1_STAR | J82: International Consultants | K82: 71200 | L82: International Consultants | M82: =SUM(budget_Brazil:budget_Egypt!M82) -> 0 | N82: =SUM(budget_Brazil:budget_Egypt!N82) -> 0 | O82: =SUM(budget_Brazil:budget_Egypt!O82) -> 0 | P82: =SUM(budget_Brazil:budget_Egypt!P82) -> 0 | Q82: =SUM(M82:P82) -> 0 | R82: 2 | S82: =VLOOKUP(K82, rpastarratio, 6, FALSE)*VLOOKUP(K82, rpastarratio, 8, FALSE) -> 0 | X82: 71200
F83: 10180 | G83: Brazil | H83: B0488 | I83: Outcome 4.1_STAR | J83: Local Consultants | K83: 71300 | L83: Local Consultants | M83: =SUM(budget_Brazil:budget_Egypt!M83) -> 0 | N83: =SUM(budget_Brazil:budget_Egypt!N83) -> 14794 | O83: =SUM(budget_Brazil:budget_Egypt!O83) -> 14359 | P83: =SUM(budget_Brazil:budget_Egypt!P83) -> 14357 | Q83: =SUM(M83:P83) -> 43510 | R83: 3 | S83: =VLOOKUP(K83, rpastarratio, 6, FALSE)*VLOOKUP(K83, rpastarratio, 8, FALSE) -> 0.01108482 | X83: 71300
F84: 10180 | G84: Brazil | H84: B0488 | I84: Outcome 4.1_STAR | J84: Contractual Services | K84: 71400 | L84: Contractual Services - Individ | M84: =SUM(budget_Brazil:budget_Egypt!M84) -> 0 | N84: =SUM(budget_Brazil:budget_Egypt!N84) -> 34820 | O84: =SUM(budget_Brazil:budget_Egypt!O84) -> 33795 | P84: =SUM(budget_Brazil:budget_Egypt!P84) -> 33793 | Q84: =SUM(M84:P84) -> 102408 | R84: 5 | S84: =VLOOKUP(K84, rpastarratio, 6, FALSE)*VLOOKUP(K84, rpastarratio, 8, FALSE) -> 0.031270142 | X84: 71400
F85: 10180 | G85: Brazil | H85: B0488 | I85: Outcome 4.1_STAR | J85: Travel | K85: 71600 | L85: Travel | M85: =SUM(budget_Brazil:budget_Egypt!M85) -> 0 | N85: =SUM(budget_Brazil:budget_Egypt!N85) -> 54898 | O85: =SUM(budget_Brazil:budget_Egypt!O85) -> 53282 | P85: =SUM(budget_Brazil:budget_Egypt!P85) -> 53283 | Q85: =SUM(M85:P85) -> 161463 | R85: 7 | S85: =VLOOKUP(K85, rpastarratio, 6, FALSE)*VLOOKUP(K85, rpastarratio, 8, FALSE) -> 0.041134974 | X85: 71600
F86: 10180 | G86: Brazil | H86: B0488 | I86: Outcome 4.1_STAR | J86: Other Operating Costs | K86: 72100 | L86: Contractual Services-Companies | M86: =SUM(budget_Brazil:budget_Egypt!M86) -> 0 | N86: =SUM(budget_Brazil:budget_Egypt!N86) -> 0 | O86: =SUM(budget_Brazil:budget_Egypt!O86) -> 0 | P86: =SUM(budget_Brazil:budget_Egypt!P86) -> 0 | Q86: =SUM(M86:P86) -> 0 | R86: 12 | S86: =VLOOKUP(K86, rpastarratio, 6, FALSE)*VLOOKUP(K86, rpastarratio, 8, FALSE) -> 0 | X86: 72100
F87: 10180 | G87: Brazil | H87: B0488 | I87: Outcome 4.1_STAR | J87: Office Supplies | K87: 72500 | L87: Supplies | M87: =SUM(budget_Brazil:budget_Egypt!M87) -> 0 | N87: =SUM(budget_Brazil:budget_Egypt!N87) -> 4671 | O87: =SUM(budget_Brazil:budget_Egypt!O87) -> 4533 | P87: =SUM(budget_Brazil:budget_Egypt!P87) -> 4533 | Q87: =SUM(M87:P87) -> 13737 | R87: 10 | S87: =VLOOKUP(K87, rpastarratio, 6, FALSE)*VLOOKUP(K87, rpastarratio, 8, FALSE) -> 0.0034996364 | X87: 72500
F88: 10180 | G88: Brazil | H88: B0488 | I88: Outcome 4.1_STAR | J88: Travel | K88: 74500 | L88: Miscellaneous Expenses | M88: =SUM(budget_Brazil:budget_Egypt!M88) -> 0 | N88: =SUM(budget_Brazil:budget_Egypt!N88) -> 30811 | O88: =SUM(budget_Brazil:budget_Egypt!O88) -> 29905 | P88: =SUM(budget_Brazil:budget_Egypt!P88) -> 29907 | Q88: =SUM(M88:P88) -> 90623 | R88: 11 | S88: =VLOOKUP(K88, rpastarratio, 6, FALSE)*VLOOKUP(K88, rpastarratio, 8, FALSE) -> 0.023087515 | X88: 74500
F89: 10180 | G89: Brazil | H89: B0488 | I89: Outcome 4.1_STAR | J89: Trainings, Workshops, Meetings | K89: 75700 | L89: Training, Workshops and Confer | M89: =SUM(budget_Brazil:budget_Egypt!M89) -> 0 | N89: =SUM(budget_Brazil:budget_Egypt!N89) -> 24157 | O89: =SUM(budget_Brazil:budget_Egypt!O89) -> 23445 | P89: =SUM(budget_Brazil:budget_Egypt!P89) -> 23445 | Q89: =SUM(M89:P89) -> 71047 | R89: 6 | S89: =VLOOKUP(K89, rpastarratio, 6, FALSE)*VLOOKUP(K89, rpastarratio, 8, FALSE) -> 0.018100375 | X89: 75700
F90: 10180 | G90: Brazil | H90: B0488 | I90: Outcome 4.1_STAR | J90: Salaries and Benefits | K90: 61300 | L90: Salary & Post Adj Cst-IP Staff | M90: =SUM(budget_Brazil:budget_Egypt!M90) -> 0 | N90: =SUM(budget_Brazil:budget_Egypt!N90) -> 0 | O90: =SUM(budget_Brazil:budget_Egypt!O90) -> 0 | P90: =SUM(budget_Brazil:budget_Egypt!P90) -> 0 | Q90: =SUM(M90:P90) -> 0 | R90: 4 | S90: =VLOOKUP(K90, rpastarratio, 6, FALSE)*VLOOKUP(K90, rpastarratio, 8, FALSE) -> 0 | X90: 61300
C91: Total UNDP | M91: =SUM(M82:M90) -> 0 | N91: =SUM(N82:N90) -> 164151 | O91: =SUM(O82:O90) -> 159319 | P91: =SUM(P82:P90) -> 159318 | Q91: =SUM(Q82:Q90) -> 482788
B92: Total Outcome 4.1. Scale, durability and impact of locally-led community action strengthend through monitoring, evaluation and evidence-based learning._STAR | M92: =M91 -> 0 | N92: =N91 -> 164151 | O92: =O91 -> 159319 | P92: =P91 -> 159318 | Q92: =Q91 -> 482788
A93: Total Component 4 | M93: =M81+M92 -> 0 | N93: =N81+N92 -> 170688 | O93: =O81+O92 -> 165667 | P93: =P81+P92 -> 165660 | Q93: =Q81+Q92 -> 502015
A94: Project Management Cost (PMC) | B94: PMC_CORE | C94: UNDP | D94: 62000 | E94: 10003 | F94: 10180 | G94: Brazil | H94: B0488 | I94: PMC_CORE | J94: Contractual Services | K94: 71400 | L94: Contractual Services - Individ | M94: =SUM(budget_Brazil:budget_Egypt!M94) -> 0 | N94: =SUM(budget_Brazil:budget_Egypt!N94) -> 9969 | O94: =SUM(budget_Brazil:budget_Egypt!O94) -> 9675 | P94: =SUM(budget_Brazil:budget_Egypt!P94) -> 9675 | Q94: =SUM(M94:P94) -> 29319 | R94: 5 | S94: =VLOOKUP(K94, rpacoreratio, 7, FALSE)*VLOOKUP(K94, rpacoreratio, 8, FALSE) -> 0.19546413 | X94: 71400
F95: 10180 | G95: Brazil | H95: B0488 | I95: PMC_CORE | J95: Travel | K95: 71600 | L95: Travel | M95: =SUM(budget_Brazil:budget_Egypt!M95) -> 0 | N95: =SUM(budget_Brazil:budget_Egypt!N95) -> 972 | O95: =SUM(budget_Brazil:budget_Egypt!O95) -> 945 | P95: =SUM(budget_Brazil:budget_Egypt!P95) -> 945 | Q95: =SUM(M95:P95) -> 2862 | R95: 7 | S95: =VLOOKUP(K95, rpacoreratio, 7, FALSE)*VLOOKUP(K95, rpacoreratio, 8, FALSE) -> 0.019088922 | X95: 71600
F96: 10180 | G96: Brazil | H96: B0488 | I96: PMC_CORE | J96: Other Operating Costs | K96: 72200 | L96: Equipment and Furniture | M96: =SUM(budget_Brazil:budget_Egypt!M96) -> 0 | N96: =SUM(budget_Brazil:budget_Egypt!N96) -> 69 | O96: =SUM(budget_Brazil:budget_Egypt!O96) -> 69 | P96: =SUM(budget_Brazil:budget_Egypt!P96) -> 69 | Q96: =SUM(M96:P96) -> 207 | R96: 13 | S96: =VLOOKUP(K96, rpacoreratio, 7, FALSE)*VLOOKUP(K96, rpacoreratio, 8, FALSE) -> 0.0013809951 | X96: 72200
F97: 10180 | G97: Brazil | H97: B0488 | I97: PMC_CORE | J97: Other Operating Costs | K97: 72300 | L97: Materials & Goods | M97: =SUM(budget_Brazil:budget_Egypt!M97) -> 0 | N97: =SUM(budget_Brazil:budget_Egypt!N97) -> 0 | O97: =SUM(budget_Brazil:budget_Egypt!O97) -> 0 | P97: =SUM(budget_Brazil:budget_Egypt!P97) -> 0 | Q97: =SUM(M97:P97) -> 0 | R97: 14 | S97: =VLOOKUP(K97, rpacoreratio, 7, FALSE)*VLOOKUP(K97, rpacoreratio, 8, FALSE) -> 0 | X97: 72300
F98: 10180 | G98: Brazil | H98: B0488 | I98: PMC_CORE | J98: Other Operating Costs | K98: 72400 | L98: Communic & Audio Visual Equip | M98: =SUM(budget_Brazil:budget_Egypt!M98) -> 0 | N98: =SUM(budget_Brazil:budget_Egypt!N98) -> 501 | O98: =SUM(budget_Brazil:budget_Egypt!O98) -> 486 | P98: =SUM(budget_Brazil:budget_Egypt!P98) -> 486 | Q98: =SUM(M98:P98) -> 1473 | R98: 15 | S98: =VLOOKUP(K98, rpacoreratio, 7, FALSE)*VLOOKUP(K98, rpacoreratio, 8, FALSE) -> 0.0098297059 | X98: 72400
F99: 10180 | G99: Brazil | H99: B0488 | I99: PMC_CORE | J99: Office Supplies | K99: 72500 | L99: Supplies | M99: =SUM(budget_Brazil:budget_Egypt!M99) -> 0 | N99: =SUM(budget_Brazil:budget_Egypt!N99) -> 456 | O99: =SUM(budget_Brazil:budget_Egypt!O99) -> 444 | P99: =SUM(budget_Brazil:budget_Egypt!P99) -> 441 | Q99: =SUM(M99:P99) -> 1341 | R99: 10 | S99: =VLOOKUP(K99, rpacoreratio, 7, FALSE)*VLOOKUP(K99, rpacoreratio, 8, FALSE) -> 0.0089354247 | X99: 72500
F100: 10180 | G100: Brazil | H100: B0488 | I100: PMC_CORE | J100: Other Operating Costs | K100: 72800 | L100: Information Technology Equipmt | M100: =SUM(budget_Brazil:budget_Egypt!M100) -> 0 | N100: =SUM(budget_Brazil:budget_Egypt!N100) -> 318 | O100: =SUM(budget_Brazil:budget_Egypt!O100) -> 309 | P100: =SUM(budget_Brazil:budget_Egypt!P100) -> 312 | Q100: =SUM(M100:P100) -> 939 | R100: 16 | S100: =VLOOKUP(K100, rpacoreratio, 7, FALSE)*VLOOKUP(K100, rpacoreratio, 8, FALSE) -> 0.0062690135 | X100: 72800
...

Sheet budget_Brazil
L1: Grant | M1: 0 | N1: 0.4 | O1: 0.4 | P1: 0.2 | Q1: =SUM(M1:P1) -> 1
L2: Non-grant | M2: 0 | N2: 0.34 | O2: 0.33 | P2: 0.33 | Q2: =SUM(M2:P2) -> 1
A3: Quantum Outcome (GEF Component) | B3: Quantum Activity (GEF Output) | C3: Quantum UNDP(UNDP, IP) | D3: Quantum Fund ID | E3: Quantum Donor ID | F3: PIMS No. | G3: Country | H3: Business Unit | I3: Output | J3: Expenditure Category GEF | K3: Quantum Budgetary Account Code | L3: Quantum Budget Account Description | M3: Amount Year 2025 | N3: Amount Year 2026 | O3: Amount Year 2027 | P3: Amount Year 2028 | Q3: Total (USD) | R3: See Budget Note: (reference as number, not as letter) | S3: ratio | U3: RPA budget summary
A4: Component 1: Strategic Planning and Multi-Stakeholder Governance | B4: Outcome 1.1. Enabling environment strengthened for effective community-driven integrated approaches_CORE | C4: UNDP | D4: 62000 | E4: 10003 | F4: 10180 | G4: Brazil | H4: B0488 | I4: Outcome 1.1_CORE | J4: International Consultants | K4: 71200 | L4: International Consultants | M4: =ROUND(M$2*$Q4,0) -> 0 | N4: =ROUND(N$2*$Q4,0) -> 0 | O4: =ROUND(O$2*$Q4,0) -> 0 | P4: =Q4-SUM(M4:O4) -> 0 | Q4: =ROUND($V$6*S4,0) -> 0 | R4: 2 | S4: =VLOOKUP(K4, rpacoreratio, 3, FALSE)*VLOOKUP(K4, rpacoreratio, 8, FALSE) -> 0 | U4: CORE grant | V4: =[3]RPA_Kris!B3 -> 456818.18
F5: 10180 | G5: Brazil | H5: B0488 | I5: Outcome 1.1_CORE | J5: Local Consultants | K5: 71300 | L5: Local Consultants | M5: =ROUND(M$2*$Q5,0) -> 0 | N5: =ROUND(N$2*$Q5,0) -> 195 | O5: =ROUND(O$2*$Q5,0) -> 189 | P5: =Q5-SUM(M5:O5) -> 190 | Q5: =ROUND($V$6*S5,0) -> 574 | R5: 3 | S5: =VLOOKUP(K5, rpacoreratio, 3, FALSE)*VLOOKUP(K5, rpacoreratio, 8, FALSE) -> 0.011484624 | U5: STAR grant | V5: =[3]RPA_Kris!B4 -> 2680000
F6: 10180 | G6: Brazil | H6: B0488 | I6: Outcome 1.1_CORE | J6: Contractual Services | K6: 71400 | L6: Contractual Services - Individ | M6: =ROUND(M$2*$Q6,0) -> 0 | N6: =ROUND(N$2*$Q6,0) -> 2999 | O6: =ROUND(O$2*$Q6,0) -> 2911 | P6: =Q6-SUM(M6:O6) -> 2910 | Q6: =ROUND($V$6*S6,0) -> 8820 | R6: 5 | S6: =VLOOKUP(K6, rpacoreratio, 3, FALSE)*VLOOKUP(K6, rpacoreratio, 8, FALSE) -> 0.17640953 | U6: CORE non-grant | V6: =[3]RPA_Kris!B5 -> 50000
F7: 10180 | G7: Brazil | H7: B0488 | I7: Outcome 1.1_CORE | J7: Travel | K7: 71600 | L7: Travel | M7: =ROUND(M$2*$Q7,0) -> 0 | N7: =ROUND(N$2*$Q7,0) -> 319 | O7: =ROUND(O$2*$Q7,0) -> 310 | P7: =Q7-SUM(M7:O7) -> 309 | Q7: =ROUND($V$6*S7,0) -> 938 | R7: 7 | S7: =VLOOKUP(K7, rpacoreratio, 3, FALSE)*VLOOKUP(K7, rpacoreratio, 8, FALSE) -> 0.018765823 | U7: STAR non-grant | V7: =[3]RPA_Kris!B6 -> 928310
F8: 10180 | G8: Brazil | H8: B0488 | I8: Outcome 1.1_CORE | J8: Office Supplies | K8: 72500 | L8: Supplies | M8: =ROUND(M$2*$Q8,0) -> 0 | N8: =ROUND(N$2*$Q8,0) -> 12 | O8: =ROUND(O$2*$Q8,0) -> 12 | P8: =Q8-SUM(M8:O8) -> 12 | Q8: =ROUND($V$6*S8,0) -> 36 | R8: 10 | S8: =VLOOKUP(K8, rpacoreratio, 3, FALSE)*VLOOKUP(K8, rpacoreratio, 8, FALSE) -> 0.0007250959 | V8: =SUM(V4:V7) -> 4115128.2
F9: 10180 | G9: Brazil | H9: B0488 | I9: Outcome 1.1_CORE | J9: Trainings, Workshops, Meetings | K9: 75700 | L9: Training, Workshops and Confer | M9: =ROUND(M$2*$Q9,0) -> 0 | N9: =ROUND(N$2*$Q9,0) -> 63 | O9: =ROUND(O$2*$Q9,0) -> 61 | P9: =Q9-SUM(M9:O9) -> 60 | Q9: =ROUND($V$6*S9,0) -> 184 | R9: 6 | S9: =VLOOKUP(K9, rpacoreratio, 3, FALSE)*VLOOKUP(K9, rpacoreratio, 8, FALSE) -> 0.0036708274
F10: 10180 | G10: Brazil | H10: B0488 | I10: Outcome 1.1_CORE | J10: Salaries and Benefits | K10: 61200 | L10: Salaries Costs - GS Staff | M10: =ROUND(M$2*$Q10,0) -> 0 | N10: =ROUND(N$2*$Q10,0) -> 0 | O10: =ROUND(O$2*$Q10,0) -> 0 | P10: =Q10-SUM(M10:O10) -> 0 | Q10: =ROUND($V$6*S10,0) -> 0 | R10: 4 | S10: =VLOOKUP(K10, rpacoreratio, 3, FALSE)*VLOOKUP(K10, rpacoreratio, 8, FALSE) -> 0
F11: 10180 | G11: Brazil | H11: B0488 | I11: Outcome 1.1_CORE | J11: Salaries and Benefits | K11: 61300 | L11: Salary & Post Adj Cst-IP Staff | M11: =ROUND(M$2*$Q11,0) -> 0 | N11: =ROUND(N$2*$Q11,0) -> 0 | O11: =ROUND(O$2*$Q11,0) -> 0 | P11: =Q11-SUM(M11:O11) -> 0 | Q11: =ROUND($V$6*S11,0) -> 0 | R11: 4 | S11: =VLOOKUP(K11, rpacoreratio, 3, FALSE)*VLOOKUP(K11, rpacoreratio, 8, FALSE) -> 0
C12: Total UNDP | M12: =SUM(M4:M11) -> 0 | N12: =SUM(N4:N11) -> 3588 | O12: =SUM(O4:O11) -> 3483 | P12: =SUM(P4:P11) -> 3481 | Q12: =SUM(Q4:Q11) -> 10552
B13: Total Outcome 1.1. Enabling environment strengthened for effective community-driven integrated approaches_CORE | M13: =M12 -> 0 | N13: =N12 -> 3588 | O13: =O12 -> 3483 | P13: =P12 -> 3481 | Q13: =Q12 -> 10552
B14: Outcome 1.1. Enabling environment strengthened for effective community-driven integrated approaches_STAR | C14: UNDP | D14: 62000 | E14: 10003 | F14: 10180 | G14: Brazil | H14: B0488 | I14: Outcome 1.1_STAR | J14: International Consultants | K14: 71200 | L14: International Consultants | M14: =ROUND(M$2*$Q14,0) -> 0 | N14: =ROUND(N$2*$Q14,0) -> 0 | O14: =ROUND(O$2*$Q14,0) -> 0 | P14: =Q14-SUM(M14:O14) -> 0 | Q14: =ROUND($V$7*S14,0) -> 0 | R14: 2 | S14: =VLOOKUP(K14, rpastarratio, 3, FALSE)*VLOOKUP(K14, rpastarratio, 8, FALSE) -> 0
F15: 10180 | G15: Brazil | H15: B0488 | I15: Outcome 1.1_STAR | J15: Local Consultants | K15: 71300 | L15: Local Consultants | M15: =ROUND(M$2*$Q15,0) -> 0 | N15: =ROUND(N$2*$Q15,0) -> 3625 | O15: =ROUND(O$2*$Q15,0) -> 3518 | P15: =Q15-SUM(M15:O15) -> 3518 | Q15: =ROUND($V$7*S15,0) -> 10661 | R15: 3 | S15: =VLOOKUP(K15, rpastarratio, 3, FALSE)*VLOOKUP(K15, rpastarratio, 8, FALSE) -> 0.011484624
F16: 10180 | G16: Brazil | H16: B0488 | I16: Outcome 1.1_STAR | J16: Contractual Services | K16: 71400 | L16: Contractual Services - Individ | M16: =ROUND(M$2*$Q16,0) -> 0 | N16: =ROUND(N$2*$Q16,0) -> 55679 | O16: =ROUND(O$2*$Q16,0) -> 54042 | P16: =Q16-SUM(M16:O16) -> 54042 | Q16: =ROUND($V$7*S16,0) -> 163763 | R16: 5 | S16: =VLOOKUP(K16, rpastarratio, 3, FALSE)*VLOOKUP(K16, rpastarratio, 8, FALSE) -> 0.17640953
F17: 10180 | G17: Brazil | H17: B0488 | I17: Outcome 1.1_STAR | J17: Travel | K17: 71600 | L17: Travel | M17: =ROUND(M$2*$Q17,0) -> 0 | N17: =ROUND(N$2*$Q17,0) -> 5923 | O17: =ROUND(O$2*$Q17,0) -> 5749 | P17: =Q17-SUM(M17:O17) -> 5749 | Q17: =ROUND($V$7*S17,0) -> 17421 | R17: 7 | S17: =VLOOKUP(K17, rpastarratio, 3, FALSE)*VLOOKUP(K17, rpastarratio, 8, FALSE) -> 0.018765823
F18: 10180 | G18: Brazil | H18: B0488 | I18: Outcome 1.1_STAR | J18: Office Supplies | K18: 72500 | L18: Supplies | M18: =ROUND(M$2*$Q18,0) -> 0 | N18: =ROUND(N$2*$Q18,0) -> 229 | O18: =ROUND(O$2*$Q18,0) -> 222 | P18: =Q18-SUM(M18:O18) -> 222 | Q18: =ROUND($V$7*S18,0) -> 673 | R18: 10 | S18: =VLOOKUP(K18, rpastarratio, 3, FALSE)*VLOOKUP(K18, rpastarratio, 8, FALSE) -> 0.0007250959
F19: 10180 | G19: Brazil | H19: B0488 | I19: Outcome 1.1_STAR | J19: Trainings, Workshops, Meetings | K19: 75700 | L19: Training, Workshops and Confer | M19: =ROUND(M$2*$Q19,0) -> 0 | N19: =ROUND(N$2*$Q19,0) -> 1159 | O19: =ROUND(O$2*$Q19,0) -> 1125 | P19: =Q19-SUM(M19:O19) -> 1124 | Q19: =ROUND($V$7*S19,0) -> 3408 | R19: 6 | S19: =VLOOKUP(K19, rpastarratio, 3, FALSE)*VLOOKUP(K19, rpastarratio, 8, FALSE) -> 0.0036708274
F20: 10180 | G20: Brazil | H20: B0488 | I20: Outcome 1.1_STAR | J20: Salaries and Benefits | K20: 61200 | L20: Salaries Costs - GS Staff | M20: =ROUND(M$2*$Q20,0) -> 0 | N20: =ROUND(N$2*$Q20,0) -> 0 | O20: =ROUND(O$2*$Q20,0) -> 0 | P20: =Q20-SUM(M20:O20) -> 0 | Q20: =ROUND($V$7*S20,0) -> 0 | R20: 4 | S20: =VLOOKUP(K20, rpastarratio, 3, FALSE)*VLOOKUP(K20, rpastarratio, 8, FALSE) -> 0
F21: 10180 | G21: Brazil | H21: B0488 | I21: Outcome 1.1_STAR | J21: Salaries and Benefits | K21: 61300 | L21: Salary & Post Adj Cst-IP Staff | M21: =ROUND(M$2*$Q21,0) -> 0 | N21: =ROUND(N$2*$Q21,0) -> 0 | O21: =ROUND(O$2*$Q21,0) -> 0 | P21: =Q21-SUM(M21:O21) -> 0 | Q21: =ROUND($V$7*S21,0) -> 0 | R21: 4 | S21: =VLOOKUP(K21, rpastarratio, 3, FALSE)*VLOOKUP(K21, rpastarratio, 8, FALSE) -> 0
C22: Total UNDP | M22: =SUM(M14:M21) -> 0 | N22: =SUM(N14:N21) -> 66615 | O22: =SUM(O14:O21) -> 64656 | P22: =SUM(P14:P21) -> 64655 | Q22: =SUM(Q14:Q21) -> 195926
B23: Total Outcome 1.1. Enabling environment strengthened for effective community-driven integrated approaches_STAR | M23: =M22 -> 0 | N23: =N22 -> 66615 | O23: =O22 -> 64656 | P23: =P22 -> 64655 | Q23: =Q22 -> 195926
A24: Total Component 1 | M24: =M13+M23 -> 0 | N24: =N13+N23 -> 70203 | O24: =O13+O23 -> 68139 | P24: =P13+P23 -> 68136 | Q24: =Q13+Q23 -> 206478
A25: Component 2: Demand-driven grants to CSOs/CBOs (Grants) | B25: Outcome 2.1. Landscape-seascape strategic objectives advanced through community-led grants._CORE | C25: UNDP | D25: 62000 | E25: 10003 | F25: 10180 | G25: Brazil | H25: B0488 | I25: Outcome 2.1_CORE | J25: International Consultants | K25: 71200 | L25: International Consultants | M25: =ROUND(M$2*$Q25,0) -> 0 | N25: =ROUND(N$2*$Q25,0) -> 0 | O25: =ROUND(O$2*$Q25,0) -> 0 | P25: =Q25-SUM(M25:O25) -> 0 | Q25: =ROUND($V$6*S25,0) -> 0 | R25: 2 | S25: =VLOOKUP(K25, rpacoreratio, 4, FALSE)*VLOOKUP(K25, rpacoreratio, 8, FALSE) -> 0
F26: 10180 | G26: Brazil | H26: B0488 | I26: Outcome 2.1_CORE | J26: Local Consultants | K26: 71300 | L26: Local Consultants | M26: =ROUND(M$2*$Q26,0) -> 0 | N26: =ROUND(N$2*$Q26,0) -> 188 | O26: =ROUND(O$2*$Q26,0) -> 182 | P26: =Q26-SUM(M26:O26) -> 183 | Q26: =ROUND($V$6*S26,0) -> 553 | R26: 3 | S26: =VLOOKUP(K26, rpacoreratio, 4, FALSE)*VLOOKUP(K26, rpacoreratio, 8, FALSE) -> 0.01105183
F27: 10180 | G27: Brazil | H27: B0488 | I27: Outcome 2.1_CORE | J27: Contractual Services | K27: 71400 | L27: Contractual Services - Individ | M27: =ROUND(M$2*$Q27,0) -> 0 | N27: =ROUND(N$2*$Q27,0) -> 2878 | O27: =ROUND(O$2*$Q27,0) -> 2793 | P27: =Q27-SUM(M27:O27) -> 2793 | Q27: =ROUND($V$6*S27,0) -> 8464 | R27: 5 | S27: =VLOOKUP(K27, rpacoreratio, 4, FALSE)*VLOOKUP(K27, rpacoreratio, 8, FALSE) -> 0.16928577
F28: 10180 | G28: Brazil | H28: B0488 | I28: Outcome 2.1_CORE | J28: Travel | K28: 71600 | L28: Travel | M28: =ROUND(M$2*$Q28,0) -> 0 | N28: =ROUND(N$2*$Q28,0) -> 139 | O28: =ROUND(O$2*$Q28,0) -> 135 | P28: =Q28-SUM(M28:O28) -> 136 | Q28: =ROUND($V$6*S28,0) -> 410 | R28: 7 | S28: =VLOOKUP(K28, rpacoreratio, 4, FALSE)*VLOOKUP(K28, rpacoreratio, 8, FALSE) -> 0.0082070753
F29: 10180 | G29: Brazil | H29: B0488 | I29: Outcome 2.1_CORE | J29: Office Supplies | K29: 72500 | L29: Supplies | M29: =ROUND(M$2*$Q29,0) -> 0 | N29: =ROUND(N$2*$Q29,0) -> 12 | O29: =ROUND(O$2*$Q29,0) -> 12 | P29: =Q29-SUM(M29:O29) -> 11 | Q29: =ROUND($V$6*S29,0) -> 35 | R29: 10 | S29: =VLOOKUP(K29, rpacoreratio, 4, FALSE)*VLOOKUP(K29, rpacoreratio, 8, FALSE) -> 0.00069784685
F30: 10180 | G30: Brazil | H30: B0488 | I30: Outcome 2.1_CORE | J30: Trainings, Workshops, Meetings | K30: 75700 | L30: Training, Workshops and Confer | M30: =ROUND(M$2*$Q30,0) -> 0 | N30: =ROUND(N$2*$Q30,0) -> 60 | O30: =ROUND(O$2*$Q30,0) -> 58 | P30: =Q30-SUM(M30:O30) -> 59 | Q30: =ROUND($V$6*S30,0) -> 177 | R30: 6 | S30: =VLOOKUP(K30, rpacoreratio, 4, FALSE)*VLOOKUP(K30, rpacoreratio, 8, FALSE) -> 0.0035324634
F31: 10180 | G31: Brazil | H31: B0488 | I31: Outcome 2.1_CORE | J31: Salaries and Benefits | K31: 61200 | L31: Salaries Costs - GS Staff | M31: =ROUND(M$2*$Q31,0) -> 0 | N31: =ROUND(N$2*$Q31,0) -> 0 | O31: =ROUND(O$2*$Q31,0) -> 0 | P31: =Q31-SUM(M31:O31) -> 0 | Q31: =ROUND($V$6*S31,0) -> 0 | R31: 4 | S31: =VLOOKUP(K31, rpacoreratio, 4, FALSE)*VLOOKUP(K31, rpacoreratio, 8, FALSE) -> 0
F32: 10180 | G32: Brazil | H32: B0488 | I32: Outcome 2.1_CORE | J32: Salaries and Benefits | K32: 61300 | L32: Salary & Post Adj Cst-IP Staff | M32: =ROUND(M$2*$Q32,0) -> 0 | N32: =ROUND(N$2*$Q32,0) -> 0 | O32: =ROUND(O$2*$Q32,0) -> 0 | P32: =Q32-SUM(M32:O32) -> 0 | Q32: =ROUND($V$6*S32,0) -> 0 | R32: 4 | S32: =VLOOKUP(K32, rpacoreratio, 4, FALSE)*VLOOKUP(K32, rpacoreratio, 8, FALSE) -> 0
F33: 10180 | G33: Brazil | H33: B0488 | I33: Outcome 2.1_CORE | J33: Grants | K33: 72600 | L33: Grants | M33: =ROUND(M$1*$Q33, 0) -> 0 | N33: =ROUND(N$1*$Q33, 0) -> 182727 | O33: =ROUND(O$1*$Q33, 0) -> 182727 | P33: =Q33-SUM(M33:O33) -> 91364.18 | Q33: =V4 -> 456818.18 | R33: 1 | S33: =VLOOKUP(K33, rpacoreratio, 4, FALSE)*VLOOKUP(K33, rpacoreratio, 8, FALSE) -> 0
C34: Total UNDP | M34: =SUM(M25:M33) -> 0 | N34: =SUM(N25:N33) -> 186004 | O34: =SUM(O25:O33) -> 185907 | P34: =SUM(P25:P33) -> 94546.18 | Q34: =SUM(Q25:Q33) -> 466457.18
B35: Total Outcome 2.1. Landscape-seascape strategic objectives advanced through community-led grants._CORE | M35: =M34 -> 0 | N35: =N34 -> 186004 | O35: =O34 -> 185907 | P35: =P34 -> 94546.18 | Q35: =Q34 -> 466457.18
B36: Outcome 2.1. Landscape-seascape strategic objectives advanced through community-led grants._STAR | C36: UNDP | D36: 62000 | E36: 10003 | F36: 10180 | G36: Brazil | H36: B0488 | I36: Outcome 2.1_STAR | J36: International Consultants | K36: 71200 | L36: International Consultants | M36: =ROUND(M$2*$Q36,0) -> 0 | N36: =ROUND(N$2*$Q36,0) -> 0 | O36: =ROUND(O$2*$Q36,0) -> 0 | P36: =Q36-SUM(M36:O36) -> 0 | Q36: =ROUND($V$7*S36,0) -> 0 | R36: 2 | S36: =VLOOKUP(K36, rpastarratio, 4, FALSE)*VLOOKUP(K36, rpastarratio, 8, FALSE) -> 0
F37: 10180 | G37: Brazil | H37: B0488 | I37: Outcome 2.1_STAR | J37: Local Consultants | K37: 71300 | L37: Local Consultants | M37: =ROUND(M$2*$Q37,0) -> 0 | N37: =ROUND(N$2*$Q37,0) -> 3488 | O37: =ROUND(O$2*$Q37,0) -> 3386 | P37: =Q37-SUM(M37:O37) -> 3386 | Q37: =ROUND($V$7*S37,0) -> 10260 | R37: 3 | S37: =VLOOKUP(K37, rpastarratio, 4, FALSE)*VLOOKUP(K37, rpastarratio, 8, FALSE) -> 0.01105183
F38: 10180 | G38: Brazil | H38: B0488 | I38: Outcome 2.1_STAR | J38: Contractual Services | K38: 71400 | L38: Contractual Services - Individ | M38: =ROUND(M$2*$Q38,0) -> 0 | N38: =ROUND(N$2*$Q38,0) -> 53431 | O38: =ROUND(O$2*$Q38,0) -> 51860 | P38: =Q38-SUM(M38:O38) -> 51859 | Q38: =ROUND($V$7*S38,0) -> 157150 | R38: 5 | S38: =VLOOKUP(K38, rpastarratio, 4, FALSE)*VLOOKUP(K38, rpastarratio, 8, FALSE) -> 0.16928577
F39: 10180 | G39: Brazil | H39: B0488 | I39: Outcome 2.1_STAR | J39: Travel | K39: 71600 | L39: Travel | M39: =ROUND(M$2*$Q39,0) -> 0 | N39: =ROUND(N$2*$Q39,0) -> 2590 | O39: =ROUND(O$2*$Q39,0) -> 2514 | P39: =Q39-SUM(M39:O39) -> 2515 | Q39: =ROUND($V$7*S39,0) -> 7619 | R39: 7 | S39: =VLOOKUP(K39, rpastarratio, 4, FALSE)*VLOOKUP(K39, rpastarratio, 8, FALSE) -> 0.0082070753
F40: 10180 | G40: Brazil | H40: B0488 | I40: Outcome 2.1_STAR | J40: Office Supplies | K40: 72500 | L40: Supplies | M40: =ROUND(M$2*$Q40,0) -> 0 | N40: =ROUND(N$2*$Q40,0) -> 220 | O40: =ROUND(O$2*$Q40,0) -> 214 | P40: =Q40-SUM(M40:O40) -> 214 | Q40: =ROUND($V$7*S40,0) -> 648 | R40: 10 | S40: =VLOOKUP(K40, rpastarratio, 4, FALSE)*VLOOKUP(K40, rpastarratio, 8, FALSE) -> 0.00069784685
F41: 10180 | G41: Brazil | H41: B0488 | I41: Outcome 2.1_STAR | J41: Trainings, Workshops, Meetings | K41: 75700 | L41: Training, Workshops and Confer | M41: =ROUND(M$2*$Q41,0) -> 0 | N41: =ROUND(N$2*$Q41,0) -> 1115 | O41: =ROUND(O$2*$Q41,0) -> 1082 | P41: =Q41-SUM(M41:O41) -> 1082 | Q41: =ROUND($V$7*S41,0) -> 3279 | R41: 6 | S41: =VLOOKUP(K41, rpastarratio, 4, FALSE)*VLOOKUP(K41, rpastarratio, 8, FALSE) -> 0.0035324634
F42: 10180 | G42: Brazil | H42: B0488 | I42: Outcome 2.1_STAR | J42: Salaries and Benefits | K42: 61200 | L42: Salaries Costs - GS Staff | M42: =ROUND(M$2*$Q42,0) -> 0 | N42: =ROUND(N$2*$Q42,0) -> 0 | O42: =ROUND(O$2*$Q42,0) -> 0 | P42: =Q42-SUM(M42:O42) -> 0 | Q42: =ROUND($V$7*S42,0) -> 0 | R42: 4 | S42: =VLOOKUP(K42, rpastarratio, 4, FALSE)*VLOOKUP(K42, rpastarratio, 8, FALSE) -> 0
F43: 10180 | G43: Brazil | H43: B0488 | I43: Outcome 2.1_STAR | J43: Salaries and Benefits | K43: 61300 | L43: Salary & Post Adj Cst-IP Staff | M43: =ROUND(M$2*$Q43,0) -> 0 | N43: =ROUND(N$2*$Q43,0) -> 0 | O43: =ROUND(O$2*$Q43,0) -> 0 | P43: =Q43-SUM(M43:O43) -> 0 | Q43: =ROUND($V$7*S43,0) -> 0 | R43: 4 | S43: =VLOOKUP(K43, rpastarratio, 4, FALSE)*VLOOKUP(K43, rpastarratio, 8, FALSE) -> 0
F44: 10180 | G44: Brazil | H44: B0488 | I44: Outcome 2.1_STAR | J44: Grants | K44: 72600 | L44: Grants | M44: =ROUND(M$1*$Q44,0) -> 0 | N44: =ROUND(N$1*$Q44,0) -> 1072000 | O44: =ROUND(O$1*$Q44,0) -> 1072000 | P44: =Q44-SUM(M44:O44) -> 536000 | Q44: =ROUND(V5,0) -> 2680000 | R44: 1 | S44: =VLOOKUP(K44, rpastarratio, 4, FALSE)*VLOOKUP(K44, rpastarratio, 8, FALSE) -> 0
C45: Total UNDP | M45: =SUM(M36:M44) -> 0 | N45: =SUM(N36:N44) -> 1132844 | O45: =SUM(O36:O44) -> 1131056 | P45: =SUM(P36:P44) -> 595056 | Q45: =SUM(Q36:Q44) -> 2858956
B46: Total Outcome 2.1. Landscape-seascape strategic objectives advanced through community-led grants._STAR | M46: =M45 -> 0 | N46: =N45 -> 1132844 | O46: =O45 -> 1131056 | P46: =P45 -> 595056 | Q46: =Q45 -> 2858956
A47: Total Component 2 | M47: =M35+M46 -> 0 | N47: =N35+N46 -> 1318848 | O47: =O35+O46 -> 1316963 | P47: =P35+P46 -> 689602.18 | Q47: =Q35+Q46 -> 3325413.2
A48: Component 3: Knowledge Management and Learning | B48: Outcome 3.1. Sustainability and impact of community-led collective action enhanced through knowledge management and learning approaches across landscapes-seascapes and regions._CORE | C48: UNDP | D48: 62000 | E48: 10003 | F48: 10180 | G48: Brazil | H48: B0488 | I48: Outcome 3.1_CORE | J48: International Consultants | K48: 71200 | L48: International Consultants | M48: =ROUND(M$2*$Q48,0) -> 0 | N48: =ROUND(N$2*$Q48,0) -> 0 | O48: =ROUND(O$2*$Q48,0) -> 0 | P48: =Q48-SUM(M48:O48) -> 0 | Q48: =ROUND($V$6*S48,0) -> 0 | R48: 2 | S48: =VLOOKUP(K48, rpacoreratio, 5, FALSE)*VLOOKUP(K48, rpacoreratio, 8, FALSE) -> 0
F49: 10180 | G49: Brazil | H49: B0488 | I49: Outcome 3.1_CORE | J49: Local Consultants | K49: 71300 | L49: Local Consultants | M49: =ROUND(M$2*$Q49,0) -> 0 | N49: =ROUND(N$2*$Q49,0) -> 104 | O49: =ROUND(O$2*$Q49,0) -> 101 | P49: =Q49-SUM(M49:O49) -> 101 | Q49: =ROUND($V$6*S49,0) -> 306 | R49: 3 | S49: =VLOOKUP(K49, rpacoreratio, 5, FALSE)*VLOOKUP(K49, rpacoreratio, 8, FALSE) -> 0.0061210094
F50: 10180 | G50: Brazil | H50: B0488 | I50: Outcome 3.1_CORE | J50: Contractual Services | K50: 71400 | L50: Contractual Services - Individ | M50: =ROUND(M$2*$Q50,0) -> 0 | N50: =ROUND(N$2*$Q50,0) -> 1567 | O50: =ROUND(O$2*$Q50,0) -> 1521 | P50: =Q50-SUM(M50:O50) -> 1521 | Q50: =ROUND($V$6*S50,0) -> 4609 | R50: 5 | S50: =VLOOKUP(K50, rpacoreratio, 5, FALSE)*VLOOKUP(K50, rpacoreratio, 8, FALSE) -> 0.092177595
F51: 10180 | G51: Brazil | H51: B0488 | I51: Outcome 3.1_CORE | J51: Travel | K51: 71600 | L51: Travel | M51: =ROUND(M$2*$Q51,0) -> 0 | N51: =ROUND(N$2*$Q51,0) -> 301 | O51: =ROUND(O$2*$Q51,0) -> 292 | P51: =Q51-SUM(M51:O51) -> 291 | Q51: =ROUND($V$6*S51,0) -> 884 | R51: 7 | S51: =VLOOKUP(K51, rpacoreratio, 5, FALSE)*VLOOKUP(K51, rpacoreratio, 8, FALSE) -> 0.017686551
F52: 10180 | G52: Brazil | H52: B0488 | I52: Outcome 3.1_CORE | J52: Office Supplies | K52: 72500 | L52: Supplies | M52: =ROUND(M$2*$Q52,0) -> 0 | N52: =ROUND(N$2*$Q52,0) -> 6 | O52: =ROUND(O$2*$Q52,0) -> 6 | P52: =Q52-SUM(M52:O52) -> 7 | Q52: =ROUND($V$6*S52,0) -> 19 | R52: 10 | S52: =VLOOKUP(K52, rpacoreratio, 5, FALSE)*VLOOKUP(K52, rpacoreratio, 8, FALSE) -> 0.00038649922
F53: 10180 | G53: Brazil | H53: B0488 | I53: Outcome 3.1_CORE | J53: Travel | K53: 74500 | L53: Miscellaneous Expenses | M53: =ROUND(M$2*$Q53,0) -> 0 | N53: =ROUND(N$2*$Q53,0) -> 7 | O53: =ROUND(O$2*$Q53,0) -> 7 | P53: =Q53-SUM(M53:O53) -> 6 | Q53: =ROUND($V$6*S53,0) -> 20 | R53: 11 | S53: =VLOOKUP(K53, rpacoreratio, 5, FALSE)*VLOOKUP(K53, rpacoreratio, 8, FALSE) -> 0.00040236622
F54: 10180 | G54: Brazil | H54: B0488 | I54: Outcome 3.1_CORE | J54: Trainings, Workshops, Meetings | K54: 75700 | L54: Training, Workshops and Confer | M54: =ROUND(M$2*$Q54,0) -> 0 | N54: =ROUND(N$2*$Q54,0) -> 33 | O54: =ROUND(O$2*$Q54,0) -> 32 | P54: =Q54-SUM(M54:O54) -> 33 | Q54: =ROUND($V$6*S54,0) -> 98 | R54: 6 | S54: =VLOOKUP(K54, rpacoreratio, 5, FALSE)*VLOOKUP(K54, rpacoreratio, 8, FALSE) -> 0.0019564285
F55: 10180 | G55: Brazil | H55: B0488 | I55: Outcome 3.1_CORE | J55: Salaries and Benefits | K55: 61200 | L55: Salaries Costs - GS Staff | M55: =ROUND(M$2*$Q55,0) -> 0 | N55: =ROUND(N$2*$Q55,0) -> 0 | O55: =ROUND(O$2*$Q55,0) -> 0 | P55: =Q55-SUM(M55:O55) -> 0 | Q55: =ROUND($V$6*S55,0) -> 0 | R55: 4 | S55: =VLOOKUP(K55, rpacoreratio, 5, FALSE)*VLOOKUP(K55, rpacoreratio, 8, FALSE) -> 0
F56: 10180 | G56: Brazil | H56: B0488 | I56: Outcome 3.1_CORE | J56: Salaries and Benefits | K56: 61300 | L56: Salary & Post Adj Cst-IP Staff | M56: =ROUND(M$2*$Q56,0) -> 0 | N56: =ROUND(N$2*$Q56,0) -> 0 | O56: =ROUND(O$2*$Q56,0) -> 0 | P56: =Q56-SUM(M56:O56) -> 0 | Q56: =ROUND($V$6*S56,0) -> 0 | R56: 4 | S56: =VLOOKUP(K56, rpacoreratio, 5, FALSE)*VLOOKUP(K56, rpacoreratio, 8, FALSE) -> 0
C57: Total UNDP | M57: =SUM(M48:M56) -> 0 | N57: =SUM(N48:N56) -> 2018 | O57: =SUM(O48:O56) -> 1959 | P57: =SUM(P48:P56) -> 1959 | Q57: =SUM(Q48:Q56) -> 5936
B58: Total Outcome 3.1. Sustainability and impact of community-led collective action enhanced through knowledge management and learning approaches across landscapes-seascapes and regions._CORE | M58: =M57 -> 0 | N58: =N57 -> 2018 | O58: =O57 -> 1959 | P58: =P57 -> 1959 | Q58: =Q57 -> 5936
B59: Outcome 3.1. Sustainability and impact of community-led collective action enhanced through knowledge management and learning approaches across landscapes-seascapes and regions._STAR | C59: UNDP | D59: 62000 | E59: 10003 | F59: 10180 | G59: Brazil | H59: B0488 | I59: Outcome 3.1_STAR | J59: International Consultants | K59: 71200 | L59: International Consultants | M59: =ROUND(M$2*$Q59,0) -> 0 | N59: =ROUND(N$2*$Q59,0) -> 0 | O59: =ROUND(O$2*$Q59,0) -> 0 | P59: =Q59-SUM(M59:O59) -> 0 | Q59: =ROUND($V$7*S59,0) -> 0 | R59: 2 | S59: =VLOOKUP(K59, rpastarratio, 5, FALSE)*VLOOKUP(K59, rpastarratio, 8, FALSE) -> 0
F60: 10180 | G60: Brazil | H60: B0488 | I60: Outcome 3.1_STAR | J60: Local Consultants | K60: 71300 | L60: Local Consultants | M60: =ROUND(M$2*$Q60,0) -> 0 | N60: =ROUND(N$2*$Q60,0) -> 1932 | O60: =ROUND(O$2*$Q60,0) -> 1875 | P60: =Q60-SUM(M60:O60) -> 1875 | Q60: =ROUND($V$7*S60,0) -> 5682 | R60: 3 | S60: =VLOOKUP(K60, rpastarratio, 5, FALSE)*VLOOKUP(K60, rpastarratio, 8, FALSE) -> 0.0061210094
F61: 10180 | G61: Brazil | H61: B0488 | I61: Outcome 3.1_STAR | J61: Contractual Services | K61: 71400 | L61: Contractual Services - Individ | M61: =ROUND(M$2*$Q61,0) -> 0 | N61: =ROUND(N$2*$Q61,0) -> 29093 | O61: =ROUND(O$2*$Q61,0) -> 28238 | P61: =Q61-SUM(M61:O61) -> 28238 | Q61: =ROUND($V$7*S61,0) -> 85569 | R61: 5 | S61: =VLOOKUP(K61, rpastarratio, 5, FALSE)*VLOOKUP(K61, rpastarratio, 8, FALSE) -> 0.092177595
F62: 10180 | G62: Brazil | H62: B0488 | I62: Outcome 3.1_STAR | J62: Travel | K62: 71600 | L62: Travel | M62: =ROUND(M$2*$Q62,0) -> 0 | N62: =ROUND(N$2*$Q62,0) -> 5582 | O62: =ROUND(O$2*$Q62,0) -> 5418 | P62: =Q62-SUM(M62:O62) -> 5419 | Q62: =ROUND($V$7*S62,0) -> 16419 | R62: 7 | S62: =VLOOKUP(K62, rpastarratio, 5, FALSE)*VLOOKUP(K62, rpastarratio, 8, FALSE) -> 0.017686551
F63: 10180 | G63: Brazil | H63: B0488 | I63: Outcome 3.1_STAR | J63: Office Supplies | K63: 72500 | L63: Supplies | M63: =ROUND(M$2*$Q63,0) -> 0 | N63: =ROUND(N$2*$Q63,0) -> 122 | O63: =ROUND(O$2*$Q63,0) -> 118 | P63: =Q63-SUM(M63:O63) -> 119 | Q63: =ROUND($V$7*S63,0) -> 359 | R63: 10 | S63: =VLOOKUP(K63, rpastarratio, 5, FALSE)*VLOOKUP(K63, rpastarratio, 8, FALSE) -> 0.00038649922
F64: 10180 | G64: Brazil | H64: B0488 | I64: Outcome 3.1_STAR | J64: Travel | K64: 74500 | L64: Miscellaneous Expenses | M64: =ROUND(M$2*$Q64,0) -> 0 | N64: =ROUND(N$2*$Q64,0) -> 127 | O64: =ROUND(O$2*$Q64,0) -> 123 | P64: =Q64-SUM(M64:O64) -> 124 | Q64: =ROUND($V$7*S64,0) -> 374 | R64: 11 | S64: =VLOOKUP(K64, rpastarratio, 5, FALSE)*VLOOKUP(K64, rpastarratio, 8, FALSE) -> 0.00040236622
F65: 10180 | G65: Brazil | H65: B0488 | I65: Outcome 3.1_STAR | J65: Trainings, Workshops, Meetings | K65: 75700 | L65: Training, Workshops and Confer | M65: =ROUND(M$2*$Q65,0) -> 0 | N65: =ROUND(N$2*$Q65,0) -> 617 | O65: =ROUND(O$2*$Q65,0) -> 599 | P65: =Q65-SUM(M65:O65) -> 600 | Q65: =ROUND($V$7*S65,0) -> 1816 | R65: 6 | S65: =VLOOKUP(K65, rpastarratio, 5, FALSE)*VLOOKUP(K65, rpastarratio, 8, FALSE) -> 0.0019564285
F66: 10180 | G66: Brazil | H66: B0488 | I66: Outcome 3.1_STAR | J66: Salaries and Benefits | K66: 61200 | L66: Salaries Costs - GS Staff | M66: =ROUND(M$2*$Q66,0) -> 0 | N66: =ROUND(N$2*$Q66,0) -> 0 | O66: =ROUND(O$2*$Q66,0) -> 0 | P66: =Q66-SUM(M66:O66) -> 0 | Q66: =ROUND($V$7*S66,0) -> 0 | R66: 4 | S66: =VLOOKUP(K66, rpastarratio, 5, FALSE)*VLOOKUP(K66, rpastarratio, 8, FALSE) -> 0
F67: 10180 | G67: Brazil | H67: B0488 | I67: Outcome 3.1_STAR | J67: Salaries and Benefits | K67: 61300 | L67: Salary & Post Adj Cst-IP Staff | M67: =M$2*$Q67 -> 0 | N67: =N$2*$Q67 -> 0 | O67: =O$2*$Q67 -> 0 | P67: =Q67-SUM(M67:O67) -> 0 | Q67: =ROUND($V$7*S67,0) -> 0 | R67: 4 | S67: =VLOOKUP(K67, rpastarratio, 5, FALSE)*VLOOKUP(K67, rpastarratio, 8, FALSE) -> 0
C68: Total UNDP | M68: =SUM(M59:M67) -> 0 | N68: =SUM(N59:N67) -> 37473 | O68: =SUM(O59:O67) -> 36371 | P68: =SUM(P59:P67) -> 36375 | Q68: =SUM(Q59:Q67) -> 110219
B69: Total Outcome 3.1. Sustainability and impact of community-led collective action enhanced through knowledge management and learning approaches across landscapes-seascapes and regions._STAR | M69: =M68 -> 0 | N69: =N68 -> 37473 | O69: =O68 -> 36371 | P69: =P68 -> 36375 | Q69: =Q68 -> 110219
A70: Total Component 3 | M70: =M58+M69 -> 0 | N70: =N58+N69 -> 39491 | O70: =O58+O69 -> 38330 | P70: =P58+P69 -> 38334 | Q70: =Q58+Q69 -> 116155
A71: Component 4: Monitoring & Evaluation | B71: Outcome 4.1. Scale, durability and impact of locally-led community action strengthend through monitoring, evaluation and evidence-based learning._CORE | C71: UNDP | D71: 62000 | E71: 10003 | F71: 10180 | G71: Brazil | H71: B0488 | I71: Outcome 4.1_CORE | J71: International Consultants | K71: 71200 | L71: International Consultants | M71: =ROUND(M$2*$Q71,0) -> 0 | N71: =ROUND(N$2*$Q71,0) -> 0 | O71: =ROUND(O$2*$Q71,0) -> 0 | P71: =Q71-SUM(M71:O71) -> 0 | Q71: =ROUND($V$6*S71,0) -> 0 | R71: 2 | S71: =VLOOKUP(K71, rpacoreratio, 6, FALSE)*VLOOKUP(K71, rpacoreratio, 8, FALSE) -> 0
F72: 10180 | G72: Brazil | H72: B0488 | I72: Outcome 4.1_CORE | J72: Local Consultants | K72: 71300 | L72: Local Consultants | M72: =ROUND(M$2*$Q72,0) -> 0 | N72: =ROUND(N$2*$Q72,0) -> 188 | O72: =ROUND(O$2*$Q72,0) -> 183 | P72: =Q72-SUM(M72:O72) -> 183 | Q72: =ROUND($V$6*S72,0) -> 554 | R72: 3 | S72: =VLOOKUP(K72, rpacoreratio, 6, FALSE)*VLOOKUP(K72, rpacoreratio, 8, FALSE) -> 0.01108482
F73: 10180 | G73: Brazil | H73: B0488 | I73: Outcome 4.1_CORE | J73: Contractual Services | K73: 71400 | L73: Contractual Services - Individ | M73: =ROUND(M$2*$Q73,0) -> 0 | N73: =ROUND(N$2*$Q73,0) -> 532 | O73: =ROUND(O$2*$Q73,0) -> 516 | P73: =Q73-SUM(M73:O73) -> 516 | Q73: =ROUND($V$6*S73,0) -> 1564 | R73: 5 | S73: =VLOOKUP(K73, rpacoreratio, 6, FALSE)*VLOOKUP(K73, rpacoreratio, 8, FALSE) -> 0.031270142
F74: 10180 | G74: Brazil | H74: B0488 | I74: Outcome 4.1_CORE | J74: Travel | K74: 71600 | L74: Travel | M74: =ROUND(M$2*$Q74,0) -> 0 | N74: =ROUND(N$2*$Q74,0) -> 699 | O74: =ROUND(O$2*$Q74,0) -> 679 | P74: =Q74-SUM(M74:O74) -> 679 | Q74: =ROUND($V$6*S74,0) -> 2057 | R74: 7 | S74: =VLOOKUP(K74, rpacoreratio, 6, FALSE)*VLOOKUP(K74, rpacoreratio, 8, FALSE) -> 0.041134974
F75: 10180 | G75: Brazil | H75: B0488 | I75: Outcome 4.1_CORE | J75: Other Operating Costs | K75: 72100 | L75: Contractual Services-Companies | M75: =ROUND(M$2*$Q75,0) -> 0 | N75: =ROUND(N$2*$Q75,0) -> 0 | O75: =ROUND(O$2*$Q75,0) -> 0 | P75: =Q75-SUM(M75:O75) -> 0 | Q75: =ROUND($V$6*S75,0) -> 0 | R75: 12 | S75: =VLOOKUP(K75, rpacoreratio, 6, FALSE)*VLOOKUP(K75, rpacoreratio, 8, FALSE) -> 0
F76: 10180 | G76: Brazil | H76: B0488 | I76: Outcome 4.1_CORE | J76: Office Supplies | K76: 72500 | L76: Supplies | M76: =ROUND(M$2*$Q76,0) -> 0 | N76: =ROUND(N$2*$Q76,0) -> 60 | O76: =ROUND(O$2*$Q76,0) -> 58 | P76: =Q76-SUM(M76:O76) -> 57 | Q76: =ROUND($V$6*S76,0) -> 175 | R76: 10 | S76: =VLOOKUP(K76, rpacoreratio, 6, FALSE)*VLOOKUP(K76, rpacoreratio, 8, FALSE) -> 0.0034996364
F77: 10180 | G77: Brazil | H77: B0488 | I77: Outcome 4.1_CORE | J77: Travel | K77: 74500 | L77: Miscellaneous Expenses | M77: =ROUND(M$2*$Q77,0) -> 0 | N77: =ROUND(N$2*$Q77,0) -> 392 | O77: =ROUND(O$2*$Q77,0) -> 381 | P77: =Q77-SUM(M77:O77) -> 381 | Q77: =ROUND($V$6*S77,0) -> 1154 | R77: 11 | S77: =VLOOKUP(K77, rpacoreratio, 6, FALSE)*VLOOKUP(K77, rpacoreratio, 8, FALSE) -> 0.023087515
F78: 10180 | G78: Brazil | H78: B0488 | I78: Outcome 4.1_CORE | J78: Trainings, Workshops, Meetings | K78: 75700 | L78: Training, Workshops and Confer | M78: =ROUND(M$2*$Q78,0) -> 0 | N78: =ROUND(N$2*$Q78,0) -> 308 | O78: =ROUND(O$2*$Q78,0) -> 299 | P78: =Q78-SUM(M78:O78) -> 298 | Q78: =ROUND($V$6*S78,0) -> 905 | R78: 6 | S78: =VLOOKUP(K78, rpacoreratio, 6, FALSE)*VLOOKUP(K78, rpacoreratio, 8, FALSE) -> 0.018100375
F79: 10180 | G79: Brazil | H79: B0488 | I79: Outcome 4.1_CORE | J79: Salaries and Benefits | K79: 61300 | L79: Salary & Post Adj Cst-IP Staff | M79: =ROUND(M$2*$Q79,0) -> 0 | N79: =ROUND(N$2*$Q79,0) -> 0 | O79: =ROUND(O$2*$Q79,0) -> 0 | P79: =Q79-SUM(M79:O79) -> 0 | Q79: =ROUND($V$6*S79,0) -> 0 | R79: 4 | S79: =VLOOKUP(K79, rpacoreratio, 6, FALSE)*VLOOKUP(K79, rpacoreratio, 8, FALSE) -> 0
C80: Total UNDP | M80: =SUM(M71:M79) -> 0 | N80: =SUM(N71:N79) -> 2179 | O80: =SUM(O71:O79) -> 2116 | P80: =SUM(P71:P79) -> 2114 | Q80: =SUM(Q71:Q79) -> 6409
B81: Total Outcome 4.1. Scale, durability and impact of locally-led community action strengthend through monitoring, evaluation and evidence-based learning._CORE | M81: =M80 -> 0 | N81: =N80 -> 2179 | O81: =O80 -> 2116 | P81: =P80 -> 2114 | Q81: =Q80 -> 6409
B82: Outcome 4.1. Scale, durability and impact of locally-led community action strengthend through monitoring, evaluation and evidence-based learning._STAR | C82: UNDP | D82: 62000 | E82: 10003 | F82: 10180 | G82: Brazil | H82: B0488 | I82: Outcome 4.1_STAR | J82: International Consultants | K82: 71200 | L82: International Consultants | M82: =ROUND(M$2*$Q82,0) -> 0 | N82: =ROUND(N$2*$Q82,0) -> 0 | O82: =ROUND(O$2*$Q82,0) -> 0 | P82: =Q82-SUM(M82:O82) -> 0 | Q82: =ROUND($V$7*S82,0) -> 0 | R82: 2 | S82: =VLOOKUP(K82, rpastarratio, 6, FALSE)*VLOOKUP(K82, rpastarratio, 8, FALSE) -> 0
F83: 10180 | G83: Brazil | H83: B0488 | I83: Outcome 4.1_STAR | J83: Local Consultants | K83: 71300 | L83: Local Consultants | M83: =ROUND(M$2*$Q83,0) -> 0 | N83: =ROUND(N$2*$Q83,0) -> 3499 | O83: =ROUND(O$2*$Q83,0) -> 3396 | P83: =Q83-SUM(M83:O83) -> 3395 | Q83: =ROUND($V$7*S83,0) -> 10290 | R83: 3 | S83: =VLOOKUP(K83, rpastarratio, 6, FALSE)*VLOOKUP(K83, rpastarratio, 8, FALSE) -> 0.01108482
F84: 10180 | G84: Brazil | H84: B0488 | I84: Outcome 4.1_STAR | J84: Contractual Services | K84: 71400 | L84: Contractual Services - Individ | M84: =ROUND(M$2*$Q84,0) -> 0 | N84: =ROUND(N$2*$Q84,0) -> 9870 | O84: =ROUND(O$2*$Q84,0) -> 9579 | P84: =Q84-SUM(M84:O84) -> 9579 | Q84: =ROUND($V$7*S84,0) -> 29028 | R84: 5 | S84: =VLOOKUP(K84, rpastarratio, 6, FALSE)*VLOOKUP(K84, rpastarratio, 8, FALSE) -> 0.031270142
F85: 10180 | G85: Brazil | H85: B0488 | I85: Outcome 4.1_STAR | J85: Travel | K85: 71600 | L85: Travel | M85: =ROUND(M$2*$Q85,0) -> 0 | N85: =ROUND(N$2*$Q85,0) -> 12983 | O85: =ROUND(O$2*$Q85,0) -> 12601 | P85: =Q85-SUM(M85:O85) -> 12602 | Q85: =ROUND($V$7*S85,0) -> 38186 | R85: 7 | S85: =VLOOKUP(K85, rpastarratio, 6, FALSE)*VLOOKUP(K85, rpastarratio, 8, FALSE) -> 0.041134974
F86: 10180 | G86: Brazil | H86: B0488 | I86: Outcome 4.1_STAR | J86: Other Operating Costs | K86: 72100 | L86: Contractual Services-Companies | M86: =ROUND(M$2*$Q86,0) -> 0 | N86: =ROUND(N$2*$Q86,0) -> 0 | O86: =ROUND(O$2*$Q86,0) -> 0 | P86: =Q86-SUM(M86:O86) -> 0 | Q86: =ROUND($V$7*S86,0) -> 0 | R86: 12 | S86: =VLOOKUP(K86, rpastarratio, 6, FALSE)*VLOOKUP(K86, rpastarratio, 8, FALSE) -> 0
F87: 10180 | G87: Brazil | H87: B0488 | I87: Outcome 4.1_STAR | J87: Office Supplies | K87: 72500 | L87: Supplies | M87: =ROUND(M$2*$Q87,0) -> 0 | N87: =ROUND(N$2*$Q87,0) -> 1105 | O87: =ROUND(O$2*$Q87,0) -> 1072 | P87: =Q87-SUM(M87:O87) -> 1072 | Q87: =ROUND($V$7*S87,0) -> 3249 | R87: 10 | S87: =VLOOKUP(K87, rpastarratio, 6, FALSE)*VLOOKUP(K87, rpastarratio, 8, FALSE) -> 0.0034996364
F88: 10180 | G88: Brazil | H88: B0488 | I88: Outcome 4.1_STAR | J88: Travel | K88: 74500 | L88: Miscellaneous Expenses | M88: =ROUND(M$2*$Q88,0) -> 0 | N88: =ROUND(N$2*$Q88,0) -> 7287 | O88: =ROUND(O$2*$Q88,0) -> 7073 | P88: =Q88-SUM(M88:O88) -> 7072 | Q88: =ROUND($V$7*S88,0) -> 21432 | R88: 11 | S88: =VLOOKUP(K88, rpastarratio, 6, FALSE)*VLOOKUP(K88, rpastarratio, 8, FALSE) -> 0.023087515
F89: 10180 | G89: Brazil | H89: B0488 | I89: Outcome 4.1_STAR | J89: Trainings, Workshops, Meetings | K89: 75700 | L89: Training, Workshops and Confer | M89: =ROUND(M$2*$Q89,0) -> 0 | N89: =ROUND(N$2*$Q89,0) -> 5713 | O89: =ROUND(O$2*$Q89,0) -> 5545 | P89: =Q89-SUM(M89:O89) -> 5545 | Q89: =ROUND($V$7*S89,0) -> 16803 | R89: 6 | S89: =VLOOKUP(K89, rpastarratio, 6, FALSE)*VLOOKUP(K89, rpastarratio, 8, FALSE) -> 0.018100375
F90: 10180 | G90: Brazil | H90: B0488 | I90: Outcome 4.1_STAR | J90: Salaries and Benefits | K90: 61300 | L90: Salary & Post Adj Cst-IP Staff | M90: =ROUND(M$2*$Q90,0) -> 0 | N90: =ROUND(N$2*$Q90,0) -> 0 | O90: =ROUND(O$2*$Q90,0) -> 0 | P90: =Q90-SUM(M90:O90) -> 0 | Q90: =ROUND($V$7*S90,0) -> 0 | R90: 4 | S90: =VLOOKUP(K90, rpastarratio, 6, FALSE)*VLOOKUP(K90, rpastarratio, 8, FALSE) -> 0
C91: Total UNDP | M91: =SUM(M82:M90) -> 0 | N91: =SUM(N82:N90) -> 40457 | O91: =SUM(O82:O90) -> 39266 | P91: =SUM(P82:P90) -> 39265 | Q91: =SUM(Q82:Q90) -> 118988
B92: Total Outcome 4.1. Scale, durability and impact of locally-led community action strengthend through monitoring, evaluation and evidence-based learning._STAR | M92: =M91 -> 0 | N92: =N91 -> 40457 | O92: =O91 -> 39266 | P92: =P91 -> 39265 | Q92: =Q91 -> 118988
A93: Total Component 4 | M93: =M81+M92 -> 0 | N93: =N81+N92 -> 42636 | O93: =O81+O92 -> 41382 | P93: =P81+P92 -> 41379 | Q93: =Q81+Q92 -> 125397
A94: Project Management Cost (PMC) | B94: PMC_CORE | C94: UNDP | D94: 62000 | E94: 10003 | F94: 10180 | G94: Brazil | H94: B0488 | I94: PMC_CORE | J94: Contractual Services | K94: 71400 | L94: Contractual Services - Individ | M94: =ROUND(M$2*$Q94,0) -> 0 | N94: =ROUND(N$2*$Q94,0) -> 3323 | O94: =ROUND(O$2*$Q94,0) -> 3225 | P94: =Q94-SUM(M94:O94) -> 3225 | Q94: =ROUND($V$6*S94,0) -> 9773 | R94: 5 | S94: =VLOOKUP(K94, rpacoreratio, 7, FALSE)*VLOOKUP(K94, rpacoreratio, 8, FALSE) -> 0.19546413
F95: 10180 | G95: Brazil | H95: B0488 | I95: PMC_CORE | J95: Travel | K95: 71600 | L95: Travel | M95: =ROUND(M$2*$Q95,0) -> 0 | N95: =ROUND(N$2*$Q95,0) -> 324 | O95: =ROUND(O$2*$Q95,0) -> 315 | P95: =Q95-SUM(M95:O95) -> 315 | Q95: =ROUND($V$6*S95,0) -> 954 | R95: 7 | S95: =VLOOKUP(K95, rpacoreratio, 7, FALSE)*VLOOKUP(K95, rpacoreratio, 8, FALSE) -> 0.019088922
F96: 10180 | G96: Brazil | H96: B0488 | I96: PMC_CORE | J96: Other Operating Costs | K96: 72200 | L96: Equipment and Furniture | M96: =ROUND(M$2*$Q96,0) -> 0 | N96: =ROUND(N$2*$Q96,0) -> 23 | O96: =ROUND(O$2*$Q96,0) -> 23 | P96: =Q96-SUM(M96:O96) -> 23 | Q96: =ROUND($V$6*S96,0) -> 69 | R96: 13 | S96: =VLOOKUP(K96, rpacoreratio, 7, FALSE)*VLOOKUP(K96, rpacoreratio, 8, FALSE) -> 0.0013809951
F97: 10180 | G97: Brazil | H97: B0488 | I97: PMC_CORE | J97: Other Operating Costs | K97: 72300 | L97: Materials & Goods | M97: =ROUND(M$2*$Q97,0) -> 0 | N97: =ROUND(N$2*$Q97,0) -> 0 | O97: =ROUND(O$2*$Q97,0) -> 0 | P97: =Q97-SUM(M97:O97) -> 0 | Q97: =ROUND($V$6*S97,0) -> 0 | R97: 14 | S97: =VLOOKUP(K97, rpacoreratio, 7, FALSE)*VLOOKUP(K97, rpacoreratio, 8, FALSE) -> 0
F98: 10180 | G98: Brazil | H98: B0488 | I98: PMC_CORE | J98: Other Operating Costs | K98: 72400 | L98: Communic & Audio Visual Equip | M98: =ROUND(M$2*$Q98,0) -> 0 | N98: =ROUND(N$2*$Q98,0) -> 167 | O98: =ROUND(O$2*$Q98,0) -> 162 | P98: =Q98-SUM(M98:O98) -> 162 | Q98: =ROUND($V$6*S98,0) -> 491 | R98: 15 | S98: =VLOOKUP(K98, rpacoreratio, 7, FALSE)*VLOOKUP(K98, rpacoreratio, 8, FALSE) -> 0.0098297059
F99: 10180 | G99: Brazil | H99: B0488 | I99: PMC_CORE | J99: Office Supplies | K99: 72500 | L99: Supplies | M99: =ROUND(M$2*$Q99,0) -> 0 | N99: =ROUND(N$2*$Q99,0) -> 152 | O99: =ROUND(O$2*$Q99,0) -> 148 | P99: =Q99-SUM(M99:O99) -> 147 | Q99: =ROUND($V$6*S99,0) -> 447 | R99: 10 | S99: =VLOOKUP(K99, rpacoreratio, 7, FALSE)*VLOOKUP(K99, rpacoreratio, 8, FALSE) -> 0.0089354247
F100: 10180 | G100: Brazil | H100: B0488 | I100: PMC_CORE | J100: Other Operating Costs | K100: 72800 | L100: Information Technology Equipmt | M100: =ROUND(M$2*$Q100,0) -> 0 | N100: =ROUND(N$2*$Q100,0) -> 106 | O100: =ROUND(O$2*$Q100,0) -> 103 | P100: =Q100-SUM(M100:O100) -> 104 | Q100: =ROUND($V$6*S100,0) -> 313 | R100: 16 | S100: =VLOOKUP(K100, rpacoreratio, 7, FALSE)*VLOOKUP(K100, rpacoreratio, 8, FALSE) -> 0.0062690135
...

Sheet budget_India
L1: Grant | M1: 0 | N1: 0.4 | O1: 0.4 | P1: 0.2 | Q1: =SUM(M1:P1) -> 1
L2: Non-grant | M2: 0 | N2: 0.34 | O2: 0.33 | P2: 0.33 | Q2: =SUM(M2:P2) -> 1
A3: Quantum Outcome (GEF Component) | B3: Quantum Activity (GEF Output) | C3: Quantum UNDP(UNDP, IP) | D3: Quantum Fund ID | E3: Quantum Donor ID | F3: PIMS No. | G3: Country | H3: Business Unit | I3: Output | J3: Expenditure Category GEF | K3: Quantum Budgetary Account Code | L3: Quantum Budget Account Description | M3: Amount Year 2025 | N3: Amount Year 2026 | O3: Amount Year 2027 | P3: Amount Year 2028 | Q3: Total (USD) | R3: See Budget Note: (reference as number, not as letter) | S3: ratio | U3: RPA budget summary
A4: Component 1: Strategic Planning and Multi-Stakeholder Governance | B4: Outcome 1.1. Enabling environment strengthened for effective community-driven integrated approaches_CORE | C4: UNDP | D4: 62000 | E4: 10003 | F4: 10214 | G4: India | H4: B0406 | I4: Outcome 1.1_CORE | J4: International Consultants | K4: 71200 | L4: International Consultants | M4: =ROUND(M$2*$Q4,0) -> 0 | N4: =ROUND(N$2*$Q4,0) -> 0 | O4: =ROUND(O$2*$Q4,0) -> 0 | P4: =Q4-SUM(M4:O4) -> 0 | Q4: =ROUND($V$6*S4,0) -> 0 | R4: 2 | S4: =VLOOKUP(K4, rpacoreratio, 3, FALSE)*VLOOKUP(K4, rpacoreratio, 8, FALSE) -> 0 | U4: CORE grant | V4: =[3]RPA_Kris!C3 -> 456818.18
F5: 10214 | G5: India | H5: B0406 | I5: Outcome 1.1_CORE | J5: Local Consultants | K5: 71300 | L5: Local Consultants | M5: =ROUND(M$2*$Q5,0) -> 0 | N5: =ROUND(N$2*$Q5,0) -> 195 | O5: =ROUND(O$2*$Q5,0) -> 189 | P5: =Q5-SUM(M5:O5) -> 190 | Q5: =ROUND($V$6*S5,0) -> 574 | R5: 3 | S5: =VLOOKUP(K5, rpacoreratio, 3, FALSE)*VLOOKUP(K5, rpacoreratio, 8, FALSE) -> 0.011484624 | U5: STAR grant | V5: =[3]RPA_Kris!C4 -> 3350000
F6: 10214 | G6: India | H6: B0406 | I6: Outcome 1.1_CORE | J6: Contractual Services | K6: 71400 | L6: Contractual Services - Individ | M6: =ROUND(M$2*$Q6,0) -> 0 | N6: =ROUND(N$2*$Q6,0) -> 2999 | O6: =ROUND(O$2*$Q6,0) -> 2911 | P6: =Q6-SUM(M6:O6) -> 2910 | Q6: =ROUND($V$6*S6,0) -> 8820 | R6: 5 | S6: =VLOOKUP(K6, rpacoreratio, 3, FALSE)*VLOOKUP(K6, rpacoreratio, 8, FALSE) -> 0.17640953 | U6: CORE non-grant | V6: =[3]RPA_Kris!C5 -> 50000
F7: 10214 | G7: India | H7: B0406 | I7: Outcome 1.1_CORE | J7: Travel | K7: 71600 | L7: Travel | M7: =ROUND(M$2*$Q7,0) -> 0 | N7: =ROUND(N$2*$Q7,0) -> 319 | O7: =ROUND(O$2*$Q7,0) -> 310 | P7: =Q7-SUM(M7:O7) -> 309 | Q7: =ROUND($V$6*S7,0) -> 938 | R7: 7 | S7: =VLOOKUP(K7, rpacoreratio, 3, FALSE)*VLOOKUP(K7, rpacoreratio, 8, FALSE) -> 0.018765823 | U7: STAR non-grant | V7: =[3]RPA_Kris!C6 -> 1173317
F8: 10214 | G8: India | H8: B0406 | I8: Outcome 1.1_CORE | J8: Office Supplies | K8: 72500 | L8: Supplies | M8: =ROUND(M$2*$Q8,0) -> 0 | N8: =ROUND(N$2*$Q8,0) -> 12 | O8: =ROUND(O$2*$Q8,0) -> 12 | P8: =Q8-SUM(M8:O8) -> 12 | Q8: =ROUND($V$6*S8,0) -> 36 | R8: 10 | S8: =VLOOKUP(K8, rpacoreratio, 3, FALSE)*VLOOKUP(K8, rpacoreratio, 8, FALSE) -> 0.0007250959 | V8: =SUM(V4:V7) -> 5030135.2
F9: 10214 | G9: India | H9: B0406 | I9: Outcome 1.1_CORE | J9: Trainings, Workshops, Meetings | K9: 75700 | L9: Training, Workshops and Confer | M9: =ROUND(M$2*$Q9,0) -> 0 | N9: =ROUND(N$2*$Q9,0) -> 63 | O9: =ROUND(O$2*$Q9,0) -> 61 | P9: =Q9-SUM(M9:O9) -> 60 | Q9: =ROUND($V$6*S9,0) -> 184 | R9: 6 | S9: =VLOOKUP(K9, rpacoreratio, 3, FALSE)*VLOOKUP(K9, rpacoreratio, 8, FALSE) -> 0.0036708274
F10: 10214 | G10: India | H10: B0406 | I10: Outcome 1.1_CORE | J10: Salaries and Benefits | K10: 61200 | L10: Salaries Costs - GS Staff | M10: =ROUND(M$2*$Q10,0) -> 0 | N10: =ROUND(N$2*$Q10,0) -> 0 | O10: =ROUND(O$2*$Q10,0) -> 0 | P10: =Q10-SUM(M10:O10) -> 0 | Q10: =ROUND($V$6*S10,0) -> 0 | R10: 4 | S10: =VLOOKUP(K10, rpacoreratio, 3, FALSE)*VLOOKUP(K10, rpacoreratio, 8, FALSE) -> 0
F11: 10214 | G11: India | H11: B0406 | I11: Outcome 1.1_CORE | J11: Salaries and Benefits | K11: 61300 | L11: Salary & Post Adj Cst-IP Staff | M11: =ROUND(M$2*$Q11,0) -> 0 | N11: =ROUND(N$2*$Q11,0) -> 0 | O11: =ROUND(O$2*$Q11,0) -> 0 | P11: =Q11-SUM(M11:O11) -> 0 | Q11: =ROUND($V$6*S11,0) -> 0 | R11: 4 | S11: =VLOOKUP(K11, rpacoreratio, 3, FALSE)*VLOOKUP(K11, rpacoreratio, 8, FALSE) -> 0
C12: Total UNDP | M12: =SUM(M4:M11) -> 0 | N12: =SUM(N4:N11) -> 3588 | O12: =SUM(O4:O11) -> 3483 | P12: =SUM(P4:P11) -> 3481 | Q12: =SUM(Q4:Q11) -> 10552
B13: Total Outcome 1.1. Enabling environment strengthened for effective community-driven integrated approaches_CORE | M13: =M12 -> 0 | N13: =N12 -> 3588 | O13: =O12 -> 3483 | P13: =P12 -> 3481 | Q13: =Q12 -> 10552
B14: Outcome 1.1. Enabling environment strengthened for effective community-driven integrated approaches_STAR | C14: UNDP | D14: 62000 | E14: 10003 | F14: 10214 | G14: India | H14: B0406 | I14: Outcome 1.1_STAR | J14: International Consultants | K14: 71200 | L14: International Consultants | M14: =ROUND(M$2*$Q14,0) -> 0 | N14: =ROUND(N$2*$Q14,0) -> 0 | O14: =ROUND(O$2*$Q14,0) -> 0 | P14: =Q14-SUM(M14:O14) -> 0 | Q14: =ROUND($V$7*S14,0) -> 0 | R14: 2 | S14: =VLOOKUP(K14, rpastarratio, 3, FALSE)*VLOOKUP(K14, rpastarratio, 8, FALSE) -> 0
F15: 10214 | G15: India | H15: B0406 | I15: Outcome 1.1_STAR | J15: Local Consultants | K15: 71300 | L15: Local Consultants | M15: =ROUND(M$2*$Q15,0) -> 0 | N15: =ROUND(N$2*$Q15,0) -> 4582 | O15: =ROUND(O$2*$Q15,0) -> 4447 | P15: =Q15-SUM(M15:O15) -> 4446 | Q15: =ROUND($V$7*S15,0) -> 13475 | R15: 3 | S15: =VLOOKUP(K15, rpastarratio, 3, FALSE)*VLOOKUP(K15, rpastarratio, 8, FALSE) -> 0.011484624
F16: 10214 | G16: India | H16: B0406 | I16: Outcome 1.1_STAR | J16: Contractual Services | K16: 71400 | L16: Contractual Services - Individ | M16: =ROUND(M$2*$Q16,0) -> 0 | N16: =ROUND(N$2*$Q16,0) -> 70375 | O16: =ROUND(O$2*$Q16,0) -> 68305 | P16: =Q16-SUM(M16:O16) -> 68304 | Q16: =ROUND($V$7*S16,0) -> 206984 | R16: 5 | S16: =VLOOKUP(K16, rpastarratio, 3, FALSE)*VLOOKUP(K16, rpastarratio, 8, FALSE) -> 0.17640953
F17: 10214 | G17: India | H17: B0406 | I17: Outcome 1.1_STAR | J17: Travel | K17: 71600 | L17: Travel | M17: =ROUND(M$2*$Q17,0) -> 0 | N17: =ROUND(N$2*$Q17,0) -> 7486 | O17: =ROUND(O$2*$Q17,0) -> 7266 | P17: =Q17-SUM(M17:O17) -> 7266 | Q17: =ROUND($V$7*S17,0) -> 22018 | R17: 7 | S17: =VLOOKUP(K17, rpastarratio, 3, FALSE)*VLOOKUP(K17, rpastarratio, 8, FALSE) -> 0.018765823
F18: 10214 | G18: India | H18: B0406 | I18: Outcome 1.1_STAR | J18: Office Supplies | K18: 72500 | L18: Supplies | M18: =ROUND(M$2*$Q18,0) -> 0 | N18: =ROUND(N$2*$Q18,0) -> 289 | O18: =ROUND(O$2*$Q18,0) -> 281 | P18: =Q18-SUM(M18:O18) -> 281 | Q18: =ROUND($V$7*S18,0) -> 851 | R18: 10 | S18: =VLOOKUP(K18, rpastarratio, 3, FALSE)*VLOOKUP(K18, rpastarratio, 8, FALSE) -> 0.0007250959
F19: 10214 | G19: India | H19: B0406 | I19: Outcome 1.1_STAR | J19: Trainings, Workshops, Meetings | K19: 75700 | L19: Training, Workshops and Confer | M19: =ROUND(M$2*$Q19,0) -> 0 | N19: =ROUND(N$2*$Q19,0) -> 1464 | O19: =ROUND(O$2*$Q19,0) -> 1421 | P19: =Q19-SUM(M19:O19) -> 1422 | Q19: =ROUND($V$7*S19,0) -> 4307 | R19: 6 | S19: =VLOOKUP(K19, rpastarratio, 3, FALSE)*VLOOKUP(K19, rpastarratio, 8, FALSE) -> 0.0036708274
F20: 10214 | G20: India | H20: B0406 | I20: Outcome 1.1_STAR | J20: Salaries and Benefits | K20: 61200 | L20: Salaries Costs - GS Staff | M20: =ROUND(M$2*$Q20,0) -> 0 | N20: =ROUND(N$2*$Q20,0) -> 0 | O20: =ROUND(O$2*$Q20,0) -> 0 | P20: =Q20-SUM(M20:O20) -> 0 | Q20: =ROUND($V$7*S20,0) -> 0 | R20: 4 | S20: =VLOOKUP(K20, rpastarratio, 3, FALSE)*VLOOKUP(K20, rpastarratio, 8, FALSE) -> 0
F21: 10214 | G21: India | H21: B0406 | I21: Outcome 1.1_STAR | J21: Salaries and Benefits | K21: 61300 | L21: Salary & Post Adj Cst-IP Staff | M21: =ROUND(M$2*$Q21,0) -> 0 | N21: =ROUND(N$2*$Q21,0) -> 0 | O21: =ROUND(O$2*$Q21,0) -> 0 | P21: =Q21-SUM(M21:O21) -> 0 | Q21: =ROUND($V$7*S21,0) -> 0 | R21: 4 | S21: =VLOOKUP(K21, rpastarratio, 3, FALSE)*VLOOKUP(K21, rpastarratio, 8, FALSE) -> 0
C22: Total UNDP | M22: =SUM(M14:M21) -> 0 | N22: =SUM(N14:N21) -> 84196 | O22: =SUM(O14:O21) -> 81720 | P22: =SUM(P14:P21) -> 81719 | Q22: =SUM(Q14:Q21) -> 247635
B23: Total Outcome 1.1. Enabling environment strengthened for effective community-driven integrated approaches_STAR | M23: =M22 -> 0 | N23: =N22 -> 84196 | O23: =O22 -> 81720 | P23: =P22 -> 81719 | Q23: =Q22 -> 247635
A24: Total Component 1 | M24: =M13+M23 -> 0 | N24: =N13+N23 -> 87784 | O24: =O13+O23 -> 85203 | P24: =P13+P23 -> 85200 | Q24: =Q13+Q23 -> 258187
A25: Component 2: Demand-driven grants to CSOs/CBOs (Grants) | B25: Outcome 2.1. Landscape-seascape strategic objectives advanced through community-led grants._CORE | C25: UNDP | D25: 62000 | E25: 10003 | F25: 10214 | G25: India | H25: B0406 | I25: Outcome 2.1_CORE | J25: International Consultants | K25: 71200 | L25: International Consultants | M25: =ROUND(M$2*$Q25,0) -> 0 | N25: =ROUND(N$2*$Q25,0) -> 0 | O25: =ROUND(O$2*$Q25,0) -> 0 | P25: =Q25-SUM(M25:O25) -> 0 | Q25: =ROUND($V$6*S25,0) -> 0 | R25: 2 | S25: =VLOOKUP(K25, rpacoreratio, 4, FALSE)*VLOOKUP(K25, rpacoreratio, 8, FALSE) -> 0
F26: 10214 | G26: India | H26: B0406 | I26: Outcome 2.1_CORE | J26: Local Consultants | K26: 71300 | L26: Local Consultants | M26: =ROUND(M$2*$Q26,0) -> 0 | N26: =ROUND(N$2*$Q26,0) -> 188 | O26: =ROUND(O$2*$Q26,0) -> 182 | P26: =Q26-SUM(M26:O26) -> 183 | Q26: =ROUND($V$6*S26,0) -> 553 | R26: 3 | S26: =VLOOKUP(K26, rpacoreratio, 4, FALSE)*VLOOKUP(K26, rpacoreratio, 8, FALSE) -> 0.01105183
F27: 10214 | G27: India | H27: B0406 | I27: Outcome 2.1_CORE | J27: Contractual Services | K27: 71400 | L27: Contractual Services - Individ | M27: =ROUND(M$2*$Q27,0) -> 0 | N27: =ROUND(N$2*$Q27,0) -> 2878 | O27: =ROUND(O$2*$Q27,0) -> 2793 | P27: =Q27-SUM(M27:O27) -> 2793 | Q27: =ROUND($V$6*S27,0) -> 8464 | R27: 5 | S27: =VLOOKUP(K27, rpacoreratio, 4, FALSE)*VLOOKUP(K27, rpacoreratio, 8, FALSE) -> 0.16928577
F28: 10214 | G28: India | H28: B0406 | I28: Outcome 2.1_CORE | J28: Travel | K28: 71600 | L28: Travel | M28: =ROUND(M$2*$Q28,0) -> 0 | N28: =ROUND(N$2*$Q28,0) -> 139 | O28: =ROUND(O$2*$Q28,0) -> 135 | P28: =Q28-SUM(M28:O28) -> 136 | Q28: =ROUND($V$6*S28,0) -> 410 | R28: 7 | S28: =VLOOKUP(K28, rpacoreratio, 4, FALSE)*VLOOKUP(K28, rpacoreratio, 8, FALSE) -> 0.0082070753
F29: 10214 | G29: India | H29: B0406 | I29: Outcome 2.1_CORE | J29: Office Supplies | K29: 72500 | L29: Supplies | M29: =ROUND(M$2*$Q29,0) -> 0 | N29: =ROUND(N$2*$Q29,0) -> 12 | O29: =ROUND(O$2*$Q29,0) -> 12 | P29: =Q29-SUM(M29:O29) -> 11 | Q29: =ROUND($V$6*S29,0) -> 35 | R29: 10 | S29: =VLOOKUP(K29, rpacoreratio, 4, FALSE)*VLOOKUP(K29, rpacoreratio, 8, FALSE) -> 0.00069784685
F30: 10214 | G30: India | H30: B0406 | I30: Outcome 2.1_CORE | J30: Trainings, Workshops, Meetings | K30: 75700 | L30: Training, Workshops and Confer | M30: =ROUND(M$2*$Q30,0) -> 0 | N30: =ROUND(N$2*$Q30,0) -> 60 | O30: =ROUND(O$2*$Q30,0) -> 58 | P30: =Q30-SUM(M30:O30) -> 59 | Q30: =ROUND($V$6*S30,0) -> 177 | R30: 6 | S30: =VLOOKUP(K30, rpacoreratio, 4, FALSE)*VLOOKUP(K30, rpacoreratio, 8, FALSE) -> 0.0035324634
F31: 10214 | G31: India | H31: B0406 | I31: Outcome 2.1_CORE | J31: Salaries and Benefits | K31: 61200 | L31: Salaries Costs - GS Staff | M31: =ROUND(M$2*$Q31,0) -> 0 | N31: =ROUND(N$2*$Q31,0) -> 0 | O31: =ROUND(O$2*$Q31,0) -> 0 | P31: =Q31-SUM(M31:O31) -> 0 | Q31: =ROUND($V$6*S31,0) -> 0 | R31: 4 | S31: =VLOOKUP(K31, rpacoreratio, 4, FALSE)*VLOOKUP(K31, rpacoreratio, 8, FALSE) -> 0
F32: 10214 | G32: India | H32: B0406 | I32: Outcome 2.1_CORE | J32: Salaries and Benefits | K32: 61300 | L32: Salary & Post Adj Cst-IP Staff | M32: =ROUND(M$2*$Q32,0) -> 0 | N32: =ROUND(N$2*$Q32,0) -> 0 | O32: =ROUND(O$2*$Q32,0) -> 0 | P32: =Q32-SUM(M32:O32) -> 0 | Q32: =ROUND($V$6*S32,0) -> 0 | R32: 4 | S32: =VLOOKUP(K32, rpacoreratio, 4, FALSE)*VLOOKUP(K32, rpacoreratio, 8, FALSE) -> 0
F33: 10214 | G33: India | H33: B0406 | I33: Outcome 2.1_CORE | J33: Grants | K33: 72600 | L33: Grants | M33: =ROUND(M$1*$Q33, 0) -> 0 | N33: =ROUND(N$1*$Q33, 0) -> 182727 | O33: =ROUND(O$1*$Q33, 0) -> 182727 | P33: =Q33-SUM(M33:O33) -> 91364.18 | Q33: =V4 -> 456818.18 | R33: 1 | S33: =VLOOKUP(K33, rpacoreratio, 4, FALSE)*VLOOKUP(K33, rpacoreratio, 8, FALSE) -> 0
C34: Total UNDP | M34: =SUM(M25:M33) -> 0 | N34: =SUM(N25:N33) -> 186004 | O34: =SUM(O25:O33) -> 185907 | P34: =SUM(P25:P33) -> 94546.18 | Q34: =SUM(Q25:Q33) -> 466457.18
B35: Total Outcome 2.1. Landscape-seascape strategic objectives advanced through community-led grants._CORE | M35: =M34 -> 0 | N35: =N34 -> 186004 | O35: =O34 -> 185907 | P35: =P34 -> 94546.18 | Q35: =Q34 -> 466457.18
B36: Outcome 2.1. Landscape-seascape strategic objectives advanced through community-led grants._STAR | C36: UNDP | D36: 62000 | E36: 10003 | F36: 10214 | G36: India | H36: B0406 | I36: Outcome 2.1_STAR | J36: International Consultants | K36: 71200 | L36: International Consultants | M36: =ROUND(M$2*$Q36,0) -> 0 | N36: =ROUND(N$2*$Q36,0) -> 0 | O36: =ROUND(O$2*$Q36,0) -> 0 | P36: =Q36-SUM(M36:O36) -> 0 | Q36: =ROUND($V$7*S36,0) -> 0 | R36: 2 | S36: =VLOOKUP(K36, rpastarratio, 4, FALSE)*VLOOKUP(K36, rpastarratio, 8, FALSE) -> 0
F37: 10214 | G37: India | H37: B0406 | I37: Outcome 2.1_STAR | J37: Local Consultants | K37: 71300 | L37: Local Consultants | M37: =ROUND(M$2*$Q37,0) -> 0 | N37: =ROUND(N$2*$Q37,0) -> 4409 | O37: =ROUND(O$2*$Q37,0) -> 4279 | P37: =Q37-SUM(M37:O37) -> 4279 | Q37: =ROUND($V$7*S37,0) -> 12967 | R37: 3 | S37: =VLOOKUP(K37, rpastarratio, 4, FALSE)*VLOOKUP(K37, rpastarratio, 8, FALSE) -> 0.01105183
F38: 10214 | G38: India | H38: B0406 | I38: Outcome 2.1_STAR | J38: Contractual Services | K38: 71400 | L38: Contractual Services - Individ | M38: =ROUND(M$2*$Q38,0) -> 0 | N38: =ROUND(N$2*$Q38,0) -> 67533 | O38: =ROUND(O$2*$Q38,0) -> 65547 | P38: =Q38-SUM(M38:O38) -> 65546 | Q38: =ROUND($V$7*S38,0) -> 198626 | R38: 5 | S38: =VLOOKUP(K38, rpastarratio, 4, FALSE)*VLOOKUP(K38, rpastarratio, 8, FALSE) -> 0.16928577
F39: 10214 | G39: India | H39: B0406 | I39: Outcome 2.1_STAR | J39: Travel | K39: 71600 | L39: Travel | M39: =ROUND(M$2*$Q39,0) -> 0 | N39: =ROUND(N$2*$Q39,0) -> 3274 | O39: =ROUND(O$2*$Q39,0) -> 3178 | P39: =Q39-SUM(M39:O39) -> 3178 | Q39: =ROUND($V$7*S39,0) -> 9630 | R39: 7 | S39: =VLOOKUP(K39, rpastarratio, 4, FALSE)*VLOOKUP(K39, rpastarratio, 8, FALSE) -> 0.0082070753
F40: 10214 | G40: India | H40: B0406 | I40: Outcome 2.1_STAR | J40: Office Supplies | K40: 72500 | L40: Supplies | M40: =ROUND(M$2*$Q40,0) -> 0 | N40: =ROUND(N$2*$Q40,0) -> 278 | O40: =ROUND(O$2*$Q40,0) -> 270 | P40: =Q40-SUM(M40:O40) -> 271 | Q40: =ROUND($V$7*S40,0) -> 819 | R40: 10 | S40: =VLOOKUP(K40, rpastarratio, 4, FALSE)*VLOOKUP(K40, rpastarratio, 8, FALSE) -> 0.00069784685
F41: 10214 | G41: India | H41: B0406 | I41: Outcome 2.1_STAR | J41: Trainings, Workshops, Meetings | K41: 75700 | L41: Training, Workshops and Confer | M41: =ROUND(M$2*$Q41,0) -> 0 | N41: =ROUND(N$2*$Q41,0) -> 1409 | O41: =ROUND(O$2*$Q41,0) -> 1368 | P41: =Q41-SUM(M41:O41) -> 1368 | Q41: =ROUND($V$7*S41,0) -> 4145 | R41: 6 | S41: =VLOOKUP(K41, rpastarratio, 4, FALSE)*VLOOKUP(K41, rpastarratio, 8, FALSE) -> 0.0035324634
F42: 10214 | G42: India | H42: B0406 | I42: Outcome 2.1_STAR | J42: Salaries and Benefits | K42: 61200 | L42: Salaries Costs - GS Staff | M42: =ROUND(M$2*$Q42,0) -> 0 | N42: =ROUND(N$2*$Q42,0) -> 0 | O42: =ROUND(O$2*$Q42,0) -> 0 | P42: =Q42-SUM(M42:O42) -> 0 | Q42: =ROUND($V$7*S42,0) -> 0 | R42: 4 | S42: =VLOOKUP(K42, rpastarratio, 4, FALSE)*VLOOKUP(K42, rpastarratio, 8, FALSE) -> 0
F43: 10214 | G43: India | H43: B0406 | I43: Outcome 2.1_STAR | J43: Salaries and Benefits | K43: 61300 | L43: Salary & Post Adj Cst-IP Staff | M43: =ROUND(M$2*$Q43,0) -> 0 | N43: =ROUND(N$2*$Q43,0) -> 0 | O43: =ROUND(O$2*$Q43,0) -> 0 | P43: =Q43-SUM(M43:O43) -> 0 | Q43: =ROUND($V$7*S43,0) -> 0 | R43: 4 | S43: =VLOOKUP(K43, rpastarratio, 4, FALSE)*VLOOKUP(K43, rpastarratio, 8, FALSE) -> 0
F44: 10214 | G44: India | H44: B0406 | I44: Outcome 2.1_STAR | J44: Grants | K44: 72600 | L44: Grants | M44: =ROUND(M$1*$Q44,0) -> 0 | N44: =ROUND(N$1*$Q44,0) -> 1340000 | O44: =ROUND(O$1*$Q44,0) -> 1340000 | P44: =Q44-SUM(M44:O44) -> 670000 | Q44: =ROUND(V5,0) -> 3350000 | R44: 1 | S44: =VLOOKUP(K44, rpastarratio, 4, FALSE)*VLOOKUP(K44, rpastarratio, 8, FALSE) -> 0
C45: Total UNDP | M45: =SUM(M36:M44) -> 0 | N45: =SUM(N36:N44) -> 1416903 | O45: =SUM(O36:O44) -> 1414642 | P45: =SUM(P36:P44) -> 744642 | Q45: =SUM(Q36:Q44) -> 3576187
B46: Total Outcome 2.1. Landscape-seascape strategic objectives advanced through community-led grants._STAR | M46: =M45 -> 0 | N46: =N45 -> 1416903 | O46: =O45 -> 1414642 | P46: =P45 -> 744642 | Q46: =Q45 -> 3576187
A47: Total Component 2 | M47: =M35+M46 -> 0 | N47: =N35+N46 -> 1602907 | O47: =O35+O46 -> 1600549 | P47: =P35+P46 -> 839188.18 | Q47: =Q35+Q46 -> 4042644.2
A48: Component 3: Knowledge Management and Learning | B48: Outcome 3.1. Sustainability and impact of community-led collective action enhanced through knowledge management and learning approaches across landscapes-seascapes and regions._CORE | C48: UNDP | D48: 62000 | E48: 10003 | F48: 10214 | G48: India | H48: B0406 | I48: Outcome 3.1_CORE | J48: International Consultants | K48: 71200 | L48: International Consultants | M48: =ROUND(M$2*$Q48,0) -> 0 | N48: =ROUND(N$2*$Q48,0) -> 0 | O48: =ROUND(O$2*$Q48,0) -> 0 | P48: =Q48-SUM(M48:O48) -> 0 | Q48: =ROUND($V$6*S48,0) -> 0 | R48: 2 | S48: =VLOOKUP(K48, rpacoreratio, 5, FALSE)*VLOOKUP(K48, rpacoreratio, 8, FALSE) -> 0
F49: 10214 | G49: India | H49: B0406 | I49: Outcome 3.1_CORE | J49: Local Consultants | K49: 71300 | L49: Local Consultants | M49: =ROUND(M$2*$Q49,0) -> 0 | N49: =ROUND(N$2*$Q49,0) -> 104 | O49: =ROUND(O$2*$Q49,0) -> 101 | P49: =Q49-SUM(M49:O49) -> 101 | Q49: =ROUND($V$6*S49,0) -> 306 | R49: 3 | S49: =VLOOKUP(K49, rpacoreratio, 5, FALSE)*VLOOKUP(K49, rpacoreratio, 8, FALSE) -> 0.0061210094
F50: 10214 | G50: India | H50: B0406 | I50: Outcome 3.1_CORE | J50: Contractual Services | K50: 71400 | L50: Contractual Services - Individ | M50: =ROUND(M$2*$Q50,0) -> 0 | N50: =ROUND(N$2*$Q50,0) -> 1567 | O50: =ROUND(O$2*$Q50,0) -> 1521 | P50: =Q50-SUM(M50:O50) -> 1521 | Q50: =ROUND($V$6*S50,0) -> 4609 | R50: 5 | S50: =VLOOKUP(K50, rpacoreratio, 5, FALSE)*VLOOKUP(K50, rpacoreratio, 8, FALSE) -> 0.092177595
F51: 10214 | G51: India | H51: B0406 | I51: Outcome 3.1_CORE | J51: Travel | K51: 71600 | L51: Travel | M51: =ROUND(M$2*$Q51,0) -> 0 | N51: =ROUND(N$2*$Q51,0) -> 301 | O51: =ROUND(O$2*$Q51,0) -> 292 | P51: =Q51-SUM(M51:O51) -> 291 | Q51: =ROUND($V$6*S51,0) -> 884 | R51: 7 | S51: =VLOOKUP(K51, rpacoreratio, 5, FALSE)*VLOOKUP(K51, rpacoreratio, 8, FALSE) -> 0.017686551
F52: 10214 | G52: India | H52: B0406 | I52: Outcome 3.1_CORE | J52: Office Supplies | K52: 72500 | L52: Supplies | M52: =ROUND(M$2*$Q52,0) -> 0 | N52: =ROUND(N$2*$Q52,0) -> 6 | O52: =ROUND(O$2*$Q52,0) -> 6 | P52: =Q52-SUM(M52:O52) -> 7 | Q52: =ROUND($V$6*S52,0) -> 19 | R52: 10 | S52: =VLOOKUP(K52, rpacoreratio, 5, FALSE)*VLOOKUP(K52, rpacoreratio, 8, FALSE) -> 0.00038649922
F53: 10214 | G53: India | H53: B0406 | I53: Outcome 3.1_CORE | J53: Travel | K53: 74500 | L53: Miscellaneous Expenses | M53: =ROUND(M$2*$Q53,0) -> 0 | N53: =ROUND(N$2*$Q53,0) -> 7 | O53: =ROUND(O$2*$Q53,0) -> 7 | P53: =Q53-SUM(M53:O53) -> 6 | Q53: =ROUND($V$6*S53,0) -> 20 | R53: 11 | S53: =VLOOKUP(K53, rpacoreratio, 5, FALSE)*VLOOKUP(K53, rpacoreratio, 8, FALSE) -> 0.00040236622
F54: 10214 | G54: India | H54: B0406 | I54: Outcome 3.1_CORE | J54: Trainings, Workshops, Meetings | K54: 75700 | L54: Training, Workshops and Confer | M54: =ROUND(M$2*$Q54,0) -> 0 | N54: =ROUND(N$2*$Q54,0) -> 33 | O54: =ROUND(O$2*$Q54,0) -> 32 | P54: =Q54-SUM(M54:O54) -> 33 | Q54: =ROUND($V$6*S54,0) -> 98 | R54: 6 | S54: =VLOOKUP(K54, rpacoreratio, 5, FALSE)*VLOOKUP(K54, rpacoreratio, 8, FALSE) -> 0.0019564285
F55: 10214 | G55: India | H55: B0406 | I55: Outcome 3.1_CORE | J55: Salaries and Benefits | K55: 61200 | L55: Salaries Costs - GS Staff | M55: =ROUND(M$2*$Q55,0) -> 0 | N55: =ROUND(N$2*$Q55,0) -> 0 | O55: =ROUND(O$2*$Q55,0) -> 0 | P55: =Q55-SUM(M55:O55) -> 0 | Q55: =ROUND($V$6*S55,0) -> 0 | R55: 4 | S55: =VLOOKUP(K55, rpacoreratio, 5, FALSE)*VLOOKUP(K55, rpacoreratio, 8, FALSE) -> 0
F56: 10214 | G56: India | H56: B0406 | I56: Outcome 3.1_CORE | J56: Salaries and Benefits | K56: 61300 | L56: Salary & Post Adj Cst-IP Staff | M56: =ROUND(M$2*$Q56,0) -> 0 | N56: =ROUND(N$2*$Q56,0) -> 0 | O56: =ROUND(O$2*$Q56,0) -> 0 | P56: =Q56-SUM(M56:O56) -> 0 | Q56: =ROUND($V$6*S56,0) -> 0 | R56: 4 | S56: =VLOOKUP(K56, rpacoreratio, 5, FALSE)*VLOOKUP(K56, rpacoreratio, 8, FALSE) -> 0
C57: Total UNDP | M57: =SUM(M48:M56) -> 0 | N57: =SUM(N48:N56) -> 2018 | O57: =SUM(O48:O56) -> 1959 | P57: =SUM(P48:P56) -> 1959 | Q57: =SUM(Q48:Q56) -> 5936
B58: Total Outcome 3.1. Sustainability and impact of community-led collective action enhanced through knowledge management and learning approaches across landscapes-seascapes and regions._CORE | M58: =M57 -> 0 | N58: =N57 -> 2018 | O58: =O57 -> 1959 | P58: =P57 -> 1959 | Q58: =Q57 -> 5936
B59: Outcome 3.1. Sustainability and impact of community-led collective action enhanced through knowledge management and learning approaches across landscapes-seascapes and regions._STAR | C59: UNDP | D59: 62000 | E59: 10003 | F59: 10214 | G59: India | H59: B0406 | I59: Outcome 3.1_STAR | J59: International Consultants | K59: 71200 | L59: International Consultants | M59: =ROUND(M$2*$Q59,0) -> 0 | N59: =ROUND(N$2*$Q59,0) -> 0 | O59: =ROUND(O$2*$Q59,0) -> 0 | P59: =Q59-SUM(M59:O59) -> 0 | Q59: =ROUND($V$7*S59,0) -> 0 | R59: 2 | S59: =VLOOKUP(K59, rpastarratio, 5, FALSE)*VLOOKUP(K59, rpastarratio, 8, FALSE) -> 0
F60: 10214 | G60: India | H60: B0406 | I60: Outcome 3.1_STAR | J60: Local Consultants | K60: 71300 | L60: Local Consultants | M60: =ROUND(M$2*$Q60,0) -> 0 | N60: =ROUND(N$2*$Q60,0) -> 2442 | O60: =ROUND(O$2*$Q60,0) -> 2370 | P60: =Q60-SUM(M60:O60) -> 2370 | Q60: =ROUND($V$7*S60,0) -> 7182 | R60: 3 | S60: =VLOOKUP(K60, rpastarratio, 5, FALSE)*VLOOKUP(K60, rpastarratio, 8, FALSE) -> 0.0061210094
F61: 10214 | G61: India | H61: B0406 | I61: Outcome 3.1_STAR | J61: Contractual Services | K61: 71400 | L61: Contractual Services - Individ | M61: =ROUND(M$2*$Q61,0) -> 0 | N61: =ROUND(N$2*$Q61,0) -> 36772 | O61: =ROUND(O$2*$Q61,0) -> 35691 | P61: =Q61-SUM(M61:O61) -> 35691 | Q61: =ROUND($V$7*S61,0) -> 108154 | R61: 5 | S61: =VLOOKUP(K61, rpastarratio, 5, FALSE)*VLOOKUP(K61, rpastarratio, 8, FALSE) -> 0.092177595
F62: 10214 | G62: India | H62: B0406 | I62: Outcome 3.1_STAR | J62: Travel | K62: 71600 | L62: Travel | M62: =ROUND(M$2*$Q62,0) -> 0 | N62: =ROUND(N$2*$Q62,0) -> 7056 | O62: =ROUND(O$2*$Q62,0) -> 6848 | P62: =Q62-SUM(M62:O62) -> 6848 | Q62: =ROUND($V$7*S62,0) -> 20752 | R62: 7 | S62: =VLOOKUP(K62, rpastarratio, 5, FALSE)*VLOOKUP(K62, rpastarratio, 8, FALSE) -> 0.017686551
F63: 10214 | G63: India | H63: B0406 | I63: Outcome 3.1_STAR | J63: Office Supplies | K63: 72500 | L63: Supplies | M63: =ROUND(M$2*$Q63,0) -> 0 | N63: =ROUND(N$2*$Q63,0) -> 154 | O63: =ROUND(O$2*$Q63,0) -> 149 | P63: =Q63-SUM(M63:O63) -> 150 | Q63: =ROUND($V$7*S63,0) -> 453 | R63: 10 | S63: =VLOOKUP(K63, rpastarratio, 5, FALSE)*VLOOKUP(K63, rpastarratio, 8, FALSE) -> 0.00038649922
F64: 10214 | G64: India | H64: B0406 | I64: Outcome 3.1_STAR | J64: Travel | K64: 74500 | L64: Miscellaneous Expenses | M64: =ROUND(M$2*$Q64,0) -> 0 | N64: =ROUND(N$2*$Q64,0) -> 160 | O64: =ROUND(O$2*$Q64,0) -> 156 | P64: =Q64-SUM(M64:O64) -> 156 | Q64: =ROUND($V$7*S64,0) -> 472 | R64: 11 | S64: =VLOOKUP(K64, rpastarratio, 5, FALSE)*VLOOKUP(K64, rpastarratio, 8, FALSE) -> 0.00040236622
F65: 10214 | G65: India | H65: B0406 | I65: Outcome 3.1_STAR | J65: Trainings, Workshops, Meetings | K65: 75700 | L65: Training, Workshops and Confer | M65: =ROUND(M$2*$Q65,0) -> 0 | N65: =ROUND(N$2*$Q65,0) -> 781 | O65: =ROUND(O$2*$Q65,0) -> 758 | P65: =Q65-SUM(M65:O65) -> 757 | Q65: =ROUND($V$7*S65,0) -> 2296 | R65: 6 | S65: =VLOOKUP(K65, rpastarratio, 5, FALSE)*VLOOKUP(K65, rpastarratio, 8, FALSE) -> 0.0019564285
F66: 10214 | G66: India | H66: B0406 | I66: Outcome 3.1_STAR | J66: Salaries and Benefits | K66: 61200 | L66: Salaries Costs - GS Staff | M66: =ROUND(M$2*$Q66,0) -> 0 | N66: =ROUND(N$2*$Q66,0) -> 0 | O66: =ROUND(O$2*$Q66,0) -> 0 | P66: =Q66-SUM(M66:O66) -> 0 | Q66: =ROUND($V$7*S66,0) -> 0 | R66: 4 | S66: =VLOOKUP(K66, rpastarratio, 5, FALSE)*VLOOKUP(K66, rpastarratio, 8, FALSE) -> 0
F67: 10214 | G67: India | H67: B0406 | I67: Outcome 3.1_STAR | J67: Salaries and Benefits | K67: 61300 | L67: Salary & Post Adj Cst-IP Staff | M67: =M$2*$Q67 -> 0 | N67: =N$2*$Q67 -> 0 | O67: =O$2*$Q67 -> 0 | P67: =Q67-SUM(M67:O67) -> 0 | Q67: =ROUND($V$7*S67,0) -> 0 | R67: 4 | S67: =VLOOKUP(K67, rpastarratio, 5, FALSE)*VLOOKUP(K67, rpastarratio, 8, FALSE) -> 0
C68: Total UNDP | M68: =SUM(M59:M67) -> 0 | N68: =SUM(N59:N67) -> 47365 | O68: =SUM(O59:O67) -> 45972 | P68: =SUM(P59:P67) -> 45972 | Q68: =SUM(Q59:Q67) -> 139309
B69: Total Outcome 3.1. Sustainability and impact of community-led collective action enhanced through knowledge management and learning approaches across landscapes-seascapes and regions._STAR | M69: =M68 -> 0 | N69: =N68 -> 47365 | O69: =O68 -> 45972 | P69: =P68 -> 45972 | Q69: =Q68 -> 139309
A70: Total Component 3 | M70: =M58+M69 -> 0 | N70: =N58+N69 -> 49383 | O70: =O58+O69 -> 47931 | P70: =P58+P69 -> 47931 | Q70: =Q58+Q69 -> 145245
A71: Component 4: Monitoring & Evaluation | B71: Outcome 4.1. Scale, durability and impact of locally-led community action strengthend through monitoring, evaluation and evidence-based learning._CORE | C71: UNDP | D71: 62000 | E71: 10003 | F71: 10214 | G71: India | H71: B0406 | I71: Outcome 4.1_CORE | J71: International Consultants | K71: 71200 | L71: International Consultants | M71: =ROUND(M$2*$Q71,0) -> 0 | N71: =ROUND(N$2*$Q71,0) -> 0 | O71: =ROUND(O$2*$Q71,0) -> 0 | P71: =Q71-SUM(M71:O71) -> 0 | Q71: =ROUND($V$6*S71,0) -> 0 | R71: 2 | S71: =VLOOKUP(K71, rpacoreratio, 6, FALSE)*VLOOKUP(K71, rpacoreratio, 8, FALSE) -> 0
F72: 10214 | G72: India | H72: B0406 | I72: Outcome 4.1_CORE | J72: Local Consultants | K72: 71300 | L72: Local Consultants | M72: =ROUND(M$2*$Q72,0) -> 0 | N72: =ROUND(N$2*$Q72,0) -> 188 | O72: =ROUND(O$2*$Q72,0) -> 183 | P72: =Q72-SUM(M72:O72) -> 183 | Q72: =ROUND($V$6*S72,0) -> 554 | R72: 3 | S72: =VLOOKUP(K72, rpacoreratio, 6, FALSE)*VLOOKUP(K72, rpacoreratio, 8, FALSE) -> 0.01108482
F73: 10214 | G73: India | H73: B0406 | I73: Outcome 4.1_CORE | J73: Contractual Services | K73: 71400 | L73: Contractual Services - Individ | M73: =ROUND(M$2*$Q73,0) -> 0 | N73: =ROUND(N$2*$Q73,0) -> 532 | O73: =ROUND(O$2*$Q73,0) -> 516 | P73: =Q73-SUM(M73:O73) -> 516 | Q73: =ROUND($V$6*S73,0) -> 1564 | R73: 5 | S73: =VLOOKUP(K73, rpacoreratio, 6, FALSE)*VLOOKUP(K73, rpacoreratio, 8, FALSE) -> 0.031270142
F74: 10214 | G74: India | H74: B0406 | I74: Outcome 4.1_CORE | J74: Travel | K74: 71600 | L74: Travel | M74: =ROUND(M$2*$Q74,0) -> 0 | N74: =ROUND(N$2*$Q74,0) -> 699 | O74: =ROUND(O$2*$Q74,0) -> 679 | P74: =Q74-SUM(M74:O74) -> 679 | Q74: =ROUND($V$6*S74,0) -> 2057 | R74: 7 | S74: =VLOOKUP(K74, rpacoreratio, 6, FALSE)*VLOOKUP(K74, rpacoreratio, 8, FALSE) -> 0.041134974
F75: 10214 | G75: India | H75: B0406 | I75: Outcome 4.1_CORE | J75: Other Operating Costs | K75: 72100 | L75: Contractual Services-Companies | M75: =ROUND(M$2*$Q75,0) -> 0 | N75: =ROUND(N$2*$Q75,0) -> 0 | O75: =ROUND(O$2*$Q75,0) -> 0 | P75: =Q75-SUM(M75:O75) -> 0 | Q75: =ROUND($V$6*S75,0) -> 0 | R75: 12 | S75: =VLOOKUP(K75, rpacoreratio, 6, FALSE)*VLOOKUP(K75, rpacoreratio, 8, FALSE) -> 0
F76: 10214 | G76: India | H76: B0406 | I76: Outcome 4.1_CORE | J76: Office Supplies | K76: 72500 | L76: Supplies | M76: =ROUND(M$2*$Q76,0) -> 0 | N76: =ROUND(N$2*$Q76,0) -> 60 | O76: =ROUND(O$2*$Q76,0) -> 58 | P76: =Q76-SUM(M76:O76) -> 57 | Q76: =ROUND($V$6*S76,0) -> 175 | R76: 10 | S76: =VLOOKUP(K76, rpacoreratio, 6, FALSE)*VLOOKUP(K76, rpacoreratio, 8, FALSE) -> 0.0034996364
F77: 10214 | G77: India | H77: B0406 | I77: Outcome 4.1_CORE | J77: Travel | K77: 74500 | L77: Miscellaneous Expenses | M77: =ROUND(M$2*$Q77,0) -> 0 | N77: =ROUND(N$2*$Q77,0) -> 392 | O77: =ROUND(O$2*$Q77,0) -> 381 | P77: =Q77-SUM(M77:O77) -> 381 | Q77: =ROUND($V$6*S77,0) -> 1154 | R77: 11 | S77: =VLOOKUP(K77, rpacoreratio, 6, FALSE)*VLOOKUP(K77, rpacoreratio, 8, FALSE) -> 0.023087515
F78: 10214 | G78: India | H78: B0406 | I78: Outcome 4.1_CORE | J78: Trainings, Workshops, Meetings | K78: 75700 | L78: Training, Workshops and Confer | M78: =ROUND(M$2*$Q78,0) -> 0 | N78: =ROUND(N$2*$Q78,0) -> 308 | O78: =ROUND(O$2*$Q78,0) -> 299 | P78: =Q78-SUM(M78:O78) -> 298 | Q78: =ROUND($V$6*S78,0) -> 905 | R78: 6 | S78: =VLOOKUP(K78, rpacoreratio, 6, FALSE)*VLOOKUP(K78, rpacoreratio, 8, FALSE) -> 0.018100375
F79: 10214 | G79: India | H79: B0406 | I79: Outcome 4.1_CORE | J79: Salaries and Benefits | K79: 61300 | L79: Salary & Post Adj Cst-IP Staff | M79: =ROUND(M$2*$Q79,0) -> 0 | N79: =ROUND(N$2*$Q79,0) -> 0 | O79: =ROUND(O$2*$Q79,0) -> 0 | P79: =Q79-SUM(M79:O79) -> 0 | Q79: =ROUND($V$6*S79,0) -> 0 | R79: 4 | S79: =VLOOKUP(K79, rpacoreratio, 6, FALSE)*VLOOKUP(K79, rpacoreratio, 8, FALSE) -> 0
C80: Total UNDP | M80: =SUM(M71:M79) -> 0 | N80: =SUM(N71:N79) -> 2179 | O80: =SUM(O71:O79) -> 2116 | P80: =SUM(P71:P79) -> 2114 | Q80: =SUM(Q71:Q79) -> 6409
B81: Total Outcome 4.1. Scale, durability and impact of locally-led community action strengthend through monitoring, evaluation and evidence-based learning._CORE | M81: =M80 -> 0 | N81: =N80 -> 2179 | O81: =O80 -> 2116 | P81: =P80 -> 2114 | Q81: =Q80 -> 6409
B82: Outcome 4.1. Scale, durability and impact of locally-led community action strengthend through monitoring, evaluation and evidence-based learning._STAR | C82: UNDP | D82: 62000 | E82: 10003 | F82: 10214 | G82: India | H82: B0406 | I82: Outcome 4.1_STAR | J82: International Consultants | K82: 71200 | L82: International Consultants | M82: =ROUND(M$2*$Q82,0) -> 0 | N82: =ROUND(N$2*$Q82,0) -> 0 | O82: =ROUND(O$2*$Q82,0) -> 0 | P82: =Q82-SUM(M82:O82) -> 0 | Q82: =ROUND($V$7*S82,0) -> 0 | R82: 2 | S82: =VLOOKUP(K82, rpastarratio, 6, FALSE)*VLOOKUP(K82, rpastarratio, 8, FALSE) -> 0
F83: 10214 | G83: India | H83: B0406 | I83: Outcome 4.1_STAR | J83: Local Consultants | K83: 71300 | L83: Local Consultants | M83: =ROUND(M$2*$Q83,0) -> 0 | N83: =ROUND(N$2*$Q83,0) -> 4422 | O83: =ROUND(O$2*$Q83,0) -> 4292 | P83: =Q83-SUM(M83:O83) -> 4292 | Q83: =ROUND($V$7*S83,0) -> 13006 | R83: 3 | S83: =VLOOKUP(K83, rpastarratio, 6, FALSE)*VLOOKUP(K83, rpastarratio, 8, FALSE) -> 0.01108482
F84: 10214 | G84: India | H84: B0406 | I84: Outcome 4.1_STAR | J84: Contractual Services | K84: 71400 | L84: Contractual Services - Individ | M84: =ROUND(M$2*$Q84,0) -> 0 | N84: =ROUND(N$2*$Q84,0) -> 12475 | O84: =ROUND(O$2*$Q84,0) -> 12108 | P84: =Q84-SUM(M84:O84) -> 12107 | Q84: =ROUND($V$7*S84,0) -> 36690 | R84: 5 | S84: =VLOOKUP(K84, rpastarratio, 6, FALSE)*VLOOKUP(K84, rpastarratio, 8, FALSE) -> 0.031270142
F85: 10214 | G85: India | H85: B0406 | I85: Outcome 4.1_STAR | J85: Travel | K85: 71600 | L85: Travel | M85: =ROUND(M$2*$Q85,0) -> 0 | N85: =ROUND(N$2*$Q85,0) -> 16410 | O85: =ROUND(O$2*$Q85,0) -> 15927 | P85: =Q85-SUM(M85:O85) -> 15927 | Q85: =ROUND($V$7*S85,0) -> 48264 | R85: 7 | S85: =VLOOKUP(K85, rpastarratio, 6, FALSE)*VLOOKUP(K85, rpastarratio, 8, FALSE) -> 0.041134974
F86: 10214 | G86: India | H86: B0406 | I86: Outcome 4.1_STAR | J86: Other Operating Costs | K86: 72100 | L86: Contractual Services-Companies | M86: =ROUND(M$2*$Q86,0) -> 0 | N86: =ROUND(N$2*$Q86,0) -> 0 | O86: =ROUND(O$2*$Q86,0) -> 0 | P86: =Q86-SUM(M86:O86) -> 0 | Q86: =ROUND($V$7*S86,0) -> 0 | R86: 12 | S86: =VLOOKUP(K86, rpastarratio, 6, FALSE)*VLOOKUP(K86, rpastarratio, 8, FALSE) -> 0
F87: 10214 | G87: India | H87: B0406 | I87: Outcome 4.1_STAR | J87: Office Supplies | K87: 72500 | L87: Supplies | M87: =ROUND(M$2*$Q87,0) -> 0 | N87: =ROUND(N$2*$Q87,0) -> 1396 | O87: =ROUND(O$2*$Q87,0) -> 1355 | P87: =Q87-SUM(M87:O87) -> 1355 | Q87: =ROUND($V$7*S87,0) -> 4106 | R87: 10 | S87: =VLOOKUP(K87, rpastarratio, 6, FALSE)*VLOOKUP(K87, rpastarratio, 8, FALSE) -> 0.0034996364
F88: 10214 | G88: India | H88: B0406 | I88: Outcome 4.1_STAR | J88: Travel | K88: 74500 | L88: Miscellaneous Expenses | M88: =ROUND(M$2*$Q88,0) -> 0 | N88: =ROUND(N$2*$Q88,0) -> 9210 | O88: =ROUND(O$2*$Q88,0) -> 8939 | P88: =Q88-SUM(M88:O88) -> 8940 | Q88: =ROUND($V$7*S88,0) -> 27089 | R88: 11 | S88: =VLOOKUP(K88, rpastarratio, 6, FALSE)*VLOOKUP(K88, rpastarratio, 8, FALSE) -> 0.023087515
F89: 10214 | G89: India | H89: B0406 | I89: Outcome 4.1_STAR | J89: Trainings, Workshops, Meetings | K89: 75700 | L89: Training, Workshops and Confer | M89: =ROUND(M$2*$Q89,0) -> 0 | N89: =ROUND(N$2*$Q89,0) -> 7221 | O89: =ROUND(O$2*$Q89,0) -> 7008 | P89: =Q89-SUM(M89:O89) -> 7008 | Q89: =ROUND($V$7*S89,0) -> 21237 | R89: 6 | S89: =VLOOKUP(K89, rpastarratio, 6, FALSE)*VLOOKUP(K89, rpastarratio, 8, FALSE) -> 0.018100375
F90: 10214 | G90: India | H90: B0406 | I90: Outcome 4.1_STAR | J90: Salaries and Benefits | K90: 61300 | L90: Salary & Post Adj Cst-IP Staff | M90: =ROUND(M$2*$Q90,0) -> 0 | N90: =ROUND(N$2*$Q90,0) -> 0 | O90: =ROUND(O$2*$Q90,0) -> 0 | P90: =Q90-SUM(M90:O90) -> 0 | Q90: =ROUND($V$7*S90,0) -> 0 | R90: 4 | S90: =VLOOKUP(K90, rpastarratio, 6, FALSE)*VLOOKUP(K90, rpastarratio, 8, FALSE) -> 0
C91: Total UNDP | M91: =SUM(M82:M90) -> 0 | N91: =SUM(N82:N90) -> 51134 | O91: =SUM(O82:O90) -> 49629 | P91: =SUM(P82:P90) -> 49629 | Q91: =SUM(Q82:Q90) -> 150392
B92: Total Outcome 4.1. Scale, durability and impact of locally-led community action strengthend through monitoring, evaluation and evidence-based learning._STAR | M92: =M91 -> 0 | N92: =N91 -> 51134 | O92: =O91 -> 49629 | P92: =P91 -> 49629 | Q92: =Q91 -> 150392
A93: Total Component 4 | M93: =M81+M92 -> 0 | N93: =N81+N92 -> 53313 | O93: =O81+O92 -> 51745 | P93: =P81+P92 -> 51743 | Q93: =Q81+Q92 -> 156801
A94: Project Management Cost (PMC) | B94: PMC_CORE | C94: UNDP | D94: 62000 | E94: 10003 | F94: 10214 | G94: India | H94: B0406 | I94: PMC_CORE | J94: Contractual Services | K94: 71400 | L94: Contractual Services - Individ | M94: =ROUND(M$2*$Q94,0) -> 0 | N94: =ROUND(N$2*$Q94,0) -> 3323 | O94: =ROUND(O$2*$Q94,0) -> 3225 | P94: =Q94-SUM(M94:O94) -> 3225 | Q94: =ROUND($V$6*S94,0) -> 9773 | R94: 5 | S94: =VLOOKUP(K94, rpacoreratio, 7, FALSE)*VLOOKUP(K94, rpacoreratio, 8, FALSE) -> 0.19546413
F95: 10214 | G95: India | H95: B0406 | I95: PMC_CORE | J95: Travel | K95: 71600 | L95: Travel | M95: =ROUND(M$2*$Q95,0) -> 0 | N95: =ROUND(N$2*$Q95,0) -> 324 | O95: =ROUND(O$2*$Q95,0) -> 315 | P95: =Q95-SUM(M95:O95) -> 315 | Q95: =ROUND($V$6*S95,0) -> 954 | R95: 7 | S95: =VLOOKUP(K95, rpacoreratio, 7, FALSE)*VLOOKUP(K95, rpacoreratio, 8, FALSE) -> 0.019088922
F96: 10214 | G96: India | H96: B0406 | I96: PMC_CORE | J96: Other Operating Costs | K96: 72200 | L96: Equipment and Furniture | M96: =ROUND(M$2*$Q96,0) -> 0 | N96: =ROUND(N$2*$Q96,0) -> 23 | O96: =ROUND(O$2*$Q96,0) -> 23 | P96: =Q96-SUM(M96:O96) -> 23 | Q96: =ROUND($V$6*S96,0) -> 69 | R96: 13 | S96: =VLOOKUP(K96, rpacoreratio, 7, FALSE)*VLOOKUP(K96, rpacoreratio, 8, FALSE) -> 0.0013809951
F97: 10214 | G97: India | H97: B0406 | I97: PMC_CORE | J97: Other Operating Costs | K97: 72300 | L97: Materials & Goods | M97: =ROUND(M$2*$Q97,0) -> 0 | N97: =ROUND(N$2*$Q97,0) -> 0 | O97: =ROUND(O$2*$Q97,0) -> 0 | P97: =Q97-SUM(M97:O97) -> 0 | Q97: =ROUND($V$6*S97,0) -> 0 | R97: 14 | S97: =VLOOKUP(K97, rpacoreratio, 7, FALSE)*VLOOKUP(K97, rpacoreratio, 8, FALSE) -> 0
F98: 10214 | G98: India | H98: B0406 | I98: PMC_CORE | J98: Other Operating Costs | K98: 72400 | L98: Communic & Audio Visual Equip | M98: =ROUND(M$2*$Q98,0) -> 0 | N98: =ROUND(N$2*$Q98,0) -> 167 | O98: =ROUND(O$2*$Q98,0) -> 162 | P98: =Q98-SUM(M98:O98) -> 162 | Q98: =ROUND($V$6*S98,0) -> 491 | R98: 15 | S98: =VLOOKUP(K98, rpacoreratio, 7, FALSE)*VLOOKUP(K98, rpacoreratio, 8, FALSE) -> 0.0098297059
F99: 10214 | G99: India | H99: B0406 | I99: PMC_CORE | J99: Office Supplies | K99: 72500 | L99: Supplies | M99: =ROUND(M$2*$Q99,0) -> 0 | N99: =ROUND(N$2*$Q99,0) -> 152 | O99: =ROUND(O$2*$Q99,0) -> 148 | P99: =Q99-SUM(M99:O99) -> 147 | Q99: =ROUND($V$6*S99,0) -> 447 | R99: 10 | S99: =VLOOKUP(K99, rpacoreratio, 7, FALSE)*VLOOKUP(K99, rpacoreratio, 8, FALSE) -> 0.0089354247
F100: 10214 | G100: India | H100: B0406 | I100: PMC_CORE | J100: Other Operating Costs | K100: 72800 | L100: Information Technology Equipmt | M100: =ROUND(M$2*$Q100,0) -> 0 | N100: =ROUND(N$2*$Q100,0) -> 106 | O100: =ROUND(O$2*$Q100,0) -> 103 | P100: =Q100-SUM(M100:O100) -> 104 | Q100: =ROUND($V$6*S100,0) -> 313 | R100: 16 | S100: =VLOOKUP(K100, rpacoreratio, 7, FALSE)*VLOOKUP(K100, rpacoreratio, 8, FALSE) -> 0.0062690135
...

Sheet budget_Philippines
L1: Grant | M1: 0 | N1: 0.4 | O1: 0.4 | P1: 0.2 | Q1: =SUM(M1:P1) -> 1
L2: Non-grant | M2: 0 | N2: 0.34 | O2: 0.33 | P2: 0.33 | Q2: =SUM(M2:P2) -> 1
A3: Quantum Outcome (GEF Component) | B3: Quantum Activity (GEF Output) | C3: Quantum UNDP(UNDP, IP) | D3: Quantum Fund ID | E3: Quantum Donor ID | F3: PIMS No. | G3: Country | H3: Business Unit | I3: Output | J3: Expenditure Category GEF | K3: Quantum Budgetary Account Code | L3: Quantum Budget Account Description | M3: Amount Year 2025 | N3: Amount Year 2026 | O3: Amount Year 2027 | P3: Amount Year 2028 | Q3: Total (USD) | R3: See Budget Note: (reference as number, not as letter) | S3: ratio | U3: RPA budget summary
A4: Component 1: Strategic Planning and Multi-Stakeholder Governance | B4: Outcome 1.1. Enabling environment strengthened for effective community-driven integrated approaches_CORE | C4: UNDP | D4: 62000 | E4: 10003 | F4: 10242 | G4: Philippines | H4: B0428 | I4: Outcome 1.1_CORE | J4: International Consultants | K4: 71200 | L4: International Consultants | M4: =ROUND(M$2*$Q4,0) -> 0 | N4: =ROUND(N$2*$Q4,0) -> 0 | O4: =ROUND(O$2*$Q4,0) -> 0 | P4: =Q4-SUM(M4:O4) -> 0 | Q4: =ROUND($V$6*S4,0) -> 0 | R4: 2 | S4: =VLOOKUP(K4, rpacoreratio, 3, FALSE)*VLOOKUP(K4, rpacoreratio, 8, FALSE) -> 0 | U4: CORE grant | V4: =[3]RPA_Kris!D3 -> 456818.18
F5: 10242 | G5: Philippines | H5: B0428 | I5: Outcome 1.1_CORE | J5: Local Consultants | K5: 71300 | L5: Local Consultants | M5: =ROUND(M$2*$Q5,0) -> 0 | N5: =ROUND(N$2*$Q5,0) -> 195 | O5: =ROUND(O$2*$Q5,0) -> 189 | P5: =Q5-SUM(M5:O5) -> 190 | Q5: =ROUND($V$6*S5,0) -> 574 | R5: 3 | S5: =VLOOKUP(K5, rpacoreratio, 3, FALSE)*VLOOKUP(K5, rpacoreratio, 8, FALSE) -> 0.011484624 | U5: STAR grant | V5: =[3]RPA_Kris!D4 -> 3350000
F6: 10242 | G6: Philippines | H6: B0428 | I6: Outcome 1.1_CORE | J6: Contractual Services | K6: 71400 | L6: Contractual Services - Individ | M6: =ROUND(M$2*$Q6,0) -> 0 | N6: =ROUND(N$2*$Q6,0) -> 2999 | O6: =ROUND(O$2*$Q6,0) -> 2911 | P6: =Q6-SUM(M6:O6) -> 2910 | Q6: =ROUND($V$6*S6,0) -> 8820 | R6: 5 | S6: =VLOOKUP(K6, rpacoreratio, 3, FALSE)*VLOOKUP(K6, rpacoreratio, 8, FALSE) -> 0.17640953 | U6: CORE non-grant | V6: =[3]RPA_Kris!D5 -> 50000
F7: 10242 | G7: Philippines | H7: B0428 | I7: Outcome 1.1_CORE | J7: Travel | K7: 71600 | L7: Travel | M7: =ROUND(M$2*$Q7,0) -> 0 | N7: =ROUND(N$2*$Q7,0) -> 319 | O7: =ROUND(O$2*$Q7,0) -> 310 | P7: =Q7-SUM(M7:O7) -> 309 | Q7: =ROUND($V$6*S7,0) -> 938 | R7: 7 | S7: =VLOOKUP(K7, rpacoreratio, 3, FALSE)*VLOOKUP(K7, rpacoreratio, 8, FALSE) -> 0.018765823 | U7: STAR non-grant | V7: =[3]RPA_Kris!D6 -> 1173317
F8: 10242 | G8: Philippines | H8: B0428 | I8: Outcome 1.1_CORE | J8: Office Supplies | K8: 72500 | L8: Supplies | M8: =ROUND(M$2*$Q8,0) -> 0 | N8: =ROUND(N$2*$Q8,0) -> 12 | O8: =ROUND(O$2*$Q8,0) -> 12 | P8: =Q8-SUM(M8:O8) -> 12 | Q8: =ROUND($V$6*S8,0) -> 36 | R8: 10 | S8: =VLOOKUP(K8, rpacoreratio, 3, FALSE)*VLOOKUP(K8, rpacoreratio, 8, FALSE) -> 0.0007250959 | V8: =SUM(V4:V7) -> 5030135.2
F9: 10242 | G9: Philippines | H9: B0428 | I9: Outcome 1.1_CORE | J9: Trainings, Workshops, Meetings | K9: 75700 | L9: Training, Workshops and Confer | M9: =ROUND(M$2*$Q9,0) -> 0 | N9: =ROUND(N$2*$Q9,0) -> 63 | O9: =ROUND(O$2*$Q9,0) -> 61 | P9: =Q9-SUM(M9:O9) -> 60 | Q9: =ROUND($V$6*S9,0) -> 184 | R9: 6 | S9: =VLOOKUP(K9, rpacoreratio, 3, FALSE)*VLOOKUP(K9, rpacoreratio, 8, FALSE) -> 0.0036708274
F10: 10242 | G10: Philippines | H10: B0428 | I10: Outcome 1.1_CORE | J10: Salaries and Benefits | K10: 61200 | L10: Salaries Costs - GS Staff | M10: =ROUND(M$2*$Q10,0) -> 0 | N10: =ROUND(N$2*$Q10,0) -> 0 | O10: =ROUND(O$2*$Q10,0) -> 0 | P10: =Q10-SUM(M10:O10) -> 0 | Q10: =ROUND($V$6*S10,0) -> 0 | R10: 4 | S10: =VLOOKUP(K10, rpacoreratio, 3, FALSE)*VLOOKUP(K10, rpacoreratio, 8, FALSE) -> 0
F11: 10242 | G11: Philippines | H11: B0428 | I11: Outcome 1.1_CORE | J11: Salaries and Benefits | K11: 61300 | L11: Salary & Post Adj Cst-IP Staff | M11: =ROUND(M$2*$Q11,0) -> 0 | N11: =ROUND(N$2*$Q11,0) -> 0 | O11: =ROUND(O$2*$Q11,0) -> 0 | P11: =Q11-SUM(M11:O11) -> 0 | Q11: =ROUND($V$6*S11,0) -> 0 | R11: 4 | S11: =VLOOKUP(K11, rpacoreratio, 3, FALSE)*VLOOKUP(K11, rpacoreratio, 8, FALSE) -> 0
C12: Total UNDP | M12: =SUM(M4:M11) -> 0 | N12: =SUM(N4:N11) -> 3588 | O12: =SUM(O4:O11) -> 3483 | P12: =SUM(P4:P11) -> 3481 | Q12: =SUM(Q4:Q11) -> 10552
B13: Total Outcome 1.1. Enabling environment strengthened for effective community-driven integrated approaches_CORE | M13: =M12 -> 0 | N13: =N12 -> 3588 | O13: =O12 -> 3483 | P13: =P12 -> 3481 | Q13: =Q12 -> 10552
B14: Outcome 1.1. Enabling environment strengthened for effective community-driven integrated approaches_STAR | C14: UNDP | D14: 62000 | E14: 10003 | F14: 10242 | G14: Philippines | H14: B0428 | I14: Outcome 1.1_STAR | J14: International Consultants | K14: 71200 | L14: International Consultants | M14: =ROUND(M$2*$Q14,0) -> 0 | N14: =ROUND(N$2*$Q14,0) -> 0 | O14: =ROUND(O$2*$Q14,0) -> 0 | P14: =Q14-SUM(M14:O14) -> 0 | Q14: =ROUND($V$7*S14,0) -> 0 | R14: 2 | S14: =VLOOKUP(K14, rpastarratio, 3, FALSE)*VLOOKUP(K14, rpastarratio, 8, FALSE) -> 0
F15: 10242 | G15: Philippines | H15: B0428 | I15: Outcome 1.1_STAR | J15: Local Consultants | K15: 71300 | L15: Local Consultants | M15: =ROUND(M$2*$Q15,0) -> 0 | N15: =ROUND(N$2*$Q15,0) -> 4582 | O15: =ROUND(O$2*$Q15,0) -> 4447 | P15: =Q15-SUM(M15:O15) -> 4446 | Q15: =ROUND($V$7*S15,0) -> 13475 | R15: 3 | S15: =VLOOKUP(K15, rpastarratio, 3, FALSE)*VLOOKUP(K15, rpastarratio, 8, FALSE) -> 0.011484624
F16: 10242 | G16: Philippines | H16: B0428 | I16: Outcome 1.1_STAR | J16: Contractual Services | K16: 71400 | L16: Contractual Services - Individ | M16: =ROUND(M$2*$Q16,0) -> 0 | N16: =ROUND(N$2*$Q16,0) -> 70375 | O16: =ROUND(O$2*$Q16,0) -> 68305 | P16: =Q16-SUM(M16:O16) -> 68304 | Q16: =ROUND($V$7*S16,0) -> 206984 | R16: 5 | S16: =VLOOKUP(K16, rpastarratio, 3, FALSE)*VLOOKUP(K16, rpastarratio, 8, FALSE) -> 0.17640953
F17: 10242 | G17: Philippines | H17: B0428 | I17: Outcome 1.1_STAR | J17: Travel | K17: 71600 | L17: Travel | M17: =ROUND(M$2*$Q17,0) -> 0 | N17: =ROUND(N$2*$Q17,0) -> 7486 | O17: =ROUND(O$2*$Q17,0) -> 7266 | P17: =Q17-SUM(M17:O17) -> 7266 | Q17: =ROUND($V$7*S17,0) -> 22018 | R17: 7 | S17: =VLOOKUP(K17, rpastarratio, 3, FALSE)*VLOOKUP(K17, rpastarratio, 8, FALSE) -> 0.018765823
F18: 10242 | G18: Philippines | H18: B0428 | I18: Outcome 1.1_STAR | J18: Office Supplies | K18: 72500 | L18: Supplies | M18: =ROUND(M$2*$Q18,0) -> 0 | N18: =ROUND(N$2*$Q18,0) -> 289 | O18: =ROUND(O$2*$Q18,0) -> 281 | P18: =Q18-SUM(M18:O18) -> 281 | Q18: =ROUND($V$7*S18,0) -> 851 | R18: 10 | S18: =VLOOKUP(K18, rpastarratio, 3, FALSE)*VLOOKUP(K18, rpastarratio, 8, FALSE) -> 0.0007250959
F19: 10242 | G19: Philippines | H19: B0428 | I19: Outcome 1.1_STAR | J19: Trainings, Workshops, Meetings | K19: 75700 | L19: Training, Workshops and Confer | M19: =ROUND(M$2*$Q19,0) -> 0 | N19: =ROUND(N$2*$Q19,0) -> 1464 | O19: =ROUND(O$2*$Q19,0) -> 1421 | P19: =Q19-SUM(M19:O19) -> 1422 | Q19: =ROUND($V$7*S19,0) -> 4307 | R19: 6 | S19: =VLOOKUP(K19, rpastarratio, 3, FALSE)*VLOOKUP(K19, rpastarratio, 8, FALSE) -> 0.0036708274
F20: 10242 | G20: Philippines | H20: B0428 | I20: Outcome 1.1_STAR | J20: Salaries and Benefits | K20: 61200 | L20: Salaries Costs - GS Staff | M20: =ROUND(M$2*$Q20,0) -> 0 | N20: =ROUND(N$2*$Q20,0) -> 0 | O20: =ROUND(O$2*$Q20,0) -> 0 | P20: =Q20-SUM(M20:O20) -> 0 | Q20: =ROUND($V$7*S20,0) -> 0 | R20: 4 | S20: =VLOOKUP(K20, rpastarratio, 3, FALSE)*VLOOKUP(K20, rpastarratio, 8, FALSE) -> 0
F21: 10242 | G21: Philippines | H21: B0428 | I21: Outcome 1.1_STAR | J21: Salaries and Benefits | K21: 61300 | L21: Salary & Post Adj Cst-IP Staff | M21: =ROUND(M$2*$Q21,0) -> 0 | N21: =ROUND(N$2*$Q21,0) -> 0 | O21: =ROUND(O$2*$Q21,0) -> 0 | P21: =Q21-SUM(M21:O21) -> 0 | Q21: =ROUND($V$7*S21,0) -> 0 | R21: 4 | S21: =VLOOKUP(K21, rpastarratio, 3, FALSE)*VLOOKUP(K21, rpastarratio, 8, FALSE) -> 0
C22: Total UNDP | M22: =SUM(M14:M21) -> 0 | N22: =SUM(N14:N21) -> 84196 | O22: =SUM(O14:O21) -> 81720 | P22: =SUM(P14:P21) -> 81719 | Q22: =SUM(Q14:Q21) -> 247635
B23: Total Outcome 1.1. Enabling environment strengthened for effective community-driven integrated approaches_STAR | M23: =M22 -> 0 | N23: =N22 -> 84196 | O23: =O22 -> 81720 | P23: =P22 -> 81719 | Q23: =Q22 -> 247635
A24: Total Component 1 | M24: =M13+M23 -> 0 | N24: =N13+N23 -> 87784 | O24: =O13+O23 -> 85203 | P24: =P13+P23 -> 85200 | Q24: =Q13+Q23 -> 258187
A25: Component 2: Demand-driven grants to CSOs/CBOs (Grants) | B25: Outcome 2.1. Landscape-seascape strategic objectives advanced through community-led grants._CORE | C25: UNDP | D25: 62000 | E25: 10003 | F25: 10242 | G25: Philippines | H25: B0428 | I25: Outcome 2.1_CORE | J25: International Consultants | K25: 71200 | L25: International Consultants | M25: =ROUND(M$2*$Q25,0) -> 0 | N25: =ROUND(N$2*$Q25,0) -> 0 | O25: =ROUND(O$2*$Q25,0) -> 0 | P25: =Q25-SUM(M25:O25) -> 0 | Q25: =ROUND($V$6*S25,0) -> 0 | R25: 2 | S25: =VLOOKUP(K25, rpacoreratio, 4, FALSE)*VLOOKUP(K25, rpacoreratio, 8, FALSE) -> 0
F26: 10242 | G26: Philippines | H26: B0428 | I26: Outcome 2.1_CORE | J26: Local Consultants | K26: 71300 | L26: Local Consultants | M26: =ROUND(M$2*$Q26,0) -> 0 | N26: =ROUND(N$2*$Q26,0) -> 188 | O26: =ROUND(O$2*$Q26,0) -> 182 | P26: =Q26-SUM(M26:O26) -> 183 | Q26: =ROUND($V$6*S26,0) -> 553 | R26: 3 | S26: =VLOOKUP(K26, rpacoreratio, 4, FALSE)*VLOOKUP(K26, rpacoreratio, 8, FALSE) -> 0.01105183
F27: 10242 | G27: Philippines | H27: B0428 | I27: Outcome 2.1_CORE | J27: Contractual Services | K27: 71400 | L27: Contractual Services - Individ | M27: =ROUND(M$2*$Q27,0) -> 0 | N27: =ROUND(N$2*$Q27,0) -> 2878 | O27: =ROUND(O$2*$Q27,0) -> 2793 | P27: =Q27-SUM(M27:O27) -> 2793 | Q27: =ROUND($V$6*S27,0) -> 8464 | R27: 5 | S27: =VLOOKUP(K27, rpacoreratio, 4, FALSE)*VLOOKUP(K27, rpacoreratio, 8, FALSE) -> 0.16928577
F28: 10242 | G28: Philippines | H28: B0428 | I28: Outcome 2.1_CORE | J28: Travel | K28: 71600 | L28: Travel | M28: =ROUND(M$2*$Q28,0) -> 0 | N28: =ROUND(N$2*$Q28,0) -> 139 | O28: =ROUND(O$2*$Q28,0) -> 135 | P28: =Q28-SUM(M28:O28) -> 136 | Q28: =ROUND($V$6*S28,0) -> 410 | R28: 7 | S28: =VLOOKUP(K28, rpacoreratio, 4, FALSE)*VLOOKUP(K28, rpacoreratio, 8, FALSE) -> 0.0082070753
F29: 10242 | G29: Philippines | H29: B0428 | I29: Outcome 2.1_CORE | J29: Office Supplies | K29: 72500 | L29: Supplies | M29: =ROUND(M$2*$Q29,0) -> 0 | N29: =ROUND(N$2*$Q29,0) -> 12 | O29: =ROUND(O$2*$Q29,0) -> 12 | P29: =Q29-SUM(M29:O29) -> 11 | Q29: =ROUND($V$6*S29,0) -> 35 | R29: 10 | S29: =VLOOKUP(K29, rpacoreratio, 4, FALSE)*VLOOKUP(K29, rpacoreratio, 8, FALSE) -> 0.00069784685
F30: 10242 | G30: Philippines | H30: B0428 | I30: Outcome 2.1_CORE | J30: Trainings, Workshops, Meetings | K30: 75700 | L30: Training, Workshops and Confer | M30: =ROUND(M$2*$Q30,0) -> 0 | N30: =ROUND(N$2*$Q30,0) -> 60 | O30: =ROUND(O$2*$Q30,0) -> 58 | P30: =Q30-SUM(M30:O30) -> 59 | Q30: =ROUND($V$6*S30,0) -> 177 | R30: 6 | S30: =VLOOKUP(K30, rpacoreratio, 4, FALSE)*VLOOKUP(K30, rpacoreratio, 8, FALSE) -> 0.0035324634
F31: 10242 | G31: Philippines | H31: B0428 | I31: Outcome 2.1_CORE | J31: Salaries and Benefits | K31: 61200 | L31: Salaries Costs - GS Staff | M31: =ROUND(M$2*$Q31,0) -> 0 | N31: =ROUND(N$2*$Q31,0) -> 0 | O31: =ROUND(O$2*$Q31,0) -> 0 | P31: =Q31-SUM(M31:O31) -> 0 | Q31: =ROUND($V$6*S31,0) -> 0 | R31: 4 | S31: =VLOOKUP(K31, rpacoreratio, 4, FALSE)*VLOOKUP(K31, rpacoreratio, 8, FALSE) -> 0
F32: 10242 | G32: Philippines | H32: B0428 | I32: Outcome 2.1_CORE | J32: Salaries and Benefits | K32: 61300 | L32: Salary & Post Adj Cst-IP Staff | M32: =ROUND(M$2*$Q32,0) -> 0 | N32: =ROUND(N$2*$Q32,0) -> 0 | O32: =ROUND(O$2*$Q32,0) -> 0 | P32: =Q32-SUM(M32:O32) -> 0 | Q32: =ROUND($V$6*S32,0) -> 0 | R32: 4 | S32: =VLOOKUP(K32, rpacoreratio, 4, FALSE)*VLOOKUP(K32, rpacoreratio, 8, FALSE) -> 0
F33: 10242 | G33: Philippines | H33: B0428 | I33: Outcome 2.1_CORE | J33: Grants | K33: 72600 | L33: Grants | M33: =ROUND(M$1*$Q33, 0) -> 0 | N33: =ROUND(N$1*$Q33, 0) -> 182727 | O33: =ROUND(O$1*$Q33, 0) -> 182727 | P33: =Q33-SUM(M33:O33) -> 91364.18 | Q33: =V4 -> 456818.18 | R33: 1 | S33: =VLOOKUP(K33, rpacoreratio, 4, FALSE)*VLOOKUP(K33, rpacoreratio, 8, FALSE) -> 0
C34: Total UNDP | M34: =SUM(M25:M33) -> 0 | N34: =SUM(N25:N33) -> 186004 | O34: =SUM(O25:O33) -> 185907 | P34: =SUM(P25:P33) -> 94546.18 | Q34: =SUM(Q25:Q33) -> 466457.18
B35: Total Outcome 2.1. Landscape-seascape strategic objectives advanced through community-led grants._CORE | M35: =M34 -> 0 | N35: =N34 -> 186004 | O35: =O34 -> 185907 | P35: =P34 -> 94546.18 | Q35: =Q34 -> 466457.18
B36: Outcome 2.1. Landscape-seascape strategic objectives advanced through community-led grants._STAR | C36: UNDP | D36: 62000 | E36: 10003 | F36: 10242 | G36: Philippines | H36: B0428 | I36: Outcome 2.1_STAR | J36: International Consultants | K36: 71200 | L36: International Consultants | M36: =ROUND(M$2*$Q36,0) -> 0 | N36: =ROUND(N$2*$Q36,0) -> 0 | O36: =ROUND(O$2*$Q36,0) -> 0 | P36: =Q36-SUM(M36:O36) -> 0 | Q36: =ROUND($V$7*S36,0) -> 0 | R36: 2 | S36: =VLOOKUP(K36, rpastarratio, 4, FALSE)*VLOOKUP(K36, rpastarratio, 8, FALSE) -> 0
F37: 10242 | G37: Philippines | H37: B0428 | I37: Outcome 2.1_STAR | J37: Local Consultants | K37: 71300 | L37: Local Consultants | M37: =ROUND(M$2*$Q37,0) -> 0 | N37: =ROUND(N$2*$Q37,0) -> 4409 | O37: =ROUND(O$2*$Q37,0) -> 4279 | P37: =Q37-SUM(M37:O37) -> 4279 | Q37: =ROUND($V$7*S37,0) -> 12967 | R37: 3 | S37: =VLOOKUP(K37, rpastarratio, 4, FALSE)*VLOOKUP(K37, rpastarratio, 8, FALSE) -> 0.01105183
F38: 10242 | G38: Philippines | H38: B0428 | I38: Outcome 2.1_STAR | J38: Contractual Services | K38: 71400 | L38: Contractual Services - Individ | M38: =ROUND(M$2*$Q38,0) -> 0 | N38: =ROUND(N$2*$Q38,0) -> 67533 | O38: =ROUND(O$2*$Q38,0) -> 65547 | P38: =Q38-SUM(M38:O38) -> 65546 | Q38: =ROUND($V$7*S38,0) -> 198626 | R38: 5 | S38: =VLOOKUP(K38, rpastarratio, 4, FALSE)*VLOOKUP(K38, rpastarratio, 8, FALSE) -> 0.16928577
F39: 10242 | G39: Philippines | H39: B0428 | I39: Outcome 2.1_STAR | J39: Travel | K39: 71600 | L39: Travel | M39: =ROUND(M$2*$Q39,0) -> 0 | N39: =ROUND(N$2*$Q39,0) -> 3274 | O39: =ROUND(O$2*$Q39,0) -> 3178 | P39: =Q39-SUM(M39:O39) -> 3178 | Q39: =ROUND($V$7*S39,0) -> 9630 | R39: 7 | S39: =VLOOKUP(K39, rpastarratio, 4, FALSE)*VLOOKUP(K39, rpastarratio, 8, FALSE) -> 0.0082070753
F40: 10242 | G40: Philippines | H40: B0428 | I40: Outcome 2.1_STAR | J40: Office Supplies | K40: 72500 | L40: Supplies | M40: =ROUND(M$2*$Q40,0) -> 0 | N40: =ROUND(N$2*$Q40,0) -> 278 | O40: =ROUND(O$2*$Q40,0) -> 270 | P40: =Q40-SUM(M40:O40) -> 271 | Q40: =ROUND($V$7*S40,0) -> 819 | R40: 10 | S40: =VLOOKUP(K40, rpastarratio, 4, FALSE)*VLOOKUP(K40, rpastarratio, 8, FALSE) -> 0.00069784685
F41: 10242 | G41: Philippines | H41: B0428 | I41: Outcome 2.1_STAR | J41: Trainings, Workshops, Meetings | K41: 75700 | L41: Training, Workshops and Confer | M41: =ROUND(M$2*$Q41,0) -> 0 | N41: =ROUND(N$2*$Q41,0) -> 1409 | O41: =ROUND(O$2*$Q41,0) -> 1368 | P41: =Q41-SUM(M41:O41) -> 1368 | Q41: =ROUND($V$7*S41,0) -> 4145 | R41: 6 | S41: =VLOOKUP(K41, rpastarratio, 4, FALSE)*VLOOKUP(K41, rpastarratio, 8, FALSE) -> 0.0035324634
F42: 10242 | G42: Philippines | H42: B0428 | I42: Outcome 2.1_STAR | J42: Salaries and Benefits | K42: 61200 | L42: Salaries Costs - GS Staff | M42: =ROUND(M$2*$Q42,0) -> 0 | N42: =ROUND(N$2*$Q42,0) -> 0 | O42: =ROUND(O$2*$Q42,0) -> 0 | P42: =Q42-SUM(M42:O42) -> 0 | Q42: =ROUND($V$7*S42,0) -> 0 | R42: 4 | S42: =VLOOKUP(K42, rpastarratio, 4, FALSE)*VLOOKUP(K42, rpastarratio, 8, FALSE) -> 0
F43: 10242 | G43: Philippines | H43: B0428 | I43: Outcome 2.1_STAR | J43: Salaries and Benefits | K43: 61300 | L43: Salary & Post Adj Cst-IP Staff | M43: =ROUND(M$2*$Q43,0) -> 0 | N43: =ROUND(N$2*$Q43,0) -> 0 | O43: =ROUND(O$2*$Q43,0) -> 0 | P43: =Q43-SUM(M43:O43) -> 0 | Q43: =ROUND($V$7*S43,0) -> 0 | R43: 4 | S43: =VLOOKUP(K43, rpastarratio, 4, FALSE)*VLOOKUP(K43, rpastarratio, 8, FALSE) -> 0
F44: 10242 | G44: Philippines | H44: B0428 | I44: Outcome 2.1_STAR | J44: Grants | K44: 72600 | L44: Grants | M44: =ROUND(M$1*$Q44,0) -> 0 | N44: =ROUND(N$1*$Q44,0) -> 1340000 | O44: =ROUND(O$1*$Q44,0) -> 1340000 | P44: =Q44-SUM(M44:O44) -> 670000 | Q44: =ROUND(V5,0) -> 3350000 | R44: 1 | S44: =VLOOKUP(K44, rpastarratio, 4, FALSE)*VLOOKUP(K44, rpastarratio, 8, FALSE) -> 0
C45: Total UNDP | M45: =SUM(M36:M44) -> 0 | N45: =SUM(N36:N44) -> 1416903 | O45: =SUM(O36:O44) -> 1414642 | P45: =SUM(P36:P44) -> 744642 | Q45: =SUM(Q36:Q44) -> 3576187
B46: Total Outcome 2.1. Landscape-seascape strategic objectives advanced through community-led grants._STAR | M46: =M45 -> 0 | N46: =N45 -> 1416903 | O46: =O45 -> 1414642 | P46: =P45 -> 744642 | Q46: =Q45 -> 3576187
A47: Total Component 2 | M47: =M35+M46 -> 0 | N47: =N35+N46 -> 1602907 | O47: =O35+O46 -> 1600549 | P47: =P35+P46 -> 839188.18 | Q47: =Q35+Q46 -> 4042644.2
